Workbook
Name Afectación_Económica: '3 PROBABIL E IMPACTO INHERENTE'!$X$9:$X$14
Name Definicion_tratamiento: '11 FORMULAS'!#REF!
Name E_Relaciones_Laborales: '11 FORMULAS'!$C$12:$C$17
Name Ejecución_administración_de_procesos: Tabla2[Ejecución_administración_de_procesos]
Name Evento_externo: '11 FORMULAS'!$F$39:$F$42
Name F_Usuarios_Productos_y_Prácticas_Organizacionales: '11 FORMULAS'!$C$18:$C$23
Name Fiscal: '11 FORMULAS'!$B$32:$B$35
Name Fiscal_A: '11 FORMULAS'!#REF!
Name Fiscal_B: '11 FORMULAS'!#REF!
Name G_Daños_Activos_Físicos: '11 FORMULAS'!$C$24:$C$26
Name Gestión: '11 FORMULAS'!$A$32:$A$34
Name Gestiòn: '11 FORMULAS'!#REF!
Name Gestión_A: '11 FORMULAS'!#REF!
Name Gestión_B: '11 FORMULAS'!#REF!
Name IMPACTO_PROCESOS: '[1]LISTAS FORMULAS'!$C$3:$C$7
Name IMPACTO_PROCESOS: '[1]LISTAS FORMULAS'!$C$3:$C$7
Name IMPACTO_PROCESOS: '[1]LISTAS FORMULAS'!$C$3:$C$7
Name IMPACTO_PROCESOS: '[1]LISTAS FORMULAS'!$C$3:$C$7
Name IMPACTO_PROCESOS: '[1]LISTAS FORMULAS'!$C$3:$C$7
Name IMPACTO_PROCESOS: '[1]LISTAS FORMULAS'!$C$3:$C$7
Name Infraestructura: '11 FORMULAS'!$E$39:$E$42
Name Integridad_Pública_Corrupción: '11 FORMULAS'!$D$32:$D$34
Name Integridad_Pública_LA_FT_FP: '11 FORMULAS'!$E$32:$E$34
Name IntegridadPública_Corrupción: '11 FORMULAS'!#REF!
Name IntegridadPública_LA_FT_FP: '11 FORMULAS'!#REF!
Name opciones: '[1]LISTAS FORMULAS'!$F$3:$F$4
Name opciones: '[1]LISTAS FORMULAS'!$F$3:$F$4
Name opciones: '[1]LISTAS FORMULAS'!$F$3:$F$4
Name opciones: '[1]LISTAS FORMULAS'!$F$3:$F$4
Name opciones: '[1]LISTAS FORMULAS'!$F$3:$F$4
Name opciones: '[1]LISTAS FORMULAS'!$F$3:$F$4
Name opciones2: '[1]LISTAS FORMULAS'!$G$3:$G$5
Name opciones2: '[1]LISTAS FORMULAS'!$G$3:$G$5
Name opciones2: '[1]LISTAS FORMULAS'!$G$3:$G$5
Name opciones2: '[1]LISTAS FORMULAS'!$G$3:$G$5
Name opciones2: '[1]LISTAS FORMULAS'!$G$3:$G$5
Name opciones2: '[1]LISTAS FORMULAS'!$G$3:$G$5
Name Plan_accion: '11 FORMULAS'!#REF!
Name Plan_acción: '11 FORMULAS'!#REF!
Name Plan_de_acción: '11 FORMULAS'!#REF!
Name Posibilidad__de_efecto_dañoso_sobre_el_interes_patrimonial: '11 FORMULAS'!#REF!
Name Posibilidad_de_pérdida_Económica: '11 FORMULAS'!#REF!
Name Quince_Cero: '[1]LISTAS FORMULAS'!$F$14:$F$15
Name Quince_Cero: '[1]LISTAS FORMULAS'!$F$14:$F$15
Name Quince_Cero: '[1]LISTAS FORMULAS'!$F$14:$F$15
Name Quince_Cero: '[1]LISTAS FORMULAS'!$F$14:$F$15
Name Quince_Cero: '[1]LISTAS FORMULAS'!$F$14:$F$15
Name Quince_Cero: '[1]LISTAS FORMULAS'!$F$14:$F$15
Name Rango_Calificacion_Ejecucion: '[1]LISTAS FORMULAS'!$H$3:$H$5
Name Rango_Calificacion_Ejecucion: '[1]LISTAS FORMULAS'!$H$3:$H$5
Name Rango_Calificacion_Ejecucion: '[1]LISTAS FORMULAS'!$H$3:$H$5
Name Rango_Calificacion_Ejecucion: '[1]LISTAS FORMULAS'!$H$3:$H$5
Name Rango_Calificacion_Ejecucion: '[1]LISTAS FORMULAS'!$H$3:$H$5
Name Rango_Calificacion_Ejecucion: '[1]LISTAS FORMULAS'!$H$3:$H$5
Name Reducir_mitigar_Transferir_Evitar: '8 MAPA RIESGOS'!$AJ$15:$AJ$17
Name Reputacional: '3 PROBABIL E IMPACTO INHERENTE'!$Y$9:$Y$14
Name Requiere_Plan_de_Acción: '8 MAPA RIESGOS'!$AJ$15:$AJ$17
Name Seg.Información: '11 FORMULAS'!#REF!
Name Seguridad_Información: '11 FORMULAS'!$C$32:$C$34
Name Talento_Humano: '11 FORMULAS'!$C$39:$C$42

Sheet 1 INSTRUCTIVO
B2: Matriz Mapa de Riesgos
B4: Con la expedición del Decreto 1499 de 2017 “Por medio del cual se modifica el Decreto 1083 de 2015, Decreto Único Reglamentario del Sector Función Pública, en lo relacionado con el Sistema de Gestión establecido en el artículo 133 de la Ley 1753 de 2015”, se crea un solo Sistema de Gestión y se alinea con el Sistema de Control Interno, hoy todas las entidades públicas requieren actualizar y/o implementar el Modelo Integrado de Planeación y Gestión MIPG, modelo que incorpora el Modelo Estándar de Control Interno MECI a través de la 7a dimensión del mismo. En este marco general, el proceso de administración del riesgo es un esfuerzo conjunto entre la Alta Dirección y los servidores en todos sus niveles, ejercicio que inicia con la formulación de la política de Administración del Riesgo, la cual incluye los niveles de responsabilidad frente al seguimiento y evaluación, aspectos que deberán definirse acorde con el Esquema de Líneas de Defensa vinculado a la Dimensión 7. Teniendo en cuenta lo anterior y dada la necesidad de las entidades frente a la estructuración de los mapas de riesgos, como herramienta fundamental frente a la gestión del riesgo, el presente formato desarrolla un esquema completo acorde con los contenidos metodológicos de la Guía para la Administración del Riesgo y el diseño de controles V5. El formato cuenta con celdas parametrizadas y permite contar con los respectivos mapas de calor para riesgo inherente y riesgo residual.
B6: Orientaciones Generales
B7: Antes de iniciar con el diligenciamiento de la información en la matriz, se requiere haber avanzado en el análisis del proceso, su objetivo, alcance, actividades clave, considere los lineamientos establecidos en el Paso 2: identificación del riesgo, donde se explica ampliamente las bases para adelantar este análisis. Así mismo, considere en el Paso 3: valoración del riesgo los lineamientos para definir el No. de veces que se hace la actividad con la cual se relaciona el riesgo y su impacto en términos económicos o reputacionales. En este mismo paso se analizan los controles que deben responder a los atributos de eficiencia e informativos.
B9: Las hojas se encuentran protegidas para evidar dañar las formulas, para desprotegerlas no se requiere contraseña
B11: Se debe ingresar información solo en las celdas identificadas con color NARANJA CLARO, las demás contienen formulas de autollenado
B13: El formato de fecha es: DD/MM/AAAA
B15: El archivo contiene las siguientes hojas:
B17: 1 INSTRUCTIVO: Identifica el contenido del archivo y su funcionalidad
B19: 2 CONTEXTO E IDENTIFICACIÓN: Se establece el Número, Descripción y Factor del riesgo
C21: Columna | E21: Descripción - Lineamientos para el diligenciamiento
C22: Proceso | E22: Diligencie el nombre del proceso al cual se le identificarán y valorarán los riesgos.
C23: Objetivo del Proceso | E23: Diligencie el objetivo del proceso.
C24: Elaboración o Actualización: | E24: Fecha en la que realiza el diligenciamiento o actualización del mapa de riesgos, formato (DD/MM/AAAA)
C25: Vigencia: | E25: Vigencia que tiene el mapa de riesgos fecha inicio fecha final, formato (DD/MM/AAAA)
C26: No. de Riesgo | E26: Permite definir unl consecutivo de riesgos. Una entidad puede ir en el riesgo 150, pero tener 70 riesgos, lo que permite llevar una traza de los riesgos. Esta información la debe administrar la oficina asesora de planeación o gerencia de riesgos. Cuando un el riesgo salga del mapa no existirá otro riesgo con el mismo número.
C27: ¿QUÉ? IMPACTO | E27: Analice las consecuencias que puede ocasionar a la organización la materialización del riesgo, Seleccione de la lista desplegable entre: Posibilidad de pérdida Económica Posibilidad de pérdida Reputacional Posibilidad de pérdida Económica y Reputacional
C28: ¿CÓMO? CAUSA INMEDIATA | E28: Circunstancias bajo las cuales se presenta el riesgo, es la situación más evidente frente al riesgo, redacte de la forma más concreta posible. (Iniciar con la palabra por)
C29: ¿PORQUÉ? CAUSA RAÍZ | E29: Causa principal o básica, corresponde a las razones por la cuales se puede presentar el riesgo, redacte de la forma más concreta posible. (Iniciar con debido a)
C30: DESCRIPCIÓN DEL RIESGO | E30: Consolida o resume los análisis sobre impacto + causa inmediata + causa raíz, permitiendo contar con una redacción clara y concreta del riesgo indentificado. Tenga en cuenta la estructura de alto nivel establecida en al guía, inicia con POSIBILIDAD DE + Impacto para la entidad (Qué) + Causa Inmediata (Cómo) + Causa Raíz (Por qué) (Se genera automáticamente)
C31: FACTOR DEL RIESGO / TIPO | E31: Seleccione de la lista desplegable entre las opiciones: A_Ejecución_y_Administración_de_procesos B_Fraude_Externo C_Fraude_Interno D_Fallas_Tecnológicas E_Relaciones_Laborales F_Usuarios_Productos_y_Prácticas_Organizacionales G_Daños_Activos_Físicos
C32: FACTOR DEL RIESGO / SELECCIONE FUENTE GENERADORA DEL EVENTO PARA TIPO E,F,G | E32: Si en TIPO seleccioneó las opiciones: E_Relaciones_Laborales F_Usuarios_Productos_y_Prácticas_Organizacionales G_Daños_Activos_Físicos Debe definir la fuente generadora de la lista desplegable
C33: RESULTADO FUENTE GENERADORA DEL EVENTO | E33: Se rellena automáticamente según lo seleccinado de FACTOR DEL RIESGO
B35: 3 PROBABIL E IMPACTO INHERENTE:
C37: Columna | E37: Descripción - Lineamientos para el diligenciamiento
C38: No. veces que realiza la actividad al año | E38: Defina el número de veces que se ejecuta la actividad durante el año, (Recuerde la probabilidad e ocurrencia del riesgo se define como el No. de veces que se pasa por el punto de riesgo en el periodo de 1 año). La matriz automáticamente hará el cálculo para el nivel de probabilidad inherente. La matriz calcula automáticamente: Frecuencia de la Actividad % Probabilidad Nivel Probabilidad
C39: Afectación Económica | E39: Selecciona de la lista desplegable el rango de afectación económica y la matriz calcula: % Nivel
C40: Reputacional | E40: Selecciona de la lista desplegable el rango de afectación reputacional y la matriz calcula: % Nivel
C41: Resultado / Porcentaje de Impacto / Nivel de Impacto | E41: Se calcula automáticamente según la información de afectación económica y reputacional
B43: 4 MAPA CALOR INHERENTE: Representación gráfica de la ubicación de cada riesgo inherente en el mapa de calor (En esta hoja no se ingresan datos)
B45: 5 VALORACIÓN DEL CONTROL: Se realiza la descripción y atributos del control, calcula automáticamente el Valor Total del Control, Probabilidad residual e Impacto Residual
C47: Columna | E47: Descripción - Lineamientos para el diligenciamiento
C48: Descripción del Control | E48: Recuerde que el control se define como la medida que permite reducir o mitigar un riesgo. Defina el control (es) que atacan la causa raíz del riesgo, considere la estructura explicada en la guía: Responsable de ejecutar el control + Acción + Complemento
C49: Tipo de control | E49: Debe seleccionar de lista desplegable entre: Preventivo Detectivo Correctivo
C50: Peso del Control | E50: Se calcula automáticamente según lo seleccionado en Tipo de Control Preventivo: 25 % Detectivo: 15 % Correctivo: 10 %
C51: Afectación o Desplazamiento en la Matriz | E51: Se calcula automáticamente según lo seleccionado en Tipo de Control Preventivo: 25 % Detectivo: 15 % Correctivo: 10 %
C52: Implementación | E52: Debe seleccionar de lista desplegable entre: Automático: 25 % Manual: 15 %
C53: Peso de la implementación | E53: Se calcula automáticamente según lo seleccionado en Implementación Manual Automático
C54: Informativos | E54: Debe seleccionar de listas desplegables Documentación: Documentado - Sin Documentar Frecuencia: Continua - Aleatoria Evidencia: Con registro - Sin registro
C55: Valor Total del Control | E55: Se calcula automáticamente: Peso del Control + Peso de la implementación
C56: Probabilidad residual | E56: Se calcula automáticamente: % Probabilidad Riesgo Inherente-(% Probabilidad Riesgo Inherente*Valor Total del Control)
C57: Impacto Residual | E57: % Impacto Riesgo Inherente-(% Impacto Riesgo Inherente*Valor Total del Control)
B59: 6 MAPA CALOR RESIDUAL: Representación gráfica de la ubicación de cada riesgo residual en el mapa de calor (En esta hoja no se ingresan datos)
B61: 7 MAPA CALOR INHEREN Y RESIDUAL: Comparación gráfica de la ubicación de cada riesgo inherente y residual en el mapa de calor (En esta hoja no se ingresan dados)
B63: 8 MAPA RIESGOS: Establece el Tratamiento, Plan de Acción, Seguimientos por parte del Líder del Proceso, Verificación por parte de segunda línea de defensa o quien haga sus veces, Verificación por parte de la Oficina de Control Interno o quien haga sus veces y el estado de la acción.
C65: Columna | E65: Descripción - Lineamientos para el diligenciamiento
C66: SEVERIDAD (NIVEL DE RIESGO) | E66: Se calcula automáticamente según CALIFICACIÓN RIESGO RESIDUAL / PROBABILIDAD E IMPACTO
C67: Tratamiento | E67: Se calcula automáticamente según SEVERIDAD (NIVEL DE RIESGO): Extremo, Alto, Moderado: Reducir, mitigar, Transferir, Evitar Bajo: Aceptar
C68: ¿Requiere Plan de Acción? | E68: Se calcula automáticamente según Tratamiento Reducir, mitigar, Transferir, Evitar: Requiere plan de acción Aceptar: No requiere plan de acción
C69: Plan de Acción Descripción de la Acción, basado en el análisis de causas Responsable (Cargo) Fecha de Inicio Fecha de Finalización | E69: Esta casilla dependerá del tratamiento establecido, si es Aceptar no se requieren acciones adicionales, en caso de escoger Reducir (mitigar) se deben diligenciar las acciones que se adelantarán como complemento a los controles establecidos, no necesariamente son controles adicionales. Para Reducir (compartir), es viable diligenciar la acción que deriva de esta (ejemplo póliza seguros, terceración), indicando información relevante.
C70: Seguimientos por parte del Líder del Proceso | E70: Realizar descripción de los seguimientos por parte del proceso
C71: Verificación por parte de segunda línea de defensa o quien haga sus veces (Fecha y Descripción) | E71: Realizar descripción de las verificaciones de la segunda línea de defensa
C72: Verificación por parte de la Oficina de Control Interno o quien haga sus veces (Fecha y Descripción) | E72: Realizar descripción de las verificaciones que realiza Control Interno o quien haga sus veces.
C73: Estado | E73: Utilice la lista de despligue que se encuentra parametrizada, le aparecerán las opciones: Sin Iniciar, En proceso, Cerrado, la selección en este caso dependerá de las acciones del plan que se hayan establecido en cada caso.
B75: 9 RIESGO DEL PROCESO: Calcula el nivel de riesgo del proceso (En esta hoja no se ingresan datos)
B77: 10 CONTROL DE CAMBIOS: En ella se debe registrar los cambios al formato y al contenido del mismo
B79: 11 FORMULAS: La información que contiene se utiliza para realizar operaciones en las demás hojas (En esta hoja no se ingresan datos)
B82: Lista de datos de la matriz:
B85: Hoja | C85: Columna | E85: Descripción - Lineamientos para el diligenciamiento
B86: 2 | C86: Proceso | E86: Diligencie el nombre del proceso al cual se le identificarán y valorarán los riesgos.
B87: 2 | C87: Objetivo del Proceso | E87: Diligencie el objetivo del proceso.
B88: 2 | C88: Elaboración o Actualización: | E88: Fecha en la que realiza el diligenciamiento o actualización del mapa de riesgos, formato (DD/MM/AAAA)
B89: 2 | C89: Vigencia: | E89: Vigencia que tiene el mapa de riesgos fecha inicio fecha final, formato (DD/MM/AAAA)
B90: 2 | C90: No. de Riesgo | E90: Permite definir unl consecutivo de riesgos. Una entidad puede ir en el riesgo 150, pero tener 70 riesgos, lo que permite llevar una traza de los riesgos. Esta información la debe administrar la oficina asesora de planeación o gerencia de riesgos. Cuando un el riesgo salga del mapa no existirá otro riesgo con el mismo número.
B91: 2 | C91: ¿QUÉ? IMPACTO | E91: Analice las consecuencias que puede ocasionar a la organización la materialización del riesgo, Seleccione de la lista desplegable entre: Posibilidad de pérdida Económica Posibilidad de pérdida Reputacional Posibilidad de pérdida Económica y Reputacional
B92: 2 | C92: ¿CÓMO? CAUSA INMEDIATA | E92: Circunstancias bajo las cuales se presenta el riesgo, es la situación más evidente frente al riesgo, redacte de la forma más concreta posible. (Iniciar con la palabra por)
B93: 2 | C93: ¿PORQUÉ? CAUSA RAÍZ | E93: Causa principal o básica, corresponde a las razones por la cuales se puede presentar el riesgo, redacte de la forma más concreta posible. (Iniciar con debido a)
B94: 2 | C94: DESCRIPCIÓN DEL RIESGO | E94: Consolida o resume los análisis sobre impacto + causa inmediata + causa raíz, permitiendo contar con una redacción clara y concreta del riesgo indentificado. Tenga en cuenta la estructura de alto nivel establecida en al guía, inicia con POSIBILIDAD DE + Impacto para la entidad (Qué) + Causa Inmediata (Cómo) + Causa Raíz (Por qué) (Se genera automáticamente)
B95: 2 | C95: FACTOR DEL RIESGO / TIPO | E95: Seleccione de la lista desplegable entre las opiciones: A_Ejecución_y_Administración_de_procesos B_Fraude_Externo C_Fraude_Interno D_Fallas_Tecnológicas E_Relaciones_Laborales F_Usuarios_Productos_y_Prácticas_Organizacionales G_Daños_Activos_Físicos
B96: 2 | C96: FACTOR DEL RIESGO / SELECCIONE FUENTE GENERADORA DEL EVENTO PARA TIPO E,F,G | E96: Si en TIPO seleccioneó las opiciones: E_Relaciones_Laborales F_Usuarios_Productos_y_Prácticas_Organizacionales G_Daños_Activos_Físicos Debe definir la fuente generadora de la lista desplegable
B97: 2 | C97: RESULTADO FUENTE GENERADORA DEL EVENTO | E97: Se rellena automáticamente según lo seleccinado de FACTOR DEL RIESGO
... B119: 8 | C119: Estado | E119: Utilice la lista de despligue que se encuentra parametrizada, le aparecerán las opciones: Sin Iniciar, En proceso, Cerrado, la selección en este caso dependerá de las acciones del plan que se hayan establecido en cada caso.
B126: Archivo creado por:

Sheet 11 FORMULAS
A1: Esta hoja se utiliza para realizar cálculos en las demás, en ella no se ingresan datos | E1: NO REQUIERE CLAVE PARA DESBLOQUEAR LAS HOJAS
B2: FACTOR DEL RIESGO | E2: Eficiencia | K2: Atributos formalización del control | P2: Afectación o Desplazamiento en la Matriz | S2: Tratamiento | U2: ¿QUÉ? IMPACTO | W2: Estado
A3: TIPO | B3: TIPO | C3: FACTOR DEL RIESGO | E3: Tipo de control | F3: Peso del Control | H3: Implementación | I3: Peso de la implementación | K3: Documentación | L3: Frecuencia | M3: Evidencia | N3: Ejecuión | P3: Tipo de control | Q3: Afecta | S3: Reducir | U3: Posibilidad de pérdida Económica | W3: Sin Iniciar
A4: A_Ejecución_y_Administración_de_procesos | B4: A_Ejecución_y_Administración_de_procesos | C4: Procesos | E4: Preventivo | F4: 0.25 | H4: Automático | I4: 0.25 | K4: Procedimientos | L4: Siempre que se ejecuta la actividad | M4: Con registro manual | N4: Interna | P4: Preventivo | Q4: Probabilidad | S4: Mitigar | U4: Posibilidad de pérdida Reputacional | W4: En proceso
A5: B_Fraude_Externo | E5: Detectivo | F5: 0.15 | H5: Manual | I5: 0.15 | K5: Sistemas de información | L5: Periódicamente (diario, mensual, bimestral, trimestral, semestral). | M5: Con registro electrónico | N5: Externa | P5: Detectivo | Q5: Probabilidad | S5: Transferir | U5: Posibilidad de pérdida Económica y Reputacional | W5: Cerrado
A6: C_Fraude_Interno | B6: B_Fraude_Externo | C6: Evento_Externo | E6: Correctivo | F6: 0.1 | K6: Otros Esquemas | N6: Mixta | P6: Correctivo | Q6: Impacto | S6: Aceptar | U6: Posibilidad de pérdida Reputacional y Económica
A7: D_Fallas_Tecnológicas | S7: Evitar
A8: E_Relaciones_Laborales | B8: C_Fraude_Interno | C8: Talento_Humano
A9: F_Usuarios_Productos_y_Prácticas_Organizacionales
A10: G_Daños_Activos_Físicos | B10: D_Fallas_Tecnológicas | C10: Tecnologías
B12: E_Relaciones_Laborales | C12: Procesos
A13: TIPOLOGÍA | C13: Evento_Externo
A14: Gestión | C14: Talento_Humano
A15: Fiscal | C15: Tecnologías
A16: Seg. de la Información | C16: Infraestructura
A17: Integridad Pùblica - Corrupción
A18: Integridad Pùblica - LA/FT/FP | B18: F_Usuarios_Productos_y_Prácticas_Organizacionales | C18: Procesos
C19: Evento_Externo
C20: Talento_Humano
C21: Tecnologías
C22: Infraestructura
B24: G_Daños_Activos_Físicos | C24: Infraestructura
C25: Evento_Externo
A31: Gestión | B31: Fiscal | C31: Seguridad_Información | D31: Integridad_Pública_Corrupción | E31: Integridad_Pública_LA_FT_FP
A32: Posibilidad de afectación económica | B32: Posibilidad de efecto dañoso sobre el recurso público | C32: Posibilidad de perdida de integridad | D32: Posibilidad de pérdida económica | E32: Posibilidad de pérdida económica
A33: Posibilidad de afectación reputacional | B33: Posibilidad de efecto dañoso sobre bienes de uso público | C33: Posibilidad de perdida de confidencialidad | D33: Posibilidad de pérdida reputacional | E33: Posibilidad de pérdida reputacional
A34: Posibilidad de afectación económica y reputacional | B34: Posibilidad de efecto dañoso sobre bienes de uso fiscal | C34: Posibilidad de perdida de disponibilidad | D34: Posibilidad de pérdida económica y reputacional | E34: Posibilidad de pérdida económica y reputacional
B35: Posibilidad de efecto dañoso sobre el interes patrimonial
H37: FACTOR DE RIESGO | I37: Descripción
A38: Ejecución_administración_de_procesos | B38: Transacción_u_Operación_aplica_para_LA_FT_FP | C38: Talento_Humano | D38: Tecnología | E38: Infraestructura | F38: Evento_externo | H38: Ejecución_administración_de_procesos | I38: Eventos relacionados con la ejecución de los procesos y procedimientos determinados para la operación de la entidad, uso de sistemas de información, por errores en las actividades que deben realizar los servidores de la organización. Estructura organizacional que afecta la capacidad organizacional
A39: Falta de aplicación de los procedimientos | B39: Contrapartes de la entidad (naturales o jurídicas) | C39: Fraude interno | D39: Daño de equipos | E39: Derrumbes | F39: Fraude Externo | H39: Transacción_u_Operación_aplica_para_LA_FT_FP | I39: Eventos relacionados con transacciones y Operaciones realizadas por un cliente o usuario, que accede o entrega un bien o servicio a la entidad, a través de los canales dispuestos y en una jurisdicción específica.
A40: Falta segregación de funciones | B40: Productos (bienes o servicios) que oferta/requiere | C40: Soborno | D40: Caída de sistemas de información y aplicaciones | E40: Incendios | F40: Suplantación de identidad | H40: Talento_Humano | I40: Eventos relacionados con las conductas o comportamientos de los empleados que afectan la Integridad Pública
A41: Errores de grabación, autorización | B41: Canales utilizados para la operación | C41: Gestión inadecuada de conflicto de Intereses | D41: Caída de redes | E41: Inundaciones | F41: Asalto a la oficina | H41: Tecnología | I41: Eventos relacionados con la infraestructura tecnológica de la entidad.
A42: Errores en cálculos para pagos internos y externos | B42: Jurisdicciones (nacional o territorial) | C42: Corrupción | D42: Errores en hardware o software | E42: Daños a activos fijos | F42: Atentados, vandalismo, orden público | H42: Infraestructura | I42: Eventos relacionados con la infraestructura física de la entidad.
A43: Falta de supervisión o interventoría | D43: Errores en programas | H43: Evento_externo | I43: Eventos por situaciones externas que afectan la entidad.
A44: Alta rotación o insuficiencia de personal
A45: Acciones contrarias a las leyes o acuerdos de empleo, salud o seguridad en el trabajo
A46: Acciones contrarias a las leyes o acuerdos contractuales
A47: Falta de capacitación y otros temas relacionados con el personal
A50: Características de Eficiencia | C50: Peso | D50: Factor
A51: Tipo | B51: Preventivo | C51: 0.25 | D51: Probabilidad
B52: Detectivo | C52: 0.15 | D52: Probabilidad
B53: Correctivo | C53: 0.1 | D53: Impacto
A54: *Implementación | B54: Automático | C54: 0.25
A55: *Nota: En implementación no se tienen controles semiautomáticos. | B55: Manual | C55: 0.15
A58: Atributos adicionales del control no tienen valoración pero deben cumplir con todos
A59: Características de Eficiencia | C59: Descripción
A60: Documentación | B60: Procedimientos | C60: Basados en la estructura del Modelo de Operación por procesos, despliegue desde cada proceso, sus procedimientos y esquemas asociados, que se encuentren documentados.
B61: Sistemas de información | C61: Sistemas de información de apoyo a la ejecución del control (si existen).
B62: Otros Esquemas | C62: Políticas de operación, manuales o guías específicas.
A63: Frecuencia | B63: Diario | C63: La oportunidad en que se ejecuta el control debe ayudar a prevenir la mitigación del riesgo o a detectar la materialización del riesgo de manera oportuna.
B64: Mensual
B65: Bimestral
B66: Trimestral
B67: Semestral
B68: Anual
B69: Permanente
A70: Evidencia (Trazabilidad de la ejecución) | B70: Con registro manual | C70: Se deja evidencia o rastro de la ejecución del control.
B71: Con registro electrónico
A72: Ejecución (Fuentes de información internas o externas) | B72: Interna | C72: Formatos o registros internos formales.
B73: Externa | C73: Registros externos confiables (extractos bancarios, confirmaciones de autenticidad de documentos, SECOP, SIIF, SIGEP, bases de datos).
B74: Mixta | C74: Combinación de datos de fuentes internas y externas formales.

Sheet 2 CONTEXTO E IDENTIFICACIÓN
A1: MAPA DE RIESGOS
A2: VERSIÓN:
A4: ENTIDAD: | B4: SUPERSOLIDARIA | E4: PROCESO: | F4: PLES | G4: Planeación Estratégica | I4: Elaboración o Actualización: | J4: 46003
A5: OBJETIVO DEL PROCESO: | E5: Vigencia: | F5: Del | G5: 46023 | I5: Al | J5: 46387
A7: No. de Riesgo (Mismo consecutivo para toda la entidad) | B7: FACTOR DEL RIESGO
B8: FACTOR DE RIESGO | C8: SELECCIONE FUENTE GENERADORA DEL EVENTO PARA TIPO E,F,G | D8: VALIDACIÓN FUENTE GENERADORA DEL EVENTO PARA TIPO A,B,C,D | E8: DESCRIPCIÓN DEL TIPO DE FACTOR DE RIESGO | F8: TIPOLOGÍA | G8: ¿QUÉ? IMPACTO | H8: ¿CÓMO? CAUSA INMEDIATA (Iniciar con la palabra por) | I8: ¿PORQUÉ? CAUSA RAÍZ (Iniciar con debido a/a causa de) | J8: DESCRIPCIÓN DEL RIESGO | K8: SUB CAUSAS (Si aplica)
A9: PLES-1 | B9: Ejecución_administración_de_procesos | C9: Falta de aplicación de los procedimientos | D9: =+IF(B9='11 FORMULAS'!$B$4,'11 FORMULAS'!$C$4,IF(B9='11 FORMULAS'!$B$6,'11 FORMULAS'!$C$6,IF(B9='11 FORMULAS'!$B$8,'11 FORMULAS'!$C$8,IF(B9='11 FORMULAS'!$B$10,'11 FORMULAS'!$C$10,"")))) | E9: =+IFERROR(VLOOKUP(B9,Tabla3[],2,0),"") -> Eventos relacionados con la ejecución de los procesos y procedimientos determinados para la operación de la entidad, uso de sistemas de información, por errores en las actividades que deben realizar los servidores de la organización. Estructura organizacional que afecta la capacidad organizacional | F9: Gestión | G9: Posibilidad de afectación reputacional | H9: la toma de decisiones de la alta dirección con información de seguimiento inexacta o no validada del Plan Estratégico Institucional y del Plan de Acción, | I9: de la omisión en la verificación técnica de los reportes presentados por las dependencias. | J9: =(CONCATENATE(Tabla1[[#This Row],[¿QUÉ? IMPACTO]]," ","por",Tabla1[[#This Row],[¿CÓMO? CAUSA INMEDIATA (Iniciar con la palabra por)]]," ","a causa de"," ",Tabla1[[#This Row],[¿PORQUÉ? CAUSA RAÍZ (Iniciar con debido a/a causa de)]])) -> Posibilidad de afectación reputacional porla toma de decisiones de la alta dirección con información de seguimiento inexacta o no validada del Plan Estratégico Institucional y del Plan de Acción, a causa de de la omisión en la verificación técnica de los reportes presentados por las dependencias.
A10: PLES-2 | B10: Ejecución_administración_de_procesos | C10: Falta de aplicación de los procedimientos | D10: =+IF(B10='11 FORMULAS'!$B$4,'11 FORMULAS'!$C$4,IF(B10='11 FORMULAS'!$B$6,'11 FORMULAS'!$C$6,IF(B10='11 FORMULAS'!$B$8,'11 FORMULAS'!$C$8,IF(B10='11 FORMULAS'!$B$10,'11 FORMULAS'!$C$10,"")))) | E10: =+IFERROR(VLOOKUP(B10,Tabla3[],2,0),"") -> Eventos relacionados con la ejecución de los procesos y procedimientos determinados para la operación de la entidad, uso de sistemas de información, por errores en las actividades que deben realizar los servidores de la organización. Estructura organizacional que afecta la capacidad organizacional | F10: Gestión | G10: Posibilidad de afectación reputacional | H10: la desarticulación a causa de la aprobación del Plan de Acción | I10: de no integración de las metas establecidas en el Plan Estratégico Institucional y las actividades de los planes del Decreto 612 de 2018 | J10: =(CONCATENATE(Tabla1[[#This Row],[¿QUÉ? IMPACTO]]," ","por",Tabla1[[#This Row],[¿CÓMO? CAUSA INMEDIATA (Iniciar con la palabra por)]]," ","a causa de"," ",Tabla1[[#This Row],[¿PORQUÉ? CAUSA RAÍZ (Iniciar con debido a/a causa de)]])) -> Posibilidad de afectación reputacional por la desarticulación a causa de la aprobación del Plan de Acción a causa de de no integración de las metas establecidas en el Plan Estratégico Institucional y las actividades de los planes del Decreto 612 de 2018
A11: PLES-5 | B11: Ejecución_administración_de_procesos | C11: Falta de aplicación de los procedimientos | D11: =+IF(B11='11 FORMULAS'!$B$4,'11 FORMULAS'!$C$4,IF(B11='11 FORMULAS'!$B$6,'11 FORMULAS'!$C$6,IF(B11='11 FORMULAS'!$B$8,'11 FORMULAS'!$C$8,IF(B11='11 FORMULAS'!$B$10,'11 FORMULAS'!$C$10,"")))) | E11: =+IFERROR(VLOOKUP(B11,Tabla3[],2,0),"") -> Eventos relacionados con la ejecución de los procesos y procedimientos determinados para la operación de la entidad, uso de sistemas de información, por errores en las actividades que deben realizar los servidores de la organización. Estructura organizacional que afecta la capacidad organizacional | F11: Gestión | G11: Posibilidad de afectación económica y reputacional | H11: el rezago en la ejecución de los proyectos de inversión | I11: el desconocimiento de dichos requisitos por parte del talento humano responsable en la entidad | J11: =(CONCATENATE(Tabla1[[#This Row],[¿QUÉ? IMPACTO]]," ","por",Tabla1[[#This Row],[¿CÓMO? CAUSA INMEDIATA (Iniciar con la palabra por)]]," ","a causa de"," ",Tabla1[[#This Row],[¿PORQUÉ? CAUSA RAÍZ (Iniciar con debido a/a causa de)]])) -> Posibilidad de afectación económica y reputacional porel rezago en la ejecución de los proyectos de inversión a causa de el desconocimiento de dichos requisitos por parte del talento humano responsable en la entidad
A12: PLES-4 | B12: Ejecución_administración_de_procesos | C12: Falta de aplicación de los procedimientos | D12: =+IF(B12='11 FORMULAS'!$B$4,'11 FORMULAS'!$C$4,IF(B12='11 FORMULAS'!$B$6,'11 FORMULAS'!$C$6,IF(B12='11 FORMULAS'!$B$8,'11 FORMULAS'!$C$8,IF(B12='11 FORMULAS'!$B$10,'11 FORMULAS'!$C$10,"")))) | E12: =+IFERROR(VLOOKUP(B12,Tabla3[],2,0),"") -> Eventos relacionados con la ejecución de los procesos y procedimientos determinados para la operación de la entidad, uso de sistemas de información, por errores en las actividades que deben realizar los servidores de la organización. Estructura organizacional que afecta la capacidad organizacional | F12: Gestión | G12: Posibilidad de afectación reputacional | H12: falta de coordinación y liderazgo interno relacionado con el tema de innovación | I12: la inexistencia de una politica actualizada que se ajuste a las necesidades de la entidad y el sector | J12: =(CONCATENATE(Tabla1[[#This Row],[¿QUÉ? IMPACTO]]," ","por",Tabla1[[#This Row],[¿CÓMO? CAUSA INMEDIATA (Iniciar con la palabra por)]]," ","a causa de"," ",Tabla1[[#This Row],[¿PORQUÉ? CAUSA RAÍZ (Iniciar con debido a/a causa de)]])) -> Posibilidad de afectación reputacional por falta de coordinación y liderazgo interno relacionado con el tema de innovación a causa de la inexistencia de una politica actualizada que se ajuste a las necesidades de la entidad y el sector

Sheet 3 PROBABIL E IMPACTO INHERENTE
B1: =+'2 CONTEXTO E IDENTIFICACIÓN'!A1 -> MAPA DE RIESGOS
C2: =+'2 CONTEXTO E IDENTIFICACIÓN'!A2 -> VERSIÓN: | D2: ='2 CONTEXTO E IDENTIFICACIÓN'!B2 -> 0 | G2: =+'2 CONTEXTO E IDENTIFICACIÓN'!$I$4 -> Elaboración o Actualización: | H2: ='2 CONTEXTO E IDENTIFICACIÓN'!J4 -> 46003
A4: ENTIDAD: | B4: ='2 CONTEXTO E IDENTIFICACIÓN'!B4 -> SUPERSOLIDARIA | G4: =+'2 CONTEXTO E IDENTIFICACIÓN'!$E$5 -> Vigencia: | H4: ='2 CONTEXTO E IDENTIFICACIÓN'!G5 -> 46023 | I4: Al | J4: ='2 CONTEXTO E IDENTIFICACIÓN'!J5 -> 46387
A5: PROCESO: | B5: ='2 CONTEXTO E IDENTIFICACIÓN'!F4 -> PLES
G6: IMPACTO INHERENTE
C7: PROBABILIDAD INHERENTE | G7: Afectación Económica | J7: Reputacional | M7: Resultado | P7: PROBABILIDAD | V7: IMPACTO
A8: No. Riesgo | B8: Riesgo | C8: No. veces que realiza la actividad al año | D8: Frecuencia de la Actividad | E8: % Probabilidad | F8: Nivel Probabilidad | G8: Afectación Económica | H8: % | I8: Nivel | J8: Reputacional | K8: % | L8: Nivel | M8: Porcentaje de Impacto | N8: Nivel de Impacto | P8: Nivel | Q8: Frecuencia de la Actividad | R8: Mínimo | S8: Máximo | T8: Probabilidad | V8: Nivel | W8: % Impacto | X8: Afectación_Económica | Y8: Reputacional
A9: ='2 CONTEXTO E IDENTIFICACIÓN'!A9 -> PLES-1 | B9: =+'2 CONTEXTO E IDENTIFICACIÓN'!J9 -> Posibilidad de afectación reputacional porla toma de decisiones de la alta dirección con información de seguimiento inexacta o no validada del Plan Estratégico Institucional y del Plan de Acción, a causa de de la omisión en la verificación técnica de los reportes presentados por las dependencias. | C9: =+(4*7) -> 28 | D9: =+IF(C9="","",IF(C9<=$S$9,$Q$9,IF(C9<=$S$10,$Q$10,IF(C9<=$S$11,$Q$11,IF(C9<=$S$12,$Q$12,IF(C9>=$R$13,$Q$13,"")))))) -> La actividad que conlleva el riesgo se ejecuta de 24 a 500 veces por año | E9: =+IF(D9="","",IF(D9=$Q$9,$T$9,IF(D9=$Q$10,$T$10,IF(D9=$Q$11,$T$11,IF(D9=$Q$12,$T$12,IF(D9=$Q$13,$T$13)))))) -> 0.6 | F9: =+IF(D9="","",IF(D9=$Q$9,$P$9,IF(D9=$Q$10,$P$10,IF(D9=$Q$11,$P$11,IF(D9=$Q$12,$P$12,IF(D9=$Q$13,$P$13)))))) -> Media | G9: Entre 50 y 100 SMLMV | H9: =+IF(G9="","",IF(G9="N/A","",IF(OR(G9=$X$9,G9=$Y$9),$W$9,IF(OR(G9=$X$10,G9=$Y$10),$W$10,IF(OR(G9=$X$11,G9=$Y$11),$W$11,IF(OR(G9=$X$12,G9=$Y$12),$W$12,IF(OR(G9=$X$13,G9=$Y$13),$W$13))))))) -> 0.6 | I9: =+IF(G9="","",IF(G9="N/A","",IF(OR(G9=$X$9,G9=$Y$9),$V$9,IF(OR(G9=$X$10,G9=$Y$10),$V$10,IF(OR(G9=$X$11,G9=$Y$11),$V$11,IF(OR(G9=$X$12,G9=$Y$12),$V$12,IF(OR(G9=$X$13,G9=$Y$13),$V$13))))))) -> Moderado | J9: El riesgo afecta la imagen de la entidad con algunos usuarios de relevancia frente al logro de los objetivos. | K9: =+IF(J9="","",IF(J9="N/A","",IF(OR(J9=$X$9,J9=$Y$9),$W$9,IF(OR(J9=$X$10,J9=$Y$10),$W$10,IF(OR(J9=$X$11,J9=$Y$11),$W$11,IF(OR(J9=$X$12,J9=$Y$12),$W$12,IF(OR(J9=$X$13,J9=$Y$13),$W$13))))))) -> 0.6 | L9: =+IF(J9="","",IF(J9="N/A","",IF(OR(J9=$X$9,J9=$Y$9),$V$9,IF(OR(J9=$X$10,J9=$Y$10),$V$10,IF(OR(J9=$X$11,J9=$Y$11),$V$11,IF(OR(J9=$X$12,J9=$Y$12),$V$12,IF(OR(J9=$X$13,J9=$Y$13),$V$13))))))) -> Moderado | M9: =+IF(H9="",K9,IF(K9="",H9,IF(H9>K9,H9,K9))) -> 0.6 | N9: =+IF(M9="","",IF(M9=$W$9,$V$9,IF(M9=$W$10,$V$10,IF(M9=$W$11,$V$11,IF(M9=$W$12,$V$12,IF(M9=$W$13,$V$13)))))) -> Moderado | P9: Muy Baja | Q9: La actividad que conlleva el riesgo se ejecuta como máximos 2 veces por año | R9: 0 | S9: 2 | T9: 0.2 | V9: Leve | W9: 0.2 | X9: Menor a 10 SMLMV | Y9: El riesgo afecta la imagen de algún área de la organización.
A10: ='2 CONTEXTO E IDENTIFICACIÓN'!A10 -> PLES-2 | B10: =+'2 CONTEXTO E IDENTIFICACIÓN'!J10 -> Posibilidad de afectación reputacional por la desarticulación a causa de la aprobación del Plan de Acción a causa de de no integración de las metas establecidas en el Plan Estratégico Institucional y las actividades de los planes del Decreto 612 de 2018 | C10: =+(4*7) -> 28 | D10: =+IF(C10="","",IF(C10<=$S$9,$Q$9,IF(C10<=$S$10,$Q$10,IF(C10<=$S$11,$Q$11,IF(C10<=$S$12,$Q$12,IF(C10>=$R$13,$Q$13,"")))))) -> La actividad que conlleva el riesgo se ejecuta de 24 a 500 veces por año | E10: =+IF(D10="","",IF(D10=$Q$9,$T$9,IF(D10=$Q$10,$T$10,IF(D10=$Q$11,$T$11,IF(D10=$Q$12,$T$12,IF(D10=$Q$13,$T$13)))))) -> 0.6 | F10: =+IF(D10="","",IF(D10=$Q$9,$P$9,IF(D10=$Q$10,$P$10,IF(D10=$Q$11,$P$11,IF(D10=$Q$12,$P$12,IF(D10=$Q$13,$P$13)))))) -> Media | G10: Entre 50 y 100 SMLMV | H10: =+IF(G10="","",IF(G10="N/A","",IF(OR(G10=$X$9,G10=$Y$9),$W$9,IF(OR(G10=$X$10,G10=$Y$10),$W$10,IF(OR(G10=$X$11,G10=$Y$11),$W$11,IF(OR(G10=$X$12,G10=$Y$12),$W$12,IF(OR(G10=$X$13,G10=$Y$13),$W$13))))))) -> 0.6 | I10: =+IF(G10="","",IF(G10="N/A","",IF(OR(G10=$X$9,G10=$Y$9),$V$9,IF(OR(G10=$X$10,G10=$Y$10),$V$10,IF(OR(G10=$X$11,G10=$Y$11),$V$11,IF(OR(G10=$X$12,G10=$Y$12),$V$12,IF(OR(G10=$X$13,G10=$Y$13),$V$13))))))) -> Moderado | J10: El riesgo afecta la imagen de la entidad con algunos usuarios de relevancia frente al logro de los objetivos. | K10: =+IF(J10="","",IF(J10="N/A","",IF(OR(J10=$X$9,J10=$Y$9),$W$9,IF(OR(J10=$X$10,J10=$Y$10),$W$10,IF(OR(J10=$X$11,J10=$Y$11),$W$11,IF(OR(J10=$X$12,J10=$Y$12),$W$12,IF(OR(J10=$X$13,J10=$Y$13),$W$13))))))) -> 0.6 | L10: =+IF(J10="","",IF(J10="N/A","",IF(OR(J10=$X$9,J10=$Y$9),$V$9,IF(OR(J10=$X$10,J10=$Y$10),$V$10,IF(OR(J10=$X$11,J10=$Y$11),$V$11,IF(OR(J10=$X$12,J10=$Y$12),$V$12,IF(OR(J10=$X$13,J10=$Y$13),$V$13))))))) -> Moderado | M10: =+IF(H10="",K10,IF(K10="",H10,IF(H10>K10,H10,K10))) -> 0.6 | N10: =+IF(M10="","",IF(M10=$W$9,$V$9,IF(M10=$W$10,$V$10,IF(M10=$W$11,$V$11,IF(M10=$W$12,$V$12,IF(M10=$W$13,$V$13)))))) -> Moderado | P10: Baja | Q10: La actividad que conlleva el riesgo se ejecuta de 3 a 24 veces por año | R10: 3 | S10: 24 | T10: 0.4 | V10: Menor | W10: 0.4 | X10: Entre 10 y 50 SMLMV | Y10: El riesgo afecta la imagen de la entidad internamente, de conocimiento general nivel interno, de junta directiva y accionistas y/o de proveedores.
A11: ='2 CONTEXTO E IDENTIFICACIÓN'!A11 -> PLES-5 | B11: =+'2 CONTEXTO E IDENTIFICACIÓN'!J11 -> Posibilidad de afectación económica y reputacional porel rezago en la ejecución de los proyectos de inversión a causa de el desconocimiento de dichos requisitos por parte del talento humano responsable en la entidad | C11: =+(4*7) -> 28 | D11: =+IF(C11="","",IF(C11<=$S$9,$Q$9,IF(C11<=$S$10,$Q$10,IF(C11<=$S$11,$Q$11,IF(C11<=$S$12,$Q$12,IF(C11>=$R$13,$Q$13,"")))))) -> La actividad que conlleva el riesgo se ejecuta de 24 a 500 veces por año | E11: =+IF(D11="","",IF(D11=$Q$9,$T$9,IF(D11=$Q$10,$T$10,IF(D11=$Q$11,$T$11,IF(D11=$Q$12,$T$12,IF(D11=$Q$13,$T$13)))))) -> 0.6 | F11: =+IF(D11="","",IF(D11=$Q$9,$P$9,IF(D11=$Q$10,$P$10,IF(D11=$Q$11,$P$11,IF(D11=$Q$12,$P$12,IF(D11=$Q$13,$P$13)))))) -> Media | G11: Entre 50 y 100 SMLMV | H11: =+IF(G11="","",IF(G11="N/A","",IF(OR(G11=$X$9,G11=$Y$9),$W$9,IF(OR(G11=$X$10,G11=$Y$10),$W$10,IF(OR(G11=$X$11,G11=$Y$11),$W$11,IF(OR(G11=$X$12,G11=$Y$12),$W$12,IF(OR(G11=$X$13,G11=$Y$13),$W$13))))))) -> 0.6 | I11: =+IF(G11="","",IF(G11="N/A","",IF(OR(G11=$X$9,G11=$Y$9),$V$9,IF(OR(G11=$X$10,G11=$Y$10),$V$10,IF(OR(G11=$X$11,G11=$Y$11),$V$11,IF(OR(G11=$X$12,G11=$Y$12),$V$12,IF(OR(G11=$X$13,G11=$Y$13),$V$13))))))) -> Moderado | J11: El riesgo afecta la imagen de la entidad con algunos usuarios de relevancia frente al logro de los objetivos. | K11: =+IF(J11="","",IF(J11="N/A","",IF(OR(J11=$X$9,J11=$Y$9),$W$9,IF(OR(J11=$X$10,J11=$Y$10),$W$10,IF(OR(J11=$X$11,J11=$Y$11),$W$11,IF(OR(J11=$X$12,J11=$Y$12),$W$12,IF(OR(J11=$X$13,J11=$Y$13),$W$13))))))) -> 0.6 | L11: =+IF(J11="","",IF(J11="N/A","",IF(OR(J11=$X$9,J11=$Y$9),$V$9,IF(OR(J11=$X$10,J11=$Y$10),$V$10,IF(OR(J11=$X$11,J11=$Y$11),$V$11,IF(OR(J11=$X$12,J11=$Y$12),$V$12,IF(OR(J11=$X$13,J11=$Y$13),$V$13))))))) -> Moderado | M11: =+IF(H11="",K11,IF(K11="",H11,IF(H11>K11,H11,K11))) -> 0.6 | N11: =+IF(M11="","",IF(M11=$W$9,$V$9,IF(M11=$W$10,$V$10,IF(M11=$W$11,$V$11,IF(M11=$W$12,$V$12,IF(M11=$W$13,$V$13)))))) -> Moderado | P11: Media | Q11: La actividad que conlleva el riesgo se ejecuta de 24 a 500 veces por año | R11: 25 | S11: 500 | T11: 0.6 | V11: Moderado | W11: 0.6 | X11: Entre 50 y 100 SMLMV | Y11: El riesgo afecta la imagen de la entidad con algunos usuarios de relevancia frente al logro de los objetivos.
A12: ='2 CONTEXTO E IDENTIFICACIÓN'!A12 -> PLES-4 | B12: =+'2 CONTEXTO E IDENTIFICACIÓN'!J12 -> Posibilidad de afectación reputacional por falta de coordinación y liderazgo interno relacionado con el tema de innovación a causa de la inexistencia de una politica actualizada que se ajuste a las necesidades de la entidad y el sector | C12: 4 | D12: =+IF(C12="","",IF(C12<=$S$9,$Q$9,IF(C12<=$S$10,$Q$10,IF(C12<=$S$11,$Q$11,IF(C12<=$S$12,$Q$12,IF(C12>=$R$13,$Q$13,"")))))) -> La actividad que conlleva el riesgo se ejecuta de 3 a 24 veces por año | E12: =+IF(D12="","",IF(D12=$Q$9,$T$9,IF(D12=$Q$10,$T$10,IF(D12=$Q$11,$T$11,IF(D12=$Q$12,$T$12,IF(D12=$Q$13,$T$13)))))) -> 0.4 | F12: =+IF(D12="","",IF(D12=$Q$9,$P$9,IF(D12=$Q$10,$P$10,IF(D12=$Q$11,$P$11,IF(D12=$Q$12,$P$12,IF(D12=$Q$13,$P$13)))))) -> Baja | G12: Menor a 10 SMLMV | H12: =+IF(G12="","",IF(G12="N/A","",IF(OR(G12=$X$9,G12=$Y$9),$W$9,IF(OR(G12=$X$10,G12=$Y$10),$W$10,IF(OR(G12=$X$11,G12=$Y$11),$W$11,IF(OR(G12=$X$12,G12=$Y$12),$W$12,IF(OR(G12=$X$13,G12=$Y$13),$W$13))))))) -> 0.2 | I12: =+IF(G12="","",IF(G12="N/A","",IF(OR(G12=$X$9,G12=$Y$9),$V$9,IF(OR(G12=$X$10,G12=$Y$10),$V$10,IF(OR(G12=$X$11,G12=$Y$11),$V$11,IF(OR(G12=$X$12,G12=$Y$12),$V$12,IF(OR(G12=$X$13,G12=$Y$13),$V$13))))))) -> Leve | J12: El riesgo afecta la imagen de la entidad internamente, de conocimiento general nivel interno, de junta directiva y accionistas y/o de proveedores. | K12: =+IF(J12="","",IF(J12="N/A","",IF(OR(J12=$X$9,J12=$Y$9),$W$9,IF(OR(J12=$X$10,J12=$Y$10),$W$10,IF(OR(J12=$X$11,J12=$Y$11),$W$11,IF(OR(J12=$X$12,J12=$Y$12),$W$12,IF(OR(J12=$X$13,J12=$Y$13),$W$13))))))) -> 0.4 | L12: =+IF(J12="","",IF(J12="N/A","",IF(OR(J12=$X$9,J12=$Y$9),$V$9,IF(OR(J12=$X$10,J12=$Y$10),$V$10,IF(OR(J12=$X$11,J12=$Y$11),$V$11,IF(OR(J12=$X$12,J12=$Y$12),$V$12,IF(OR(J12=$X$13,J12=$Y$13),$V$13))))))) -> Menor | M12: =+IF(H12="",K12,IF(K12="",H12,IF(H12>K12,H12,K12))) -> 0.4 | N12: =+IF(M12="","",IF(M12=$W$9,$V$9,IF(M12=$W$10,$V$10,IF(M12=$W$11,$V$11,IF(M12=$W$12,$V$12,IF(M12=$W$13,$V$13)))))) -> Menor | P12: Alta | Q12: La actividad que conlleva el riesgo se ejecuta mínimo 500 veces al año y máximo 5.000 veces por año | R12: 5001 | S12: 5000 | T12: 0.8 | V12: Mayor | W12: 0.8 | X12: Entre 100 y 500 SMLMV | Y12: El riesgo afecta la imagen de la entidad con efecto publicitario sostenido a nivel de sector administrativo, nivel departamental o municipal.
P13: Muy Alta | Q13: La actividad que conlleva el riesgo se ejecuta más de 5.000 veces por año | R13: 5001 | T13: 1 | V13: Catastrófico | W13: 1 | X13: Mayor a 500 SMLMV | Y13: El riesgo afecta la imagen de la entidad a nivel nacional, con efecto publicitario sostenido a nivel país
A14: ='2 CONTEXTO E IDENTIFICACIÓN'!#REF! -> #REF! | B14: =+'2 CONTEXTO E IDENTIFICACIÓN'!#REF! -> #REF! | D14: =+IF(C14="","",IF(C14<=$S$9,$Q$9,IF(C14<=$S$10,$Q$10,IF(C14<=$S$11,$Q$11,IF(C14<=$S$12,$Q$12,IF(C14>=$R$13,$Q$13,"")))))) | E14: =+IF(D14="","",IF(D14=$Q$9,$T$9,IF(D14=$Q$10,$T$10,IF(D14=$Q$11,$T$11,IF(D14=$Q$12,$T$12,IF(D14=$Q$13,$T$13)))))) | F14: =+IF(D14="","",IF(D14=$Q$9,$P$9,IF(D14=$Q$10,$P$10,IF(D14=$Q$11,$P$11,IF(D14=$Q$12,$P$12,IF(D14=$Q$13,$P$13)))))) | H14: =+IF(G14="","",IF(G14="N/A","",IF(OR(G14=$X$9,G14=$Y$9),$W$9,IF(OR(G14=$X$10,G14=$Y$10),$W$10,IF(OR(G14=$X$11,G14=$Y$11),$W$11,IF(OR(G14=$X$12,G14=$Y$12),$W$12,IF(OR(G14=$X$13,G14=$Y$13),$W$13))))))) | I14: =+IF(G14="","",IF(G14="N/A","",IF(OR(G14=$X$9,G14=$Y$9),$V$9,IF(OR(G14=$X$10,G14=$Y$10),$V$10,IF(OR(G14=$X$11,G14=$Y$11),$V$11,IF(OR(G14=$X$12,G14=$Y$12),$V$12,IF(OR(G14=$X$13,G14=$Y$13),$V$13))))))) | K14: =+IF(J14="","",IF(J14="N/A","",IF(OR(J14=$X$9,J14=$Y$9),$W$9,IF(OR(J14=$X$10,J14=$Y$10),$W$10,IF(OR(J14=$X$11,J14=$Y$11),$W$11,IF(OR(J14=$X$12,J14=$Y$12),$W$12,IF(OR(J14=$X$13,J14=$Y$13),$W$13))))))) | L14: =+IF(J14="","",IF(J14="N/A","",IF(OR(J14=$X$9,J14=$Y$9),$V$9,IF(OR(J14=$X$10,J14=$Y$10),$V$10,IF(OR(J14=$X$11,J14=$Y$11),$V$11,IF(OR(J14=$X$12,J14=$Y$12),$V$12,IF(OR(J14=$X$13,J14=$Y$13),$V$13))))))) | M14: =+IF(H14="",K14,IF(K14="",H14,IF(H14>K14,H14,K14))) | N14: =+IF(M14="","",IF(M14=$W$9,$V$9,IF(M14=$W$10,$V$10,IF(M14=$W$11,$V$11,IF(M14=$W$12,$V$12,IF(M14=$W$13,$V$13)))))) | X14: N/A | Y14: N/A
A15: ='2 CONTEXTO E IDENTIFICACIÓN'!#REF! -> #REF! | B15: =+'2 CONTEXTO E IDENTIFICACIÓN'!#REF! -> #REF! | D15: =+IF(C15="","",IF(C15<=$S$9,$Q$9,IF(C15<=$S$10,$Q$10,IF(C15<=$S$11,$Q$11,IF(C15<=$S$12,$Q$12,IF(C15>=$R$13,$Q$13,"")))))) | E15: =+IF(D15="","",IF(D15=$Q$9,$T$9,IF(D15=$Q$10,$T$10,IF(D15=$Q$11,$T$11,IF(D15=$Q$12,$T$12,IF(D15=$Q$13,$T$13)))))) | F15: =+IF(D15="","",IF(D15=$Q$9,$P$9,IF(D15=$Q$10,$P$10,IF(D15=$Q$11,$P$11,IF(D15=$Q$12,$P$12,IF(D15=$Q$13,$P$13)))))) | H15: =+IF(G15="","",IF(G15="N/A","",IF(OR(G15=$X$9,G15=$Y$9),$W$9,IF(OR(G15=$X$10,G15=$Y$10),$W$10,IF(OR(G15=$X$11,G15=$Y$11),$W$11,IF(OR(G15=$X$12,G15=$Y$12),$W$12,IF(OR(G15=$X$13,G15=$Y$13),$W$13))))))) | I15: =+IF(G15="","",IF(G15="N/A","",IF(OR(G15=$X$9,G15=$Y$9),$V$9,IF(OR(G15=$X$10,G15=$Y$10),$V$10,IF(OR(G15=$X$11,G15=$Y$11),$V$11,IF(OR(G15=$X$12,G15=$Y$12),$V$12,IF(OR(G15=$X$13,G15=$Y$13),$V$13))))))) | K15: =+IF(J15="","",IF(J15="N/A","",IF(OR(J15=$X$9,J15=$Y$9),$W$9,IF(OR(J15=$X$10,J15=$Y$10),$W$10,IF(OR(J15=$X$11,J15=$Y$11),$W$11,IF(OR(J15=$X$12,J15=$Y$12),$W$12,IF(OR(J15=$X$13,J15=$Y$13),$W$13))))))) | L15: =+IF(J15="","",IF(J15="N/A","",IF(OR(J15=$X$9,J15=$Y$9),$V$9,IF(OR(J15=$X$10,J15=$Y$10),$V$10,IF(OR(J15=$X$11,J15=$Y$11),$V$11,IF(OR(J15=$X$12,J15=$Y$12),$V$12,IF(OR(J15=$X$13,J15=$Y$13),$V$13))))))) | M15: =+IF(H15="",K15,IF(K15="",H15,IF(H15>K15,H15,K15))) | N15: =+IF(M15="","",IF(M15=$W$9,$V$9,IF(M15=$W$10,$V$10,IF(M15=$W$11,$V$11,IF(M15=$W$12,$V$12,IF(M15=$W$13,$V$13))))))
A16: ='2 CONTEXTO E IDENTIFICACIÓN'!#REF! -> #REF! | B16: =+'2 CONTEXTO E IDENTIFICACIÓN'!#REF! -> #REF! | D16: =+IF(C16="","",IF(C16<=$S$9,$Q$9,IF(C16<=$S$10,$Q$10,IF(C16<=$S$11,$Q$11,IF(C16<=$S$12,$Q$12,IF(C16>=$R$13,$Q$13,"")))))) | E16: =+IF(D16="","",IF(D16=$Q$9,$T$9,IF(D16=$Q$10,$T$10,IF(D16=$Q$11,$T$11,IF(D16=$Q$12,$T$12,IF(D16=$Q$13,$T$13)))))) | F16: =+IF(D16="","",IF(D16=$Q$9,$P$9,IF(D16=$Q$10,$P$10,IF(D16=$Q$11,$P$11,IF(D16=$Q$12,$P$12,IF(D16=$Q$13,$P$13)))))) | H16: =+IF(G16="","",IF(G16="N/A","",IF(OR(G16=$X$9,G16=$Y$9),$W$9,IF(OR(G16=$X$10,G16=$Y$10),$W$10,IF(OR(G16=$X$11,G16=$Y$11),$W$11,IF(OR(G16=$X$12,G16=$Y$12),$W$12,IF(OR(G16=$X$13,G16=$Y$13),$W$13))))))) | I16: =+IF(G16="","",IF(G16="N/A","",IF(OR(G16=$X$9,G16=$Y$9),$V$9,IF(OR(G16=$X$10,G16=$Y$10),$V$10,IF(OR(G16=$X$11,G16=$Y$11),$V$11,IF(OR(G16=$X$12,G16=$Y$12),$V$12,IF(OR(G16=$X$13,G16=$Y$13),$V$13))))))) | K16: =+IF(J16="","",IF(J16="N/A","",IF(OR(J16=$X$9,J16=$Y$9),$W$9,IF(OR(J16=$X$10,J16=$Y$10),$W$10,IF(OR(J16=$X$11,J16=$Y$11),$W$11,IF(OR(J16=$X$12,J16=$Y$12),$W$12,IF(OR(J16=$X$13,J16=$Y$13),$W$13))))))) | L16: =+IF(J16="","",IF(J16="N/A","",IF(OR(J16=$X$9,J16=$Y$9),$V$9,IF(OR(J16=$X$10,J16=$Y$10),$V$10,IF(OR(J16=$X$11,J16=$Y$11),$V$11,IF(OR(J16=$X$12,J16=$Y$12),$V$12,IF(OR(J16=$X$13,J16=$Y$13),$V$13))))))) | M16: =+IF(H16="",K16,IF(K16="",H16,IF(H16>K16,H16,K16))) | N16: =+IF(M16="","",IF(M16=$W$9,$V$9,IF(M16=$W$10,$V$10,IF(M16=$W$11,$V$11,IF(M16=$W$12,$V$12,IF(M16=$W$13,$V$13))))))
A17: ='2 CONTEXTO E IDENTIFICACIÓN'!#REF! -> #REF! | B17: =+'2 CONTEXTO E IDENTIFICACIÓN'!#REF! -> #REF! | D17: =+IF(C17="","",IF(C17<=$S$9,$Q$9,IF(C17<=$S$10,$Q$10,IF(C17<=$S$11,$Q$11,IF(C17<=$S$12,$Q$12,IF(C17>=$R$13,$Q$13,"")))))) | E17: =+IF(D17="","",IF(D17=$Q$9,$T$9,IF(D17=$Q$10,$T$10,IF(D17=$Q$11,$T$11,IF(D17=$Q$12,$T$12,IF(D17=$Q$13,$T$13)))))) | F17: =+IF(D17="","",IF(D17=$Q$9,$P$9,IF(D17=$Q$10,$P$10,IF(D17=$Q$11,$P$11,IF(D17=$Q$12,$P$12,IF(D17=$Q$13,$P$13)))))) | H17: =+IF(G17="","",IF(G17="N/A","",IF(OR(G17=$X$9,G17=$Y$9),$W$9,IF(OR(G17=$X$10,G17=$Y$10),$W$10,IF(OR(G17=$X$11,G17=$Y$11),$W$11,IF(OR(G17=$X$12,G17=$Y$12),$W$12,IF(OR(G17=$X$13,G17=$Y$13),$W$13))))))) | I17: =+IF(G17="","",IF(G17="N/A","",IF(OR(G17=$X$9,G17=$Y$9),$V$9,IF(OR(G17=$X$10,G17=$Y$10),$V$10,IF(OR(G17=$X$11,G17=$Y$11),$V$11,IF(OR(G17=$X$12,G17=$Y$12),$V$12,IF(OR(G17=$X$13,G17=$Y$13),$V$13))))))) | K17: =+IF(J17="","",IF(J17="N/A","",IF(OR(J17=$X$9,J17=$Y$9),$W$9,IF(OR(J17=$X$10,J17=$Y$10),$W$10,IF(OR(J17=$X$11,J17=$Y$11),$W$11,IF(OR(J17=$X$12,J17=$Y$12),$W$12,IF(OR(J17=$X$13,J17=$Y$13),$W$13))))))) | L17: =+IF(J17="","",IF(J17="N/A","",IF(OR(J17=$X$9,J17=$Y$9),$V$9,IF(OR(J17=$X$10,J17=$Y$10),$V$10,IF(OR(J17=$X$11,J17=$Y$11),$V$11,IF(OR(J17=$X$12,J17=$Y$12),$V$12,IF(OR(J17=$X$13,J17=$Y$13),$V$13))))))) | M17: =+IF(H17="",K17,IF(K17="",H17,IF(H17>K17,H17,K17))) | N17: =+IF(M17="","",IF(M17=$W$9,$V$9,IF(M17=$W$10,$V$10,IF(M17=$W$11,$V$11,IF(M17=$W$12,$V$12,IF(M17=$W$13,$V$13))))))
A18: ='2 CONTEXTO E IDENTIFICACIÓN'!#REF! -> #REF! | B18: =+'2 CONTEXTO E IDENTIFICACIÓN'!#REF! -> #REF! | D18: =+IF(C18="","",IF(C18<=$S$9,$Q$9,IF(C18<=$S$10,$Q$10,IF(C18<=$S$11,$Q$11,IF(C18<=$S$12,$Q$12,IF(C18>=$R$13,$Q$13,"")))))) | E18: =+IF(D18="","",IF(D18=$Q$9,$T$9,IF(D18=$Q$10,$T$10,IF(D18=$Q$11,$T$11,IF(D18=$Q$12,$T$12,IF(D18=$Q$13,$T$13)))))) | F18: =+IF(D18="","",IF(D18=$Q$9,$P$9,IF(D18=$Q$10,$P$10,IF(D18=$Q$11,$P$11,IF(D18=$Q$12,$P$12,IF(D18=$Q$13,$P$13)))))) | H18: =+IF(G18="","",IF(G18="N/A","",IF(OR(G18=$X$9,G18=$Y$9),$W$9,IF(OR(G18=$X$10,G18=$Y$10),$W$10,IF(OR(G18=$X$11,G18=$Y$11),$W$11,IF(OR(G18=$X$12,G18=$Y$12),$W$12,IF(OR(G18=$X$13,G18=$Y$13),$W$13))))))) | I18: =+IF(G18="","",IF(G18="N/A","",IF(OR(G18=$X$9,G18=$Y$9),$V$9,IF(OR(G18=$X$10,G18=$Y$10),$V$10,IF(OR(G18=$X$11,G18=$Y$11),$V$11,IF(OR(G18=$X$12,G18=$Y$12),$V$12,IF(OR(G18=$X$13,G18=$Y$13),$V$13))))))) | K18: =+IF(J18="","",IF(J18="N/A","",IF(OR(J18=$X$9,J18=$Y$9),$W$9,IF(OR(J18=$X$10,J18=$Y$10),$W$10,IF(OR(J18=$X$11,J18=$Y$11),$W$11,IF(OR(J18=$X$12,J18=$Y$12),$W$12,IF(OR(J18=$X$13,J18=$Y$13),$W$13))))))) | L18: =+IF(J18="","",IF(J18="N/A","",IF(OR(J18=$X$9,J18=$Y$9),$V$9,IF(OR(J18=$X$10,J18=$Y$10),$V$10,IF(OR(J18=$X$11,J18=$Y$11),$V$11,IF(OR(J18=$X$12,J18=$Y$12),$V$12,IF(OR(J18=$X$13,J18=$Y$13),$V$13))))))) | M18: =+IF(H18="",K18,IF(K18="",H18,IF(H18>K18,H18,K18))) | N18: =+IF(M18="","",IF(M18=$W$9,$V$9,IF(M18=$W$10,$V$10,IF(M18=$W$11,$V$11,IF(M18=$W$12,$V$12,IF(M18=$W$13,$V$13))))))
A19: ='2 CONTEXTO E IDENTIFICACIÓN'!#REF! -> #REF! | B19: =+'2 CONTEXTO E IDENTIFICACIÓN'!#REF! -> #REF! | D19: =+IF(C19="","",IF(C19<=$S$9,$Q$9,IF(C19<=$S$10,$Q$10,IF(C19<=$S$11,$Q$11,IF(C19<=$S$12,$Q$12,IF(C19>=$R$13,$Q$13,"")))))) | E19: =+IF(D19="","",IF(D19=$Q$9,$T$9,IF(D19=$Q$10,$T$10,IF(D19=$Q$11,$T$11,IF(D19=$Q$12,$T$12,IF(D19=$Q$13,$T$13)))))) | F19: =+IF(D19="","",IF(D19=$Q$9,$P$9,IF(D19=$Q$10,$P$10,IF(D19=$Q$11,$P$11,IF(D19=$Q$12,$P$12,IF(D19=$Q$13,$P$13)))))) | H19: =+IF(G19="","",IF(G19="N/A","",IF(OR(G19=$X$9,G19=$Y$9),$W$9,IF(OR(G19=$X$10,G19=$Y$10),$W$10,IF(OR(G19=$X$11,G19=$Y$11),$W$11,IF(OR(G19=$X$12,G19=$Y$12),$W$12,IF(OR(G19=$X$13,G19=$Y$13),$W$13))))))) | I19: =+IF(G19="","",IF(G19="N/A","",IF(OR(G19=$X$9,G19=$Y$9),$V$9,IF(OR(G19=$X$10,G19=$Y$10),$V$10,IF(OR(G19=$X$11,G19=$Y$11),$V$11,IF(OR(G19=$X$12,G19=$Y$12),$V$12,IF(OR(G19=$X$13,G19=$Y$13),$V$13))))))) | K19: =+IF(J19="","",IF(J19="N/A","",IF(OR(J19=$X$9,J19=$Y$9),$W$9,IF(OR(J19=$X$10,J19=$Y$10),$W$10,IF(OR(J19=$X$11,J19=$Y$11),$W$11,IF(OR(J19=$X$12,J19=$Y$12),$W$12,IF(OR(J19=$X$13,J19=$Y$13),$W$13))))))) | L19: =+IF(J19="","",IF(J19="N/A","",IF(OR(J19=$X$9,J19=$Y$9),$V$9,IF(OR(J19=$X$10,J19=$Y$10),$V$10,IF(OR(J19=$X$11,J19=$Y$11),$V$11,IF(OR(J19=$X$12,J19=$Y$12),$V$12,IF(OR(J19=$X$13,J19=$Y$13),$V$13))))))) | M19: =+IF(H19="",K19,IF(K19="",H19,IF(H19>K19,H19,K19))) | N19: =+IF(M19="","",IF(M19=$W$9,$V$9,IF(M19=$W$10,$V$10,IF(M19=$W$11,$V$11,IF(M19=$W$12,$V$12,IF(M19=$W$13,$V$13))))))
A20: ='2 CONTEXTO E IDENTIFICACIÓN'!#REF! -> #REF! | B20: =+'2 CONTEXTO E IDENTIFICACIÓN'!#REF! -> #REF! | D20: =+IF(C20="","",IF(C20<=$S$9,$Q$9,IF(C20<=$S$10,$Q$10,IF(C20<=$S$11,$Q$11,IF(C20<=$S$12,$Q$12,IF(C20>=$R$13,$Q$13,"")))))) | E20: =+IF(D20="","",IF(D20=$Q$9,$T$9,IF(D20=$Q$10,$T$10,IF(D20=$Q$11,$T$11,IF(D20=$Q$12,$T$12,IF(D20=$Q$13,$T$13)))))) | F20: =+IF(D20="","",IF(D20=$Q$9,$P$9,IF(D20=$Q$10,$P$10,IF(D20=$Q$11,$P$11,IF(D20=$Q$12,$P$12,IF(D20=$Q$13,$P$13)))))) | H20: =+IF(G20="","",IF(G20="N/A","",IF(OR(G20=$X$9,G20=$Y$9),$W$9,IF(OR(G20=$X$10,G20=$Y$10),$W$10,IF(OR(G20=$X$11,G20=$Y$11),$W$11,IF(OR(G20=$X$12,G20=$Y$12),$W$12,IF(OR(G20=$X$13,G20=$Y$13),$W$13))))))) | I20: =+IF(G20="","",IF(G20="N/A","",IF(OR(G20=$X$9,G20=$Y$9),$V$9,IF(OR(G20=$X$10,G20=$Y$10),$V$10,IF(OR(G20=$X$11,G20=$Y$11),$V$11,IF(OR(G20=$X$12,G20=$Y$12),$V$12,IF(OR(G20=$X$13,G20=$Y$13),$V$13))))))) | K20: =+IF(J20="","",IF(J20="N/A","",IF(OR(J20=$X$9,J20=$Y$9),$W$9,IF(OR(J20=$X$10,J20=$Y$10),$W$10,IF(OR(J20=$X$11,J20=$Y$11),$W$11,IF(OR(J20=$X$12,J20=$Y$12),$W$12,IF(OR(J20=$X$13,J20=$Y$13),$W$13))))))) | L20: =+IF(J20="","",IF(J20="N/A","",IF(OR(J20=$X$9,J20=$Y$9),$V$9,IF(OR(J20=$X$10,J20=$Y$10),$V$10,IF(OR(J20=$X$11,J20=$Y$11),$V$11,IF(OR(J20=$X$12,J20=$Y$12),$V$12,IF(OR(J20=$X$13,J20=$Y$13),$V$13))))))) | M20: =+IF(H20="",K20,IF(K20="",H20,IF(H20>K20,H20,K20))) | N20: =+IF(M20="","",IF(M20=$W$9,$V$9,IF(M20=$W$10,$V$10,IF(M20=$W$11,$V$11,IF(M20=$W$12,$V$12,IF(M20=$W$13,$V$13))))))
A21: ='2 CONTEXTO E IDENTIFICACIÓN'!#REF! -> #REF! | B21: =+'2 CONTEXTO E IDENTIFICACIÓN'!#REF! -> #REF! | D21: =+IF(C21="","",IF(C21<=$S$9,$Q$9,IF(C21<=$S$10,$Q$10,IF(C21<=$S$11,$Q$11,IF(C21<=$S$12,$Q$12,IF(C21>=$R$13,$Q$13,"")))))) | E21: =+IF(D21="","",IF(D21=$Q$9,$T$9,IF(D21=$Q$10,$T$10,IF(D21=$Q$11,$T$11,IF(D21=$Q$12,$T$12,IF(D21=$Q$13,$T$13)))))) | F21: =+IF(D21="","",IF(D21=$Q$9,$P$9,IF(D21=$Q$10,$P$10,IF(D21=$Q$11,$P$11,IF(D21=$Q$12,$P$12,IF(D21=$Q$13,$P$13)))))) | H21: =+IF(G21="","",IF(G21="N/A","",IF(OR(G21=$X$9,G21=$Y$9),$W$9,IF(OR(G21=$X$10,G21=$Y$10),$W$10,IF(OR(G21=$X$11,G21=$Y$11),$W$11,IF(OR(G21=$X$12,G21=$Y$12),$W$12,IF(OR(G21=$X$13,G21=$Y$13),$W$13))))))) | I21: =+IF(G21="","",IF(G21="N/A","",IF(OR(G21=$X$9,G21=$Y$9),$V$9,IF(OR(G21=$X$10,G21=$Y$10),$V$10,IF(OR(G21=$X$11,G21=$Y$11),$V$11,IF(OR(G21=$X$12,G21=$Y$12),$V$12,IF(OR(G21=$X$13,G21=$Y$13),$V$13))))))) | K21: =+IF(J21="","",IF(J21="N/A","",IF(OR(J21=$X$9,J21=$Y$9),$W$9,IF(OR(J21=$X$10,J21=$Y$10),$W$10,IF(OR(J21=$X$11,J21=$Y$11),$W$11,IF(OR(J21=$X$12,J21=$Y$12),$W$12,IF(OR(J21=$X$13,J21=$Y$13),$W$13))))))) | L21: =+IF(J21="","",IF(J21="N/A","",IF(OR(J21=$X$9,J21=$Y$9),$V$9,IF(OR(J21=$X$10,J21=$Y$10),$V$10,IF(OR(J21=$X$11,J21=$Y$11),$V$11,IF(OR(J21=$X$12,J21=$Y$12),$V$12,IF(OR(J21=$X$13,J21=$Y$13),$V$13))))))) | M21: =+IF(H21="",K21,IF(K21="",H21,IF(H21>K21,H21,K21))) | N21: =+IF(M21="","",IF(M21=$W$9,$V$9,IF(M21=$W$10,$V$10,IF(M21=$W$11,$V$11,IF(M21=$W$12,$V$12,IF(M21=$W$13,$V$13))))))
A22: ='2 CONTEXTO E IDENTIFICACIÓN'!#REF! -> #REF! | B22: =+'2 CONTEXTO E IDENTIFICACIÓN'!#REF! -> #REF! | D22: =+IF(C22="","",IF(C22<=$S$9,$Q$9,IF(C22<=$S$10,$Q$10,IF(C22<=$S$11,$Q$11,IF(C22<=$S$12,$Q$12,IF(C22>=$R$13,$Q$13,"")))))) | E22: =+IF(D22="","",IF(D22=$Q$9,$T$9,IF(D22=$Q$10,$T$10,IF(D22=$Q$11,$T$11,IF(D22=$Q$12,$T$12,IF(D22=$Q$13,$T$13)))))) | F22: =+IF(D22="","",IF(D22=$Q$9,$P$9,IF(D22=$Q$10,$P$10,IF(D22=$Q$11,$P$11,IF(D22=$Q$12,$P$12,IF(D22=$Q$13,$P$13)))))) | H22: =+IF(G22="","",IF(G22="N/A","",IF(OR(G22=$X$9,G22=$Y$9),$W$9,IF(OR(G22=$X$10,G22=$Y$10),$W$10,IF(OR(G22=$X$11,G22=$Y$11),$W$11,IF(OR(G22=$X$12,G22=$Y$12),$W$12,IF(OR(G22=$X$13,G22=$Y$13),$W$13))))))) | I22: =+IF(G22="","",IF(G22="N/A","",IF(OR(G22=$X$9,G22=$Y$9),$V$9,IF(OR(G22=$X$10,G22=$Y$10),$V$10,IF(OR(G22=$X$11,G22=$Y$11),$V$11,IF(OR(G22=$X$12,G22=$Y$12),$V$12,IF(OR(G22=$X$13,G22=$Y$13),$V$13))))))) | K22: =+IF(J22="","",IF(J22="N/A","",IF(OR(J22=$X$9,J22=$Y$9),$W$9,IF(OR(J22=$X$10,J22=$Y$10),$W$10,IF(OR(J22=$X$11,J22=$Y$11),$W$11,IF(OR(J22=$X$12,J22=$Y$12),$W$12,IF(OR(J22=$X$13,J22=$Y$13),$W$13))))))) | L22: =+IF(J22="","",IF(J22="N/A","",IF(OR(J22=$X$9,J22=$Y$9),$V$9,IF(OR(J22=$X$10,J22=$Y$10),$V$10,IF(OR(J22=$X$11,J22=$Y$11),$V$11,IF(OR(J22=$X$12,J22=$Y$12),$V$12,IF(OR(J22=$X$13,J22=$Y$13),$V$13))))))) | M22: =+IF(H22="",K22,IF(K22="",H22,IF(H22>K22,H22,K22))) | N22: =+IF(M22="","",IF(M22=$W$9,$V$9,IF(M22=$W$10,$V$10,IF(M22=$W$11,$V$11,IF(M22=$W$12,$V$12,IF(M22=$W$13,$V$13))))))
A23: ='2 CONTEXTO E IDENTIFICACIÓN'!#REF! -> #REF! | B23: =+'2 CONTEXTO E IDENTIFICACIÓN'!#REF! -> #REF! | D23: =+IF(C23="","",IF(C23<=$S$9,$Q$9,IF(C23<=$S$10,$Q$10,IF(C23<=$S$11,$Q$11,IF(C23<=$S$12,$Q$12,IF(C23>=$R$13,$Q$13,"")))))) | E23: =+IF(D23="","",IF(D23=$Q$9,$T$9,IF(D23=$Q$10,$T$10,IF(D23=$Q$11,$T$11,IF(D23=$Q$12,$T$12,IF(D23=$Q$13,$T$13)))))) | F23: =+IF(D23="","",IF(D23=$Q$9,$P$9,IF(D23=$Q$10,$P$10,IF(D23=$Q$11,$P$11,IF(D23=$Q$12,$P$12,IF(D23=$Q$13,$P$13)))))) | H23: =+IF(G23="","",IF(G23="N/A","",IF(OR(G23=$X$9,G23=$Y$9),$W$9,IF(OR(G23=$X$10,G23=$Y$10),$W$10,IF(OR(G23=$X$11,G23=$Y$11),$W$11,IF(OR(G23=$X$12,G23=$Y$12),$W$12,IF(OR(G23=$X$13,G23=$Y$13),$W$13))))))) | I23: =+IF(G23="","",IF(G23="N/A","",IF(OR(G23=$X$9,G23=$Y$9),$V$9,IF(OR(G23=$X$10,G23=$Y$10),$V$10,IF(OR(G23=$X$11,G23=$Y$11),$V$11,IF(OR(G23=$X$12,G23=$Y$12),$V$12,IF(OR(G23=$X$13,G23=$Y$13),$V$13))))))) | K23: =+IF(J23="","",IF(J23="N/A","",IF(OR(J23=$X$9,J23=$Y$9),$W$9,IF(OR(J23=$X$10,J23=$Y$10),$W$10,IF(OR(J23=$X$11,J23=$Y$11),$W$11,IF(OR(J23=$X$12,J23=$Y$12),$W$12,IF(OR(J23=$X$13,J23=$Y$13),$W$13))))))) | L23: =+IF(J23="","",IF(J23="N/A","",IF(OR(J23=$X$9,J23=$Y$9),$V$9,IF(OR(J23=$X$10,J23=$Y$10),$V$10,IF(OR(J23=$X$11,J23=$Y$11),$V$11,IF(OR(J23=$X$12,J23=$Y$12),$V$12,IF(OR(J23=$X$13,J23=$Y$13),$V$13))))))) | M23: =+IF(H23="",K23,IF(K23="",H23,IF(H23>K23,H23,K23))) | N23: =+IF(M23="","",IF(M23=$W$9,$V$9,IF(M23=$W$10,$V$10,IF(M23=$W$11,$V$11,IF(M23=$W$12,$V$12,IF(M23=$W$13,$V$13))))))
A24: ='2 CONTEXTO E IDENTIFICACIÓN'!#REF! -> #REF! | B24: =+'2 CONTEXTO E IDENTIFICACIÓN'!#REF! -> #REF! | D24: =+IF(C24="","",IF(C24<=$S$9,$Q$9,IF(C24<=$S$10,$Q$10,IF(C24<=$S$11,$Q$11,IF(C24<=$S$12,$Q$12,IF(C24>=$R$13,$Q$13,"")))))) | E24: =+IF(D24="","",IF(D24=$Q$9,$T$9,IF(D24=$Q$10,$T$10,IF(D24=$Q$11,$T$11,IF(D24=$Q$12,$T$12,IF(D24=$Q$13,$T$13)))))) | F24: =+IF(D24="","",IF(D24=$Q$9,$P$9,IF(D24=$Q$10,$P$10,IF(D24=$Q$11,$P$11,IF(D24=$Q$12,$P$12,IF(D24=$Q$13,$P$13)))))) | H24: =+IF(G24="","",IF(G24="N/A","",IF(OR(G24=$X$9,G24=$Y$9),$W$9,IF(OR(G24=$X$10,G24=$Y$10),$W$10,IF(OR(G24=$X$11,G24=$Y$11),$W$11,IF(OR(G24=$X$12,G24=$Y$12),$W$12,IF(OR(G24=$X$13,G24=$Y$13),$W$13))))))) | I24: =+IF(G24="","",IF(G24="N/A","",IF(OR(G24=$X$9,G24=$Y$9),$V$9,IF(OR(G24=$X$10,G24=$Y$10),$V$10,IF(OR(G24=$X$11,G24=$Y$11),$V$11,IF(OR(G24=$X$12,G24=$Y$12),$V$12,IF(OR(G24=$X$13,G24=$Y$13),$V$13))))))) | K24: =+IF(J24="","",IF(J24="N/A","",IF(OR(J24=$X$9,J24=$Y$9),$W$9,IF(OR(J24=$X$10,J24=$Y$10),$W$10,IF(OR(J24=$X$11,J24=$Y$11),$W$11,IF(OR(J24=$X$12,J24=$Y$12),$W$12,IF(OR(J24=$X$13,J24=$Y$13),$W$13))))))) | L24: =+IF(J24="","",IF(J24="N/A","",IF(OR(J24=$X$9,J24=$Y$9),$V$9,IF(OR(J24=$X$10,J24=$Y$10),$V$10,IF(OR(J24=$X$11,J24=$Y$11),$V$11,IF(OR(J24=$X$12,J24=$Y$12),$V$12,IF(OR(J24=$X$13,J24=$Y$13),$V$13))))))) | M24: =+IF(H24="",K24,IF(K24="",H24,IF(H24>K24,H24,K24))) | N24: =+IF(M24="","",IF(M24=$W$9,$V$9,IF(M24=$W$10,$V$10,IF(M24=$W$11,$V$11,IF(M24=$W$12,$V$12,IF(M24=$W$13,$V$13))))))
A25: ='2 CONTEXTO E IDENTIFICACIÓN'!#REF! -> #REF! | B25: =+'2 CONTEXTO E IDENTIFICACIÓN'!#REF! -> #REF! | D25: =+IF(C25="","",IF(C25<=$S$9,$Q$9,IF(C25<=$S$10,$Q$10,IF(C25<=$S$11,$Q$11,IF(C25<=$S$12,$Q$12,IF(C25>=$R$13,$Q$13,"")))))) | E25: =+IF(D25="","",IF(D25=$Q$9,$T$9,IF(D25=$Q$10,$T$10,IF(D25=$Q$11,$T$11,IF(D25=$Q$12,$T$12,IF(D25=$Q$13,$T$13)))))) | F25: =+IF(D25="","",IF(D25=$Q$9,$P$9,IF(D25=$Q$10,$P$10,IF(D25=$Q$11,$P$11,IF(D25=$Q$12,$P$12,IF(D25=$Q$13,$P$13)))))) | H25: =+IF(G25="","",IF(G25="N/A","",IF(OR(G25=$X$9,G25=$Y$9),$W$9,IF(OR(G25=$X$10,G25=$Y$10),$W$10,IF(OR(G25=$X$11,G25=$Y$11),$W$11,IF(OR(G25=$X$12,G25=$Y$12),$W$12,IF(OR(G25=$X$13,G25=$Y$13),$W$13))))))) | I25: =+IF(G25="","",IF(G25="N/A","",IF(OR(G25=$X$9,G25=$Y$9),$V$9,IF(OR(G25=$X$10,G25=$Y$10),$V$10,IF(OR(G25=$X$11,G25=$Y$11),$V$11,IF(OR(G25=$X$12,G25=$Y$12),$V$12,IF(OR(G25=$X$13,G25=$Y$13),$V$13))))))) | K25: =+IF(J25="","",IF(J25="N/A","",IF(OR(J25=$X$9,J25=$Y$9),$W$9,IF(OR(J25=$X$10,J25=$Y$10),$W$10,IF(OR(J25=$X$11,J25=$Y$11),$W$11,IF(OR(J25=$X$12,J25=$Y$12),$W$12,IF(OR(J25=$X$13,J25=$Y$13),$W$13))))))) | L25: =+IF(J25="","",IF(J25="N/A","",IF(OR(J25=$X$9,J25=$Y$9),$V$9,IF(OR(J25=$X$10,J25=$Y$10),$V$10,IF(OR(J25=$X$11,J25=$Y$11),$V$11,IF(OR(J25=$X$12,J25=$Y$12),$V$12,IF(OR(J25=$X$13,J25=$Y$13),$V$13))))))) | M25: =+IF(H25="",K25,IF(K25="",H25,IF(H25>K25,H25,K25))) | N25: =+IF(M25="","",IF(M25=$W$9,$V$9,IF(M25=$W$10,$V$10,IF(M25=$W$11,$V$11,IF(M25=$W$12,$V$12,IF(M25=$W$13,$V$13))))))
A26: ='2 CONTEXTO E IDENTIFICACIÓN'!#REF! -> #REF! | B26: =+'2 CONTEXTO E IDENTIFICACIÓN'!#REF! -> #REF! | D26: =+IF(C26="","",IF(C26<=$S$9,$Q$9,IF(C26<=$S$10,$Q$10,IF(C26<=$S$11,$Q$11,IF(C26<=$S$12,$Q$12,IF(C26>=$R$13,$Q$13,"")))))) | E26: =+IF(D26="","",IF(D26=$Q$9,$T$9,IF(D26=$Q$10,$T$10,IF(D26=$Q$11,$T$11,IF(D26=$Q$12,$T$12,IF(D26=$Q$13,$T$13)))))) | F26: =+IF(D26="","",IF(D26=$Q$9,$P$9,IF(D26=$Q$10,$P$10,IF(D26=$Q$11,$P$11,IF(D26=$Q$12,$P$12,IF(D26=$Q$13,$P$13)))))) | H26: =+IF(G26="","",IF(G26="N/A","",IF(OR(G26=$X$9,G26=$Y$9),$W$9,IF(OR(G26=$X$10,G26=$Y$10),$W$10,IF(OR(G26=$X$11,G26=$Y$11),$W$11,IF(OR(G26=$X$12,G26=$Y$12),$W$12,IF(OR(G26=$X$13,G26=$Y$13),$W$13))))))) | I26: =+IF(G26="","",IF(G26="N/A","",IF(OR(G26=$X$9,G26=$Y$9),$V$9,IF(OR(G26=$X$10,G26=$Y$10),$V$10,IF(OR(G26=$X$11,G26=$Y$11),$V$11,IF(OR(G26=$X$12,G26=$Y$12),$V$12,IF(OR(G26=$X$13,G26=$Y$13),$V$13))))))) | K26: =+IF(J26="","",IF(J26="N/A","",IF(OR(J26=$X$9,J26=$Y$9),$W$9,IF(OR(J26=$X$10,J26=$Y$10),$W$10,IF(OR(J26=$X$11,J26=$Y$11),$W$11,IF(OR(J26=$X$12,J26=$Y$12),$W$12,IF(OR(J26=$X$13,J26=$Y$13),$W$13))))))) | L26: =+IF(J26="","",IF(J26="N/A","",IF(OR(J26=$X$9,J26=$Y$9),$V$9,IF(OR(J26=$X$10,J26=$Y$10),$V$10,IF(OR(J26=$X$11,J26=$Y$11),$V$11,IF(OR(J26=$X$12,J26=$Y$12),$V$12,IF(OR(J26=$X$13,J26=$Y$13),$V$13))))))) | M26: =+IF(H26="",K26,IF(K26="",H26,IF(H26>K26,H26,K26))) | N26: =+IF(M26="","",IF(M26=$W$9,$V$9,IF(M26=$W$10,$V$10,IF(M26=$W$11,$V$11,IF(M26=$W$12,$V$12,IF(M26=$W$13,$V$13))))))
... A28: ='2 CONTEXTO E IDENTIFICACIÓN'!#REF! -> #REF! | B28: =+'2 CONTEXTO E IDENTIFICACIÓN'!#REF! -> #REF! | D28: =+IF(C28="","",IF(C28<=$S$9,$Q$9,IF(C28<=$S$10,$Q$10,IF(C28<=$S$11,$Q$11,IF(C28<=$S$12,$Q$12,IF(C28>=$R$13,$Q$13,"")))))) | E28: =+IF(D28="","",IF(D28=$Q$9,$T$9,IF(D28=$Q$10,$T$10,IF(D28=$Q$11,$T$11,IF(D28=$Q$12,$T$12,IF(D28=$Q$13,$T$13)))))) | F28: =+IF(D28="","",IF(D28=$Q$9,$P$9,IF(D28=$Q$10,$P$10,IF(D28=$Q$11,$P$11,IF(D28=$Q$12,$P$12,IF(D28=$Q$13,$P$13)))))) | H28: =+IF(G28="","",IF(G28="N/A","",IF(OR(G28=$X$9,G28=$Y$9),$W$9,IF(OR(G28=$X$10,G28=$Y$10),$W$10,IF(OR(G28=$X$11,G28=$Y$11),$W$11,IF(OR(G28=$X$12,G28=$Y$12),$W$12,IF(OR(G28=$X$13,G28=$Y$13),$W$13))))))) | I28: =+IF(G28="","",IF(G28="N/A","",IF(OR(G28=$X$9,G28=$Y$9),$V$9,IF(OR(G28=$X$10,G28=$Y$10),$V$10,IF(OR(G28=$X$11,G28=$Y$11),$V$11,IF(OR(G28=$X$12,G28=$Y$12),$V$12,IF(OR(G28=$X$13,G28=$Y$13),$V$13))))))) | K28: =+IF(J28="","",IF(J28="N/A","",IF(OR(J28=$X$9,J28=$Y$9),$W$9,IF(OR(J28=$X$10,J28=$Y$10),$W$10,IF(OR(J28=$X$11,J28=$Y$11),$W$11,IF(OR(J28=$X$12,J28=$Y$12),$W$12,IF(OR(J28=$X$13,J28=$Y$13),$W$13))))))) | L28: =+IF(J28="","",IF(J28="N/A","",IF(OR(J28=$X$9,J28=$Y$9),$V$9,IF(OR(J28=$X$10,J28=$Y$10),$V$10,IF(OR(J28=$X$11,J28=$Y$11),$V$11,IF(OR(J28=$X$12,J28=$Y$12),$V$12,IF(OR(J28=$X$13,J28=$Y$13),$V$13))))))) | M28: =+IF(H28="",K28,IF(K28="",H28,IF(H28>K28,H28,K28))) | N28: =+IF(M28="","",IF(M28=$W$9,$V$9,IF(M28=$W$10,$V$10,IF(M28=$W$11,$V$11,IF(M28=$W$12,$V$12,IF(M28=$W$13,$V$13))))))

Sheet 4 MAPA CALOR INHERENTE
B1: =+'2 CONTEXTO E IDENTIFICACIÓN'!A1 -> MAPA DE RIESGOS
C2: =+'2 CONTEXTO E IDENTIFICACIÓN'!A2 -> VERSIÓN: | D2: ='2 CONTEXTO E IDENTIFICACIÓN'!B2 -> 0 | I2: =+'2 CONTEXTO E IDENTIFICACIÓN'!$I$4 -> Elaboración o Actualización: | J2: ='2 CONTEXTO E IDENTIFICACIÓN'!J4 -> 46003
I3: =+'2 CONTEXTO E IDENTIFICACIÓN'!$E$5 -> Vigencia: | J3: ='2 CONTEXTO E IDENTIFICACIÓN'!G5 -> 46023 | K3: Al | L3: ='2 CONTEXTO E IDENTIFICACIÓN'!J5 -> 46387
A4: ENTIDAD: | B4: ='2 CONTEXTO E IDENTIFICACIÓN'!B4 -> SUPERSOLIDARIA
A5: PROCESO: | B5: ='2 CONTEXTO E IDENTIFICACIÓN'!F4 -> PLES
G6: MAPA DE CALOR RIESGO INHERENTE | R6: Impacto
C7: CALIFICACIÓN RIESGO INHERENTE | I7: Impacto | R7: 0.2 | S7: 0.4 | T7: 0.6 | U7: 0.8 | V7: 1
A8: No. DEL RIESGO | B8: RIESGO | C8: PROBABILIDAD | D8: IMPACTO | E8: SEVERIDAD (NIVEL DE RIESGO) | I8: Leve | J8: Menor | K8: Moderado | L8: Mayor | M8: Catastrófico | R8: Leve | S8: Menor | T8: Moderado | U8: Mayor | V8: Catastrófico
A9: ='2 CONTEXTO E IDENTIFICACIÓN'!A9 -> PLES-1 | B9: =+'2 CONTEXTO E IDENTIFICACIÓN'!J9 -> Posibilidad de afectación reputacional porla toma de decisiones de la alta dirección con información de seguimiento inexacta o no validada del Plan Estratégico Institucional y del Plan de Acción, a causa de de la omisión en la verificación técnica de los reportes presentados por las dependencias. | C9: =+'3 PROBABIL E IMPACTO INHERENTE'!F9 -> Media | D9: =+'3 PROBABIL E IMPACTO INHERENTE'!N9 -> Moderado | E9: =+IF(C9=$Q$9,IF(D9=$R$8,$R$9,IF(D9=$S$8,$S$9,IF(D9=$T$8,$T$9,IF(D9=$U$8,$U$9,IF(D9=$V$8,$V$9))))),IF(C9=$Q$10,IF(D9=$R$8,$R$10,IF(D9=$S$8,$S$10,IF(D9=$T$8,$T$10,IF(D9=$U$8,$U$10,IF(D9=$V$8,$V$10))))),IF(C9=$Q$11,IF(D9=$R$8,$R$11,IF(D9=$S$8,$S$11,IF(D9=$T$8,$T$11,IF(D9=$U$8,$U$11,IF(D9=$V$8,$V$11))))),IF(C9=$Q$12,IF(D9=$R$8,$R$12,IF(D9=$S$8,$S$12,IF(D9=$T$8,$T$12,IF(D9=$U$8,$U$12,IF(D9=$V$8,$V$12))))),IF(C9=$Q$13,IF(D9=$R$8,$R$13,IF(D9=$S$8,$S$13,IF(D9=$T$8,$T$13,IF(D9=$U$8,$U$13,IF(D9=$V$8,$V$13))))),""))))) -> Moderado | G9: Probabilidad | H9: Muy Alta | I9: =+IF(AND(C9=$Q$9,D9=$R$8),A9,"")&" "&IF(AND(C10=$Q$9,D10=$R$8),A10,"")&" "&IF(AND(C11=$Q$9,D11=$R$8),A11,"")&" "&IF(AND(C12=$Q$9,D12=$R$8),A12,"")&" "&IF(AND(C13=$Q$9,D13=$R$8),A13,"")&" "&IF(AND(C14=$Q$9,D14=$R$8),A14,"")&" "&IF(AND(C15=$Q$9,D15=$R$8),A15,"")&" "&IF(AND(C16=$Q$9,D16=$R$8),A16,"")&" "&IF(AND(C17=$Q$9,D17=$R$8),A17,"")&" "&IF(AND(C18=$Q$9,D18=$R$8),A18,"")&" "&IF(AND(C19=$Q$9,D19=$R$8),A19,"")&" "&IF(AND(C20=$Q$9,D20=$R$8),A20,"")&" "&IF(AND(C21=$Q$9,D21=$R$8),A21,"")&" "&IF(AND(C22=$Q$9,D22=$R$8),A22,"")&" "&IF(AND(C23=$Q$9,D23=$R$8),A23,"")&" "&IF(AND(C24=$Q$9,D24=$R$8),A24,"")&" "&IF(AND(C25=$Q$9,D25=$R$8),A25,"")&" "&IF(AND(C26=$Q$9,D26=$R$8),A26,"")&" "&IF(AND(C27=$Q$9,D27=$R$8),A27,"")&" "&IF(AND(C28=$Q$9,D28=$R$8),A28,"") | J9: =+IF(AND(C9=$Q$9,D9=$S$8),A9,"")&" "&IF(AND(C10=$Q$9,D10=$S$8),A10,"")&" "&IF(AND(C11=$Q$9,D11=$S$8),A11,"")&" "&IF(AND(C12=$Q$9,D12=$S$8),A12,"")&" "&IF(AND(C13=$Q$9,D13=$S$8),A13,"")&" "&IF(AND(C14=$Q$9,D14=$S$8),A14,"")&" "&IF(AND(C15=$Q$9,D15=$S$8),A15,"")&" "&IF(AND(C16=$Q$9,D16=$S$8),A16,"")&" "&IF(AND(C17=$Q$9,D17=$S$8),A17,"")&" "&IF(AND(C18=$Q$9,D18=$S$8),A18,"")&" "&IF(AND(C19=$Q$9,D19=$S$8),A19,"")&" "&IF(AND(C20=$Q$9,D20=$S$8),A20,"")&" "&IF(AND(C21=$Q$9,D21=$S$8),A21,"")&" "&IF(AND(C22=$Q$9,D22=$S$8),A22,"")&" "&IF(AND(C23=$Q$9,D23=$S$8),A23,"")&" "&IF(AND(C24=$Q$9,D24=$S$8),A24,"")&" "&IF(AND(C25=$Q$9,D25=$S$8),A25,"")&" "&IF(AND(C26=$Q$9,D26=$S$8),A26,"")&" "&IF(AND(C27=$Q$9,D27=$S$8),A27,"")&" "&IF(AND(C28=$Q$9,D28=$S$8),A28,"") | K9: =+IF(AND(C9=$Q$9,D9=$T$8),A9,"")&" "&IF(AND(C10=$Q$9,D10=$T$8),A10,"")&" "&IF(AND(C11=$Q$9,D11=$T$8),A11,"")&" "&IF(AND(C12=$Q$9,D12=$T$8),A12,"")&" "&IF(AND(C13=$Q$9,D13=$T$8),A13,"")&" "&IF(AND(C14=$Q$9,D14=$T$8),A14,"")&" "&IF(AND(C15=$Q$9,D15=$T$8),A15,"")&" "&IF(AND(C16=$Q$9,D16=$T$8),A16,"")&" "&IF(AND(C17=$Q$9,D17=$T$8),A17,"")&" "&IF(AND(C18=$Q$9,D18=$T$8),A18,"")&" "&IF(AND(C19=$Q$9,D19=$T$8),A19,"")&" "&IF(AND(C20=$Q$9,D20=$T$8),A20,"")&" "&IF(AND(C21=$Q$9,D21=$T$8),A21,"")&" "&IF(AND(C22=$Q$9,D22=$T$8),A22,"")&" "&IF(AND(C23=$Q$9,D23=$T$8),A23,"")&" "&IF(AND(C24=$Q$9,D24=$T$8),A24,"")&" "&IF(AND(C25=$Q$9,D25=$T$8),A25,"")&" "&IF(AND(C26=$Q$9,D26=$T$8),A26,"")&" "&IF(AND(C27=$Q$9,D27=$T$8),A27,"")&" "&IF(AND(C28=$Q$9,D28=$T$8),A28,"") | L9: =+IF(AND(C9=$Q$9,D9=$U$8),A9,"")&" "&IF(AND(C10=$Q$9,D10=$U$8),A10,"")&" "&IF(AND(C11=$Q$9,D11=$U$8),A11,"")&" "&IF(AND(C12=$Q$9,D12=$U$8),A12,"")&" "&IF(AND(C13=$Q$9,D13=$U$8),A13,"")&" "&IF(AND(C14=$Q$9,D14=$U$8),A14,"")&" "&IF(AND(C15=$Q$9,D15=$U$8),A15,"")&" "&IF(AND(C16=$Q$9,D16=$U$8),A16,"")&" "&IF(AND(C17=$Q$9,D17=$U$8),A17,"")&" "&IF(AND(C18=$Q$9,D18=$U$8),A18,"")&" "&IF(AND(C19=$Q$9,D19=$U$8),A19,"")&" "&IF(AND(C20=$Q$9,D20=$U$8),A20,"")&" "&IF(AND(C21=$Q$9,D21=$U$8),A21,"")&" "&IF(AND(C22=$Q$9,D22=$U$8),A22,"")&" "&IF(AND(C23=$Q$9,D23=$U$8),A23,"")&" "&IF(AND(C24=$Q$9,D24=$U$8),A24,"")&" "&IF(AND(C25=$Q$9,D25=$U$8),A25,"")&" "&IF(AND(C26=$Q$9,D26=$U$8),A26,"")&" "&IF(AND(C27=$Q$9,D27=$U$8),A27,"")&" "&IF(AND(C28=$Q$9,D28=$U$8),A28,"") | M9: =+IF(AND(C9=$Q$9,D9=$V$8),A9,"")&" "&IF(AND(C10=$Q$9,D10=$V$8),A10,"")&" "&IF(AND(C11=$Q$9,D11=$V$8),A11,"")&" "&IF(AND(C12=$Q$9,D12=$V$8),A12,"")&" "&IF(AND(C13=$Q$9,D13=$V$8),A13,"")&" "&IF(AND(C14=$Q$9,D14=$V$8),A14,"")&" "&IF(AND(C15=$Q$9,D15=$V$8),A15,"")&" "&IF(AND(C16=$Q$9,D16=$V$8),A16,"")&" "&IF(AND(C17=$Q$9,D17=$V$8),A17,"")&" "&IF(AND(C18=$Q$9,D18=$V$8),A18,"")&" "&IF(AND(C19=$Q$9,D19=$V$8),A19,"")&" "&IF(AND(C20=$Q$9,D20=$V$8),A20,"")&" "&IF(AND(C21=$Q$9,D21=$V$8),A21,"")&" "&IF(AND(C22=$Q$9,D22=$V$8),A22,"")&" "&IF(AND(C23=$Q$9,D23=$V$8),A23,"")&" "&IF(AND(C24=$Q$9,D24=$V$8),A24,"")&" "&IF(AND(C25=$Q$9,D25=$V$8),A25,"")&" "&IF(AND(C26=$Q$9,D26=$V$8),A26,"")&" "&IF(AND(C27=$Q$9,D27=$V$8),A27,"")&" "&IF(AND(C28=$Q$9,D28=$V$8),A28,"") | O9: Probabilidad | P9: 1 | Q9: Muy Alta | R9: Alto | S9: Alto | T9: Alto | U9: Alto | V9: Extremo
A10: ='2 CONTEXTO E IDENTIFICACIÓN'!A10 -> PLES-2 | B10: =+'2 CONTEXTO E IDENTIFICACIÓN'!J10 -> Posibilidad de afectación reputacional por la desarticulación a causa de la aprobación del Plan de Acción a causa de de no integración de las metas establecidas en el Plan Estratégico Institucional y las actividades de los planes del Decreto 612 de 2018 | C10: =+'3 PROBABIL E IMPACTO INHERENTE'!F10 -> Media | D10: =+'3 PROBABIL E IMPACTO INHERENTE'!N10 -> Moderado | E10: =+IF(C10=$Q$9,IF(D10=$R$8,$R$9,IF(D10=$S$8,$S$9,IF(D10=$T$8,$T$9,IF(D10=$U$8,$U$9,IF(D10=$V$8,$V$9))))),IF(C10=$Q$10,IF(D10=$R$8,$R$10,IF(D10=$S$8,$S$10,IF(D10=$T$8,$T$10,IF(D10=$U$8,$U$10,IF(D10=$V$8,$V$10))))),IF(C10=$Q$11,IF(D10=$R$8,$R$11,IF(D10=$S$8,$S$11,IF(D10=$T$8,$T$11,IF(D10=$U$8,$U$11,IF(D10=$V$8,$V$11))))),IF(C10=$Q$12,IF(D10=$R$8,$R$12,IF(D10=$S$8,$S$12,IF(D10=$T$8,$T$12,IF(D10=$U$8,$U$12,IF(D10=$V$8,$V$12))))),IF(C10=$Q$13,IF(D10=$R$8,$R$13,IF(D10=$S$8,$S$13,IF(D10=$T$8,$T$13,IF(D10=$U$8,$U$13,IF(D10=$V$8,$V$13))))),""))))) -> Moderado | H10: Alta | I10: =+IF(AND(C9=$Q$10,D9=$R$8),A9,"")&" "&IF(AND(C10=$Q$10,D10=$R$8),A10,"")&" "&IF(AND(C11=$Q$10,D11=$R$8),A11,"")&" "&IF(AND(C12=$Q$10,D12=$R$8),A12,"")&" "&IF(AND(C13=$Q$10,D13=$R$8),A13,"")&" "&IF(AND(C14=$Q$10,D14=$R$8),A14,"")&" "&IF(AND(C15=$Q$10,D15=$R$8),A15,"")&" "&IF(AND(C16=$Q$10,D16=$R$8),A16,"")&" "&IF(AND(C17=$Q$10,D17=$R$8),A17,"")&" "&IF(AND(C18=$Q$10,D18=$R$8),A18,"")&" "&IF(AND(C19=$Q$10,D19=$R$8),A19,"")&" "&IF(AND(C20=$Q$10,D20=$R$8),A20,"")&" "&IF(AND(C21=$Q$10,D21=$R$8),A21,"")&" "&IF(AND(C22=$Q$10,D22=$R$8),A22,"")&" "&IF(AND(C23=$Q$10,D23=$R$8),A23,"")&" "&IF(AND(C24=$Q$10,D24=$R$8),A24,"")&" "&IF(AND(C25=$Q$10,D25=$R$8),A25,"")&" "&IF(AND(C26=$Q$10,D26=$R$8),A26,"")&" "&IF(AND(C27=$Q$10,D27=$R$8),A27,"")&" "&IF(AND(C28=$Q$10,D28=$R$8),A28,"") | J10: =+IF(AND(C9=$Q$10,D9=$S$8),A9,"")&" "&IF(AND(C10=$Q$10,D10=$S$8),A10,"")&" "&IF(AND(C11=$Q$10,D11=$S$8),A11,"")&" "&IF(AND(C12=$Q$10,D12=$S$8),A12,"")&" "&IF(AND(C13=$Q$10,D13=$S$8),A13,"")&" "&IF(AND(C14=$Q$10,D14=$S$8),A14,"")&" "&IF(AND(C15=$Q$10,D15=$S$8),A15,"")&" "&IF(AND(C16=$Q$10,D16=$S$8),A16,"")&" "&IF(AND(C17=$Q$10,D17=$S$8),A17,"")&" "&IF(AND(C18=$Q$10,D18=$S$8),A18,"")&" "&IF(AND(C19=$Q$10,D19=$S$8),A19,"")&" "&IF(AND(C20=$Q$10,D20=$S$8),A20,"")&" "&IF(AND(C21=$Q$10,D21=$S$8),A21,"")&" "&IF(AND(C22=$Q$10,D22=$S$8),A22,"")&" "&IF(AND(C23=$Q$10,D23=$S$8),A23,"")&" "&IF(AND(C24=$Q$10,D24=$S$8),A24,"")&" "&IF(AND(C25=$Q$10,D25=$S$8),A25,"")&" "&IF(AND(C26=$Q$10,D26=$S$8),A26,"")&" "&IF(AND(C27=$Q$10,D27=$S$8),A27,"")&" "&IF(AND(C28=$Q$10,D28=$S$8),A28,"") | K10: =+IF(AND(C9=$Q$10,D9=$T$8),A9,"")&" "&IF(AND(C10=$Q$10,D10=$T$8),A10,"")&" "&IF(AND(C11=$Q$10,D11=$T$8),A11,"")&" "&IF(AND(C12=$Q$10,D12=$T$8),A12,"")&" "&IF(AND(C13=$Q$10,D13=$T$8),A13,"")&" "&IF(AND(C14=$Q$10,D14=$T$8),A14,"")&" "&IF(AND(C15=$Q$10,D15=$T$8),A15,"")&" "&IF(AND(C16=$Q$10,D16=$T$8),A16,"")&" "&IF(AND(C17=$Q$10,D17=$T$8),A17,"")&" "&IF(AND(C18=$Q$10,D18=$T$8),A18,"")&" "&IF(AND(C19=$Q$10,D19=$T$8),A19,"")&" "&IF(AND(C20=$Q$10,D20=$T$8),A20,"")&" "&IF(AND(C21=$Q$10,D21=$T$8),A21,"")&" "&IF(AND(C22=$Q$10,D22=$T$8),A22,"")&" "&IF(AND(C23=$Q$10,D23=$T$8),A23,"")&" "&IF(AND(C24=$Q$10,D24=$T$8),A24,"")&" "&IF(AND(C25=$Q$10,D25=$T$8),A25,"")&" "&IF(AND(C26=$Q$10,D26=$T$8),A26,"")&" "&IF(AND(C27=$Q$10,D27=$T$8),A27,"")&" "&IF(AND(C28=$Q$10,D28=$T$8),A28,"") | L10: =+IF(AND(C9=$Q$10,D9=$U$8),A9,"")&" "&IF(AND(C10=$Q$10,D10=$U$8),A10,"")&" "&IF(AND(C11=$Q$10,D11=$U$8),A11,"")&" "&IF(AND(C12=$Q$10,D12=$U$8),A12,"")&" "&IF(AND(C13=$Q$10,D13=$U$8),A13,"")&" "&IF(AND(C14=$Q$10,D14=$U$8),A14,"")&" "&IF(AND(C15=$Q$10,D15=$U$8),A15,"")&" "&IF(AND(C16=$Q$10,D16=$U$8),A16,"")&" "&IF(AND(C17=$Q$10,D17=$U$8),A17,"")&" "&IF(AND(C18=$Q$10,D18=$U$8),A18,"")&" "&IF(AND(C19=$Q$10,D19=$U$8),A19,"")&" "&IF(AND(C20=$Q$10,D20=$U$8),A20,"")&" "&IF(AND(C21=$Q$10,D21=$U$8),A21,"")&" "&IF(AND(C22=$Q$10,D22=$U$8),A22,"")&" "&IF(AND(C23=$Q$10,D23=$U$8),A23,"")&" "&IF(AND(C24=$Q$10,D24=$U$8),A24,"")&" "&IF(AND(C25=$Q$10,D25=$U$8),A25,"")&" "&IF(AND(C26=$Q$10,D26=$U$8),A26,"")&" "&IF(AND(C27=$Q$10,D27=$U$8),A27,"")&" "&IF(AND(C28=$Q$10,D28=$U$8),A28,"") | M10: =+IF(AND(C9=$Q$10,D9=$V$8),A9,"")&" "&IF(AND(C10=$Q$10,D10=$V$8),A10,"")&" "&IF(AND(C11=$Q$10,D11=$V$8),A11,"")&" "&IF(AND(C12=$Q$10,D12=$V$8),A12,"")&" "&IF(AND(C13=$Q$10,D13=$V$8),A13,"")&" "&IF(AND(C14=$Q$10,D14=$V$8),A14,"")&" "&IF(AND(C15=$Q$10,D15=$V$8),A15,"")&" "&IF(AND(C16=$Q$10,D16=$V$8),A16,"")&" "&IF(AND(C17=$Q$10,D17=$V$8),A17,"")&" "&IF(AND(C18=$Q$10,D18=$V$8),A18,"")&" "&IF(AND(C19=$Q$10,D19=$V$8),A19,"")&" "&IF(AND(C20=$Q$10,D20=$V$8),A20,"")&" "&IF(AND(C21=$Q$10,D21=$V$8),A21,"")&" "&IF(AND(C22=$Q$10,D22=$V$8),A22,"")&" "&IF(AND(C23=$Q$10,D23=$V$8),A23,"")&" "&IF(AND(C24=$Q$10,D24=$V$8),A24,"")&" "&IF(AND(C25=$Q$10,D25=$V$8),A25,"")&" "&IF(AND(C26=$Q$10,D26=$V$8),A26,"")&" "&IF(AND(C27=$Q$10,D27=$V$8),A27,"")&" "&IF(AND(C28=$Q$10,D28=$V$8),A28,"") | P10: 0.8 | Q10: Alta | R10: Moderado | S10: Moderado | T10: Alto | U10: Alto | V10: Extremo
A11: ='2 CONTEXTO E IDENTIFICACIÓN'!A12 -> PLES-4 | B11: =+'2 CONTEXTO E IDENTIFICACIÓN'!J12 -> Posibilidad de afectación reputacional por falta de coordinación y liderazgo interno relacionado con el tema de innovación a causa de la inexistencia de una politica actualizada que se ajuste a las necesidades de la entidad y el sector | C11: =+'3 PROBABIL E IMPACTO INHERENTE'!F11 -> Media | D11: =+'3 PROBABIL E IMPACTO INHERENTE'!N11 -> Moderado | E11: =+IF(C11=$Q$9,IF(D11=$R$8,$R$9,IF(D11=$S$8,$S$9,IF(D11=$T$8,$T$9,IF(D11=$U$8,$U$9,IF(D11=$V$8,$V$9))))),IF(C11=$Q$10,IF(D11=$R$8,$R$10,IF(D11=$S$8,$S$10,IF(D11=$T$8,$T$10,IF(D11=$U$8,$U$10,IF(D11=$V$8,$V$10))))),IF(C11=$Q$11,IF(D11=$R$8,$R$11,IF(D11=$S$8,$S$11,IF(D11=$T$8,$T$11,IF(D11=$U$8,$U$11,IF(D11=$V$8,$V$11))))),IF(C11=$Q$12,IF(D11=$R$8,$R$12,IF(D11=$S$8,$S$12,IF(D11=$T$8,$T$12,IF(D11=$U$8,$U$12,IF(D11=$V$8,$V$12))))),IF(C11=$Q$13,IF(D11=$R$8,$R$13,IF(D11=$S$8,$S$13,IF(D11=$T$8,$T$13,IF(D11=$U$8,$U$13,IF(D11=$V$8,$V$13))))),""))))) -> Moderado | H11: Media | I11: =+IF(AND(C9=$Q$11,D9=$R$8),A9,"")&" "&IF(AND(C10=$Q$11,D10=$R$8),A10,"")&" "&IF(AND(C11=$Q$11,D11=$R$8),A11,"")&" "&IF(AND(C12=$Q$11,D12=$R$8),A12,"")&" "&IF(AND(C13=$Q$11,D13=$R$8),A13,"")&" "&IF(AND(C14=$Q$11,D14=$R$8),A14,"")&" "&IF(AND(C15=$Q$11,D15=$R$8),A15,"")&" "&IF(AND(C16=$Q$11,D16=$R$8),A16,"")&" "&IF(AND(C17=$Q$11,D17=$R$8),A17,"")&" "&IF(AND(C18=$Q$11,D18=$R$8),A18,"")&" "&IF(AND(C19=$Q$11,D19=$R$8),A19,"")&" "&IF(AND(C20=$Q$11,D20=$R$8),A20,"")&" "&IF(AND(C21=$Q$11,D21=$R$8),A21,"")&" "&IF(AND(C22=$Q$11,D22=$R$8),A22,"")&" "&IF(AND(C23=$Q$11,D23=$R$8),A23,"")&" "&IF(AND(C24=$Q$11,D24=$R$8),A24,"")&" "&IF(AND(C25=$Q$11,D25=$R$8),A25,"")&" "&IF(AND(C26=$Q$11,D26=$R$8),A26,"")&" "&IF(AND(C27=$Q$11,D27=$R$8),A27,"")&" "&IF(AND(C28=$Q$11,D28=$R$8),A28,"") | J11: =+IF(AND(C9=$Q$11,D9=$S$8),A9,"")&" "&IF(AND(C10=$Q$11,D10=$S$8),A10,"")&" "&IF(AND(C11=$Q$11,D11=$S$8),A11,"")&" "&IF(AND(C12=$Q$11,D12=$S$8),A12,"")&" "&IF(AND(C13=$Q$11,D13=$S$8),A13,"")&" "&IF(AND(C14=$Q$11,D14=$S$8),A14,"")&" "&IF(AND(C15=$Q$11,D15=$S$8),A15,"")&" "&IF(AND(C16=$Q$11,D16=$S$8),A16,"")&" "&IF(AND(C17=$Q$11,D17=$S$8),A17,"")&" "&IF(AND(C18=$Q$11,D18=$S$8),A18,"")&" "&IF(AND(C19=$Q$11,D19=$S$8),A19,"")&" "&IF(AND(C20=$Q$11,D20=$S$8),A20,"")&" "&IF(AND(C21=$Q$11,D21=$S$8),A21,"")&" "&IF(AND(C22=$Q$11,D22=$S$8),A22,"")&" "&IF(AND(C23=$Q$11,D23=$S$8),A23,"")&" "&IF(AND(C24=$Q$11,D24=$S$8),A24,"")&" "&IF(AND(C25=$Q$11,D25=$S$8),A25,"")&" "&IF(AND(C26=$Q$11,D26=$S$8),A26,"")&" "&IF(AND(C27=$Q$11,D27=$S$8),A27,"")&" "&IF(AND(C28=$Q$11,D28=$S$8),A28,"") | K11: =+IF(AND(C9=$Q$11,D9=$T$8),A9,"")&" "&IF(AND(C10=$Q$11,D10=$T$8),A10,"")&" "&IF(AND(C11=$Q$11,D11=$T$8),A11,"")&" "&IF(AND(C12=$Q$11,D12=$T$8),A12,"")&" "&IF(AND(C13=$Q$11,D13=$T$8),A13,"")&" "&IF(AND(C14=$Q$11,D14=$T$8),A14,"")&" "&IF(AND(C15=$Q$11,D15=$T$8),A15,"")&" "&IF(AND(C16=$Q$11,D16=$T$8),A16,"")&" "&IF(AND(C17=$Q$11,D17=$T$8),A17,"")&" "&IF(AND(C18=$Q$11,D18=$T$8),A18,"")&" "&IF(AND(C19=$Q$11,D19=$T$8),A19,"")&" "&IF(AND(C20=$Q$11,D20=$T$8),A20,"")&" "&IF(AND(C21=$Q$11,D21=$T$8),A21,"")&" "&IF(AND(C22=$Q$11,D22=$T$8),A22,"")&" "&IF(AND(C23=$Q$11,D23=$T$8),A23,"")&" "&IF(AND(C24=$Q$11,D24=$T$8),A24,"")&" "&IF(AND(C25=$Q$11,D25=$T$8),A25,"")&" "&IF(AND(C26=$Q$11,D26=$T$8),A26,"")&" "&IF(AND(C27=$Q$11,D27=$T$8),A27,"")&" "&IF(AND(C28=$Q$11,D28=$T$8),A28,"") -> PLES-1 PLES-2 PLES-4 | L11: =+IF(AND(C9=$Q$11,D9=$U$8),A9,"")&" "&IF(AND(C10=$Q$11,D10=$U$8),A10,"")&" "&IF(AND(C11=$Q$11,D11=$U$8),A11,"")&" "&IF(AND(C12=$Q$11,D12=$U$8),A12,"")&" "&IF(AND(C13=$Q$11,D13=$U$8),A13,"")&" "&IF(AND(C14=$Q$11,D14=$U$8),A14,"")&" "&IF(AND(C15=$Q$11,D15=$U$8),A15,"")&" "&IF(AND(C16=$Q$11,D16=$U$8),A16,"")&" "&IF(AND(C17=$Q$11,D17=$U$8),A17,"")&" "&IF(AND(C18=$Q$11,D18=$U$8),A18,"")&" "&IF(AND(C19=$Q$11,D19=$U$8),A19,"")&" "&IF(AND(C20=$Q$11,D20=$U$8),A20,"")&" "&IF(AND(C21=$Q$11,D21=$U$8),A21,"")&" "&IF(AND(C22=$Q$11,D22=$U$8),A22,"")&" "&IF(AND(C23=$Q$11,D23=$U$8),A23,"")&" "&IF(AND(C24=$Q$11,D24=$U$8),A24,"")&" "&IF(AND(C25=$Q$11,D25=$U$8),A25,"")&" "&IF(AND(C26=$Q$11,D26=$U$8),A26,"")&" "&IF(AND(C27=$Q$11,D27=$U$8),A27,"")&" "&IF(AND(C28=$Q$11,D28=$U$8),A28,"") | M11: =+IF(AND(C9=$Q$11,D9=$V$8),A9,"")&" "&IF(AND(C10=$Q$11,D10=$V$8),A10,"")&" "&IF(AND(C11=$Q$11,D11=$V$8),A11,"")&" "&IF(AND(C12=$Q$11,D12=$V$8),A12,"")&" "&IF(AND(C13=$Q$11,D13=$V$8),A13,"")&" "&IF(AND(C14=$Q$11,D14=$V$8),A14,"")&" "&IF(AND(C15=$Q$11,D15=$V$8),A15,"")&" "&IF(AND(C16=$Q$11,D16=$V$8),A16,"")&" "&IF(AND(C17=$Q$11,D17=$V$8),A17,"")&" "&IF(AND(C18=$Q$11,D18=$V$8),A18,"")&" "&IF(AND(C19=$Q$11,D19=$V$8),A19,"")&" "&IF(AND(C20=$Q$11,D20=$V$8),A20,"")&" "&IF(AND(C21=$Q$11,D21=$V$8),A21,"")&" "&IF(AND(C22=$Q$11,D22=$V$8),A22,"")&" "&IF(AND(C23=$Q$11,D23=$V$8),A23,"")&" "&IF(AND(C24=$Q$11,D24=$V$8),A24,"")&" "&IF(AND(C25=$Q$11,D25=$V$8),A25,"")&" "&IF(AND(C26=$Q$11,D26=$V$8),A26,"")&" "&IF(AND(C27=$Q$11,D27=$V$8),A27,"")&" "&IF(AND(C28=$Q$11,D28=$V$8),A28,"") | P11: 0.6 | Q11: Media | R11: Moderado | S11: Moderado | T11: Moderado | U11: Alto | V11: Extremo
A12: ='2 CONTEXTO E IDENTIFICACIÓN'!#REF! -> #REF! | B12: =+'2 CONTEXTO E IDENTIFICACIÓN'!#REF! -> #REF! | C12: =+'3 PROBABIL E IMPACTO INHERENTE'!F12 -> Baja | D12: =+'3 PROBABIL E IMPACTO INHERENTE'!N12 -> Menor | E12: =+IF(C12=$Q$9,IF(D12=$R$8,$R$9,IF(D12=$S$8,$S$9,IF(D12=$T$8,$T$9,IF(D12=$U$8,$U$9,IF(D12=$V$8,$V$9))))),IF(C12=$Q$10,IF(D12=$R$8,$R$10,IF(D12=$S$8,$S$10,IF(D12=$T$8,$T$10,IF(D12=$U$8,$U$10,IF(D12=$V$8,$V$10))))),IF(C12=$Q$11,IF(D12=$R$8,$R$11,IF(D12=$S$8,$S$11,IF(D12=$T$8,$T$11,IF(D12=$U$8,$U$11,IF(D12=$V$8,$V$11))))),IF(C12=$Q$12,IF(D12=$R$8,$R$12,IF(D12=$S$8,$S$12,IF(D12=$T$8,$T$12,IF(D12=$U$8,$U$12,IF(D12=$V$8,$V$12))))),IF(C12=$Q$13,IF(D12=$R$8,$R$13,IF(D12=$S$8,$S$13,IF(D12=$T$8,$T$13,IF(D12=$U$8,$U$13,IF(D12=$V$8,$V$13))))),""))))) -> Moderado | H12: Baja | I12: =+IF(AND(C9=$Q$12,D9=$R$8),A9,"")&" "&IF(AND(C10=$Q$12,D10=$R$8),A10,"")&" "&IF(AND(C11=$Q$12,D11=$R$8),A11,"")&" "&IF(AND(C12=$Q$12,D12=$R$8),A12,"")&" "&IF(AND(C13=$Q$12,D13=$R$8),A13,"")&" "&IF(AND(C14=$Q$12,D14=$R$8),A14,"")&" "&IF(AND(C15=$Q$12,D15=$R$8),A15,"")&" "&IF(AND(C16=$Q$12,D16=$R$8),A16,"")&" "&IF(AND(C17=$Q$12,D17=$R$8),A17,"")&" "&IF(AND(C18=$Q$12,D18=$R$8),A18,"")&" "&IF(AND(C19=$Q$12,D19=$R$8),A19,"")&" "&IF(AND(C20=$Q$12,D20=$R$8),A20,"")&" "&IF(AND(C21=$Q$12,D21=$R$8),A21,"")&" "&IF(AND(C22=$Q$12,D22=$R$8),A22,"")&" "&IF(AND(C23=$Q$12,D23=$R$8),A23,"")&" "&IF(AND(C24=$Q$12,D24=$R$8),A24,"")&" "&IF(AND(C25=$Q$12,D25=$R$8),A25,"")&" "&IF(AND(C26=$Q$12,D26=$R$8),A26,"")&" "&IF(AND(C27=$Q$12,D27=$R$8),A27,"")&" "&IF(AND(C28=$Q$12,D28=$R$8),A28,"") | J12: =+IF(AND(C9=$Q$12,D9=$S$8),A9,"")&" "&IF(AND(C10=$Q$12,D10=$S$8),A10,"")&" "&IF(AND(C11=$Q$12,D11=$S$8),A11,"")&" "&IF(AND(C12=$Q$12,D12=$S$8),A12,"")&" "&IF(AND(C13=$Q$12,D13=$S$8),A13,"")&" "&IF(AND(C14=$Q$12,D14=$S$8),A14,"")&" "&IF(AND(C15=$Q$12,D15=$S$8),A15,"")&" "&IF(AND(C16=$Q$12,D16=$S$8),A16,"")&" "&IF(AND(C17=$Q$12,D17=$S$8),A17,"")&" "&IF(AND(C18=$Q$12,D18=$S$8),A18,"")&" "&IF(AND(C19=$Q$12,D19=$S$8),A19,"")&" "&IF(AND(C20=$Q$12,D20=$S$8),A20,"")&" "&IF(AND(C21=$Q$12,D21=$S$8),A21,"")&" "&IF(AND(C22=$Q$12,D22=$S$8),A22,"")&" "&IF(AND(C23=$Q$12,D23=$S$8),A23,"")&" "&IF(AND(C24=$Q$12,D24=$S$8),A24,"")&" "&IF(AND(C25=$Q$12,D25=$S$8),A25,"")&" "&IF(AND(C26=$Q$12,D26=$S$8),A26,"")&" "&IF(AND(C27=$Q$12,D27=$S$8),A27,"")&" "&IF(AND(C28=$Q$12,D28=$S$8),A28,"") -> #REF! | K12: =+IF(AND(C9=$Q$12,D9=$T$8),A9,"")&" "&IF(AND(C10=$Q$12,D10=$T$8),A10,"")&" "&IF(AND(C11=$Q$12,D11=$T$8),A11,"")&" "&IF(AND(C12=$Q$12,D12=$T$8),A12,"")&" "&IF(AND(C13=$Q$12,D13=$T$8),A13,"")&" "&IF(AND(C14=$Q$12,D14=$T$8),A14,"")&" "&IF(AND(C15=$Q$12,D15=$T$8),A15,"")&" "&IF(AND(C16=$Q$12,D16=$T$8),A16,"")&" "&IF(AND(C17=$Q$12,D17=$T$8),A17,"")&" "&IF(AND(C18=$Q$12,D18=$T$8),A18,"")&" "&IF(AND(C19=$Q$12,D19=$T$8),A19,"")&" "&IF(AND(C20=$Q$12,D20=$T$8),A20,"")&" "&IF(AND(C21=$Q$12,D21=$T$8),A21,"")&" "&IF(AND(C22=$Q$12,D22=$T$8),A22,"")&" "&IF(AND(C23=$Q$12,D23=$T$8),A23,"")&" "&IF(AND(C24=$Q$12,D24=$T$8),A24,"")&" "&IF(AND(C25=$Q$12,D25=$T$8),A25,"")&" "&IF(AND(C26=$Q$12,D26=$T$8),A26,"")&" "&IF(AND(C27=$Q$12,D27=$T$8),A27,"")&" "&IF(AND(C28=$Q$12,D28=$T$8),A28,"") | L12: =+IF(AND(C9=$Q$12,D9=$U$8),A9,"")&" "&IF(AND(C10=$Q$12,D10=$U$8),A10,"")&" "&IF(AND(C11=$Q$12,D11=$U$8),A11,"")&" "&IF(AND(C12=$Q$12,D12=$U$8),A12,"")&" "&IF(AND(C13=$Q$12,D13=$U$8),A13,"")&" "&IF(AND(C14=$Q$12,D14=$U$8),A14,"")&" "&IF(AND(C15=$Q$12,D15=$U$8),A15,"")&" "&IF(AND(C16=$Q$12,D16=$U$8),A16,"")&" "&IF(AND(C17=$Q$12,D17=$U$8),A17,"")&" "&IF(AND(C18=$Q$12,D18=$U$8),A18,"")&" "&IF(AND(C19=$Q$12,D19=$U$8),A19,"")&" "&IF(AND(C20=$Q$12,D20=$U$8),A20,"")&" "&IF(AND(C21=$Q$12,D21=$U$8),A21,"")&" "&IF(AND(C22=$Q$12,D22=$U$8),A22,"")&" "&IF(AND(C23=$Q$12,D23=$U$8),A23,"")&" "&IF(AND(C24=$Q$12,D24=$U$8),A24,"")&" "&IF(AND(C25=$Q$12,D25=$U$8),A25,"")&" "&IF(AND(C26=$Q$12,D26=$U$8),A26,"")&" "&IF(AND(C27=$Q$12,D27=$U$8),A27,"")&" "&IF(AND(C28=$Q$12,D28=$U$8),A28,"") | M12: =+IF(AND(C9=$Q$12,D9=$V$8),A9,"")&" "&IF(AND(C10=$Q$12,D10=$V$8),A10,"")&" "&IF(AND(C11=$Q$12,D11=$V$8),A11,"")&" "&IF(AND(C12=$Q$12,D12=$V$8),A12,"")&" "&IF(AND(C13=$Q$12,D13=$V$8),A13,"")&" "&IF(AND(C14=$Q$12,D14=$V$8),A14,"")&" "&IF(AND(C15=$Q$12,D15=$V$8),A15,"")&" "&IF(AND(C16=$Q$12,D16=$V$8),A16,"")&" "&IF(AND(C17=$Q$12,D17=$V$8),A17,"")&" "&IF(AND(C18=$Q$12,D18=$V$8),A18,"")&" "&IF(AND(C19=$Q$12,D19=$V$8),A19,"")&" "&IF(AND(C20=$Q$12,D20=$V$8),A20,"")&" "&IF(AND(C21=$Q$12,D21=$V$8),A21,"")&" "&IF(AND(C22=$Q$12,D22=$V$8),A22,"")&" "&IF(AND(C23=$Q$12,D23=$V$8),A23,"")&" "&IF(AND(C24=$Q$12,D24=$V$8),A24,"")&" "&IF(AND(C25=$Q$12,D25=$V$8),A25,"")&" "&IF(AND(C26=$Q$12,D26=$V$8),A26,"")&" "&IF(AND(C27=$Q$12,D27=$V$8),A27,"")&" "&IF(AND(C28=$Q$12,D28=$V$8),A28,"") | P12: 0.4 | Q12: Baja | R12: Bajo | S12: Moderado | T12: Moderado | U12: Alto | V12: Extremo
A13: ='2 CONTEXTO E IDENTIFICACIÓN'!#REF! -> #REF! | B13: =+'2 CONTEXTO E IDENTIFICACIÓN'!#REF! -> #REF! | C13: =+'3 PROBABIL E IMPACTO INHERENTE'!F13 -> 0 | D13: =+'3 PROBABIL E IMPACTO INHERENTE'!N13 -> 0 | E13: =+IF(C13=$Q$9,IF(D13=$R$8,$R$9,IF(D13=$S$8,$S$9,IF(D13=$T$8,$T$9,IF(D13=$U$8,$U$9,IF(D13=$V$8,$V$9))))),IF(C13=$Q$10,IF(D13=$R$8,$R$10,IF(D13=$S$8,$S$10,IF(D13=$T$8,$T$10,IF(D13=$U$8,$U$10,IF(D13=$V$8,$V$10))))),IF(C13=$Q$11,IF(D13=$R$8,$R$11,IF(D13=$S$8,$S$11,IF(D13=$T$8,$T$11,IF(D13=$U$8,$U$11,IF(D13=$V$8,$V$11))))),IF(C13=$Q$12,IF(D13=$R$8,$R$12,IF(D13=$S$8,$S$12,IF(D13=$T$8,$T$12,IF(D13=$U$8,$U$12,IF(D13=$V$8,$V$12))))),IF(C13=$Q$13,IF(D13=$R$8,$R$13,IF(D13=$S$8,$S$13,IF(D13=$T$8,$T$13,IF(D13=$U$8,$U$13,IF(D13=$V$8,$V$13))))),""))))) | H13: Muy Baja | I13: =+IF(AND(C9=$Q$13,D9=$R$8),A9,"")&" "&IF(AND(C10=$Q$13,D10=$R$8),A10,"")&" "&IF(AND(C11=$Q$13,D11=$R$8),A11,"")&" "&IF(AND(C12=$Q$13,D12=$R$8),A12,"")&" "&IF(AND(C13=$Q$13,D13=$R$8),A13,"")&" "&IF(AND(C14=$Q$13,D14=$R$8),A14,"")&" "&IF(AND(C15=$Q$13,D15=$R$8),A15,"")&" "&IF(AND(C16=$Q$13,D16=$R$8),A16,"")&" "&IF(AND(C17=$Q$13,D17=$R$8),A17,"")&" "&IF(AND(C18=$Q$13,D18=$R$8),A18,"")&" "&IF(AND(C19=$Q$13,D19=$R$8),A19,"")&" "&IF(AND(C20=$Q$13,D20=$R$8),A20,"")&" "&IF(AND(C21=$Q$13,D21=$R$8),A21,"")&" "&IF(AND(C22=$Q$13,D22=$R$8),A22,"")&" "&IF(AND(C23=$Q$13,D23=$R$8),A23,"")&" "&IF(AND(C24=$Q$13,D24=$R$8),A24,"")&" "&IF(AND(C25=$Q$13,D25=$R$8),A25,"")&" "&IF(AND(C26=$Q$13,D26=$R$8),A26,"")&" "&IF(AND(C27=$Q$13,D27=$R$8),A27,"")&" "&IF(AND(C28=$Q$13,D28=$R$8),A28,"") | J13: =+IF(AND(C9=$Q$13,D9=$S$8),A9,"")&" "&IF(AND(C10=$Q$13,D10=$S$8),A10,"")&" "&IF(AND(C11=$Q$13,D11=$S$8),A11,"")&" "&IF(AND(C12=$Q$13,D12=$S$8),A12,"")&" "&IF(AND(C13=$Q$13,D13=$S$8),A13,"")&" "&IF(AND(C14=$Q$13,D14=$S$8),A14,"")&" "&IF(AND(C15=$Q$13,D15=$S$8),A15,"")&" "&IF(AND(C16=$Q$13,D16=$S$8),A16,"")&" "&IF(AND(C17=$Q$13,D17=$S$8),A17,"")&" "&IF(AND(C18=$Q$13,D18=$S$8),A18,"")&" "&IF(AND(C19=$Q$13,D19=$S$8),A19,"")&" "&IF(AND(C20=$Q$13,D20=$S$8),A20,"")&" "&IF(AND(C21=$Q$13,D21=$S$8),A21,"")&" "&IF(AND(C22=$Q$13,D22=$S$8),A22,"")&" "&IF(AND(C23=$Q$13,D23=$S$8),A23,"")&" "&IF(AND(C24=$Q$13,D24=$S$8),A24,"")&" "&IF(AND(C25=$Q$13,D25=$S$8),A25,"")&" "&IF(AND(C26=$Q$13,D26=$S$8),A26,"")&" "&IF(AND(C27=$Q$13,D27=$S$8),A27,"")&" "&IF(AND(C28=$Q$13,D28=$S$8),A28,"") | K13: =+IF(AND(C9=$Q$13,D9=$T$8),A9,"")&" "&IF(AND(C10=$Q$13,D10=$T$8),A10,"")&" "&IF(AND(C11=$Q$13,D11=$T$8),A11,"")&" "&IF(AND(C12=$Q$13,D12=$T$8),A12,"")&" "&IF(AND(C13=$Q$13,D13=$T$8),A13,"")&" "&IF(AND(C14=$Q$13,D14=$T$8),A14,"")&" "&IF(AND(C15=$Q$13,D15=$T$8),A15,"")&" "&IF(AND(C16=$Q$13,D16=$T$8),A16,"")&" "&IF(AND(C17=$Q$13,D17=$T$8),A17,"")&" "&IF(AND(C18=$Q$13,D18=$T$8),A18,"")&" "&IF(AND(C19=$Q$13,D19=$T$8),A19,"")&" "&IF(AND(C20=$Q$13,D20=$T$8),A20,"")&" "&IF(AND(C21=$Q$13,D21=$T$8),A21,"")&" "&IF(AND(C22=$Q$13,D22=$T$8),A22,"")&" "&IF(AND(C23=$Q$13,D23=$T$8),A23,"")&" "&IF(AND(C24=$Q$13,D24=$T$8),A24,"")&" "&IF(AND(C25=$Q$13,D25=$T$8),A25,"")&" "&IF(AND(C26=$Q$13,D26=$T$8),A26,"")&" "&IF(AND(C27=$Q$13,D27=$T$8),A27,"")&" "&IF(AND(C28=$Q$13,D28=$T$8),A28,"") | L13: =+IF(AND(C9=$Q$13,D9=$U$8),A9,"")&" "&IF(AND(C10=$Q$13,D10=$U$8),A10,"")&" "&IF(AND(C11=$Q$13,D11=$U$8),A11,"")&" "&IF(AND(C12=$Q$13,D12=$U$8),A12,"")&" "&IF(AND(C13=$Q$13,D13=$U$8),A13,"")&" "&IF(AND(C14=$Q$13,D14=$U$8),A14,"")&" "&IF(AND(C15=$Q$13,D15=$U$8),A15,"")&" "&IF(AND(C16=$Q$13,D16=$U$8),A16,"")&" "&IF(AND(C17=$Q$13,D17=$U$8),A17,"")&" "&IF(AND(C18=$Q$13,D18=$U$8),A18,"")&" "&IF(AND(C19=$Q$13,D19=$U$8),A19,"")&" "&IF(AND(C20=$Q$13,D20=$U$8),A20,"")&" "&IF(AND(C21=$Q$13,D21=$U$8),A21,"")&" "&IF(AND(C22=$Q$13,D22=$U$8),A22,"")&" "&IF(AND(C23=$Q$13,D23=$U$8),A23,"")&" "&IF(AND(C24=$Q$13,D24=$U$8),A24,"")&" "&IF(AND(C25=$Q$13,D25=$U$8),A25,"")&" "&IF(AND(C26=$Q$13,D26=$U$8),A26,"")&" "&IF(AND(C27=$Q$13,D27=$U$8),A27,"")&" "&IF(AND(C28=$Q$13,D28=$U$8),A28,"") | M13: =+IF(AND(C9=$Q$13,D9=$V$8),A9,"")&" "&IF(AND(C10=$Q$13,D10=$V$8),A10,"")&" "&IF(AND(C11=$Q$13,D11=$V$8),A11,"")&" "&IF(AND(C12=$Q$13,D12=$V$8),A12,"")&" "&IF(AND(C13=$Q$13,D13=$V$8),A13,"")&" "&IF(AND(C14=$Q$13,D14=$V$8),A14,"")&" "&IF(AND(C15=$Q$13,D15=$V$8),A15,"")&" "&IF(AND(C16=$Q$13,D16=$V$8),A16,"")&" "&IF(AND(C17=$Q$13,D17=$V$8),A17,"")&" "&IF(AND(C18=$Q$13,D18=$V$8),A18,"")&" "&IF(AND(C19=$Q$13,D19=$V$8),A19,"")&" "&IF(AND(C20=$Q$13,D20=$V$8),A20,"")&" "&IF(AND(C21=$Q$13,D21=$V$8),A21,"")&" "&IF(AND(C22=$Q$13,D22=$V$8),A22,"")&" "&IF(AND(C23=$Q$13,D23=$V$8),A23,"")&" "&IF(AND(C24=$Q$13,D24=$V$8),A24,"")&" "&IF(AND(C25=$Q$13,D25=$V$8),A25,"")&" "&IF(AND(C26=$Q$13,D26=$V$8),A26,"")&" "&IF(AND(C27=$Q$13,D27=$V$8),A27,"")&" "&IF(AND(C28=$Q$13,D28=$V$8),A28,"") | P13: 0.2 | Q13: Muy Baja | R13: Bajo | S13: Bajo | T13: Moderado | U13: Alto | V13: Extremo
A14: ='2 CONTEXTO E IDENTIFICACIÓN'!#REF! -> #REF! | B14: =+'2 CONTEXTO E IDENTIFICACIÓN'!#REF! -> #REF! | C14: =+'3 PROBABIL E IMPACTO INHERENTE'!F14 | D14: =+'3 PROBABIL E IMPACTO INHERENTE'!N14 | E14: =+IF(C14=$Q$9,IF(D14=$R$8,$R$9,IF(D14=$S$8,$S$9,IF(D14=$T$8,$T$9,IF(D14=$U$8,$U$9,IF(D14=$V$8,$V$9))))),IF(C14=$Q$10,IF(D14=$R$8,$R$10,IF(D14=$S$8,$S$10,IF(D14=$T$8,$T$10,IF(D14=$U$8,$U$10,IF(D14=$V$8,$V$10))))),IF(C14=$Q$11,IF(D14=$R$8,$R$11,IF(D14=$S$8,$S$11,IF(D14=$T$8,$T$11,IF(D14=$U$8,$U$11,IF(D14=$V$8,$V$11))))),IF(C14=$Q$12,IF(D14=$R$8,$R$12,IF(D14=$S$8,$S$12,IF(D14=$T$8,$T$12,IF(D14=$U$8,$U$12,IF(D14=$V$8,$V$12))))),IF(C14=$Q$13,IF(D14=$R$8,$R$13,IF(D14=$S$8,$S$13,IF(D14=$T$8,$T$13,IF(D14=$U$8,$U$13,IF(D14=$V$8,$V$13))))),"")))))
A15: ='2 CONTEXTO E IDENTIFICACIÓN'!#REF! -> #REF! | B15: =+'2 CONTEXTO E IDENTIFICACIÓN'!#REF! -> #REF! | C15: =+'3 PROBABIL E IMPACTO INHERENTE'!F15 | D15: =+'3 PROBABIL E IMPACTO INHERENTE'!N15 | E15: =+IF(C15=$Q$9,IF(D15=$R$8,$R$9,IF(D15=$S$8,$S$9,IF(D15=$T$8,$T$9,IF(D15=$U$8,$U$9,IF(D15=$V$8,$V$9))))),IF(C15=$Q$10,IF(D15=$R$8,$R$10,IF(D15=$S$8,$S$10,IF(D15=$T$8,$T$10,IF(D15=$U$8,$U$10,IF(D15=$V$8,$V$10))))),IF(C15=$Q$11,IF(D15=$R$8,$R$11,IF(D15=$S$8,$S$11,IF(D15=$T$8,$T$11,IF(D15=$U$8,$U$11,IF(D15=$V$8,$V$11))))),IF(C15=$Q$12,IF(D15=$R$8,$R$12,IF(D15=$S$8,$S$12,IF(D15=$T$8,$T$12,IF(D15=$U$8,$U$12,IF(D15=$V$8,$V$12))))),IF(C15=$Q$13,IF(D15=$R$8,$R$13,IF(D15=$S$8,$S$13,IF(D15=$T$8,$T$13,IF(D15=$U$8,$U$13,IF(D15=$V$8,$V$13))))),""))))) | R15: NIVELES DE RIESGO
A16: ='2 CONTEXTO E IDENTIFICACIÓN'!#REF! -> #REF! | B16: =+'2 CONTEXTO E IDENTIFICACIÓN'!#REF! -> #REF! | C16: =+'3 PROBABIL E IMPACTO INHERENTE'!F16 | D16: =+'3 PROBABIL E IMPACTO INHERENTE'!N16 | E16: =+IF(C16=$Q$9,IF(D16=$R$8,$R$9,IF(D16=$S$8,$S$9,IF(D16=$T$8,$T$9,IF(D16=$U$8,$U$9,IF(D16=$V$8,$V$9))))),IF(C16=$Q$10,IF(D16=$R$8,$R$10,IF(D16=$S$8,$S$10,IF(D16=$T$8,$T$10,IF(D16=$U$8,$U$10,IF(D16=$V$8,$V$10))))),IF(C16=$Q$11,IF(D16=$R$8,$R$11,IF(D16=$S$8,$S$11,IF(D16=$T$8,$T$11,IF(D16=$U$8,$U$11,IF(D16=$V$8,$V$11))))),IF(C16=$Q$12,IF(D16=$R$8,$R$12,IF(D16=$S$8,$S$12,IF(D16=$T$8,$T$12,IF(D16=$U$8,$U$12,IF(D16=$V$8,$V$12))))),IF(C16=$Q$13,IF(D16=$R$8,$R$13,IF(D16=$S$8,$S$13,IF(D16=$T$8,$T$13,IF(D16=$U$8,$U$13,IF(D16=$V$8,$V$13))))),""))))) | R16: Extremo
A17: ='2 CONTEXTO E IDENTIFICACIÓN'!#REF! -> #REF! | B17: =+'2 CONTEXTO E IDENTIFICACIÓN'!#REF! -> #REF! | C17: =+'3 PROBABIL E IMPACTO INHERENTE'!F17 | D17: =+'3 PROBABIL E IMPACTO INHERENTE'!N17 | E17: =+IF(C17=$Q$9,IF(D17=$R$8,$R$9,IF(D17=$S$8,$S$9,IF(D17=$T$8,$T$9,IF(D17=$U$8,$U$9,IF(D17=$V$8,$V$9))))),IF(C17=$Q$10,IF(D17=$R$8,$R$10,IF(D17=$S$8,$S$10,IF(D17=$T$8,$T$10,IF(D17=$U$8,$U$10,IF(D17=$V$8,$V$10))))),IF(C17=$Q$11,IF(D17=$R$8,$R$11,IF(D17=$S$8,$S$11,IF(D17=$T$8,$T$11,IF(D17=$U$8,$U$11,IF(D17=$V$8,$V$11))))),IF(C17=$Q$12,IF(D17=$R$8,$R$12,IF(D17=$S$8,$S$12,IF(D17=$T$8,$T$12,IF(D17=$U$8,$U$12,IF(D17=$V$8,$V$12))))),IF(C17=$Q$13,IF(D17=$R$8,$R$13,IF(D17=$S$8,$S$13,IF(D17=$T$8,$T$13,IF(D17=$U$8,$U$13,IF(D17=$V$8,$V$13))))),""))))) | R17: Alto
A18: ='2 CONTEXTO E IDENTIFICACIÓN'!#REF! -> #REF! | B18: =+'2 CONTEXTO E IDENTIFICACIÓN'!#REF! -> #REF! | C18: =+'3 PROBABIL E IMPACTO INHERENTE'!F18 | D18: =+'3 PROBABIL E IMPACTO INHERENTE'!N18 | E18: =+IF(C18=$Q$9,IF(D18=$R$8,$R$9,IF(D18=$S$8,$S$9,IF(D18=$T$8,$T$9,IF(D18=$U$8,$U$9,IF(D18=$V$8,$V$9))))),IF(C18=$Q$10,IF(D18=$R$8,$R$10,IF(D18=$S$8,$S$10,IF(D18=$T$8,$T$10,IF(D18=$U$8,$U$10,IF(D18=$V$8,$V$10))))),IF(C18=$Q$11,IF(D18=$R$8,$R$11,IF(D18=$S$8,$S$11,IF(D18=$T$8,$T$11,IF(D18=$U$8,$U$11,IF(D18=$V$8,$V$11))))),IF(C18=$Q$12,IF(D18=$R$8,$R$12,IF(D18=$S$8,$S$12,IF(D18=$T$8,$T$12,IF(D18=$U$8,$U$12,IF(D18=$V$8,$V$12))))),IF(C18=$Q$13,IF(D18=$R$8,$R$13,IF(D18=$S$8,$S$13,IF(D18=$T$8,$T$13,IF(D18=$U$8,$U$13,IF(D18=$V$8,$V$13))))),""))))) | R18: Moderado
A19: ='2 CONTEXTO E IDENTIFICACIÓN'!#REF! -> #REF! | B19: =+'2 CONTEXTO E IDENTIFICACIÓN'!#REF! -> #REF! | C19: =+'3 PROBABIL E IMPACTO INHERENTE'!F19 | D19: =+'3 PROBABIL E IMPACTO INHERENTE'!N19 | E19: =+IF(C19=$Q$9,IF(D19=$R$8,$R$9,IF(D19=$S$8,$S$9,IF(D19=$T$8,$T$9,IF(D19=$U$8,$U$9,IF(D19=$V$8,$V$9))))),IF(C19=$Q$10,IF(D19=$R$8,$R$10,IF(D19=$S$8,$S$10,IF(D19=$T$8,$T$10,IF(D19=$U$8,$U$10,IF(D19=$V$8,$V$10))))),IF(C19=$Q$11,IF(D19=$R$8,$R$11,IF(D19=$S$8,$S$11,IF(D19=$T$8,$T$11,IF(D19=$U$8,$U$11,IF(D19=$V$8,$V$11))))),IF(C19=$Q$12,IF(D19=$R$8,$R$12,IF(D19=$S$8,$S$12,IF(D19=$T$8,$T$12,IF(D19=$U$8,$U$12,IF(D19=$V$8,$V$12))))),IF(C19=$Q$13,IF(D19=$R$8,$R$13,IF(D19=$S$8,$S$13,IF(D19=$T$8,$T$13,IF(D19=$U$8,$U$13,IF(D19=$V$8,$V$13))))),""))))) | R19: Bajo
A20: ='2 CONTEXTO E IDENTIFICACIÓN'!#REF! -> #REF! | B20: =+'2 CONTEXTO E IDENTIFICACIÓN'!#REF! -> #REF! | C20: =+'3 PROBABIL E IMPACTO INHERENTE'!F20 | D20: =+'3 PROBABIL E IMPACTO INHERENTE'!N20 | E20: =+IF(C20=$Q$9,IF(D20=$R$8,$R$9,IF(D20=$S$8,$S$9,IF(D20=$T$8,$T$9,IF(D20=$U$8,$U$9,IF(D20=$V$8,$V$9))))),IF(C20=$Q$10,IF(D20=$R$8,$R$10,IF(D20=$S$8,$S$10,IF(D20=$T$8,$T$10,IF(D20=$U$8,$U$10,IF(D20=$V$8,$V$10))))),IF(C20=$Q$11,IF(D20=$R$8,$R$11,IF(D20=$S$8,$S$11,IF(D20=$T$8,$T$11,IF(D20=$U$8,$U$11,IF(D20=$V$8,$V$11))))),IF(C20=$Q$12,IF(D20=$R$8,$R$12,IF(D20=$S$8,$S$12,IF(D20=$T$8,$T$12,IF(D20=$U$8,$U$12,IF(D20=$V$8,$V$12))))),IF(C20=$Q$13,IF(D20=$R$8,$R$13,IF(D20=$S$8,$S$13,IF(D20=$T$8,$T$13,IF(D20=$U$8,$U$13,IF(D20=$V$8,$V$13))))),"")))))
A21: ='2 CONTEXTO E IDENTIFICACIÓN'!#REF! -> #REF! | B21: =+'2 CONTEXTO E IDENTIFICACIÓN'!#REF! -> #REF! | C21: =+'3 PROBABIL E IMPACTO INHERENTE'!F21 | D21: =+'3 PROBABIL E IMPACTO INHERENTE'!N21 | E21: =+IF(C21=$Q$9,IF(D21=$R$8,$R$9,IF(D21=$S$8,$S$9,IF(D21=$T$8,$T$9,IF(D21=$U$8,$U$9,IF(D21=$V$8,$V$9))))),IF(C21=$Q$10,IF(D21=$R$8,$R$10,IF(D21=$S$8,$S$10,IF(D21=$T$8,$T$10,IF(D21=$U$8,$U$10,IF(D21=$V$8,$V$10))))),IF(C21=$Q$11,IF(D21=$R$8,$R$11,IF(D21=$S$8,$S$11,IF(D21=$T$8,$T$11,IF(D21=$U$8,$U$11,IF(D21=$V$8,$V$11))))),IF(C21=$Q$12,IF(D21=$R$8,$R$12,IF(D21=$S$8,$S$12,IF(D21=$T$8,$T$12,IF(D21=$U$8,$U$12,IF(D21=$V$8,$V$12))))),IF(C21=$Q$13,IF(D21=$R$8,$R$13,IF(D21=$S$8,$S$13,IF(D21=$T$8,$T$13,IF(D21=$U$8,$U$13,IF(D21=$V$8,$V$13))))),"")))))
A22: ='2 CONTEXTO E IDENTIFICACIÓN'!#REF! -> #REF! | B22: =+'2 CONTEXTO E IDENTIFICACIÓN'!#REF! -> #REF! | C22: =+'3 PROBABIL E IMPACTO INHERENTE'!F22 | D22: =+'3 PROBABIL E IMPACTO INHERENTE'!N22 | E22: =+IF(C22=$Q$9,IF(D22=$R$8,$R$9,IF(D22=$S$8,$S$9,IF(D22=$T$8,$T$9,IF(D22=$U$8,$U$9,IF(D22=$V$8,$V$9))))),IF(C22=$Q$10,IF(D22=$R$8,$R$10,IF(D22=$S$8,$S$10,IF(D22=$T$8,$T$10,IF(D22=$U$8,$U$10,IF(D22=$V$8,$V$10))))),IF(C22=$Q$11,IF(D22=$R$8,$R$11,IF(D22=$S$8,$S$11,IF(D22=$T$8,$T$11,IF(D22=$U$8,$U$11,IF(D22=$V$8,$V$11))))),IF(C22=$Q$12,IF(D22=$R$8,$R$12,IF(D22=$S$8,$S$12,IF(D22=$T$8,$T$12,IF(D22=$U$8,$U$12,IF(D22=$V$8,$V$12))))),IF(C22=$Q$13,IF(D22=$R$8,$R$13,IF(D22=$S$8,$S$13,IF(D22=$T$8,$T$13,IF(D22=$U$8,$U$13,IF(D22=$V$8,$V$13))))),"")))))
A23: ='2 CONTEXTO E IDENTIFICACIÓN'!#REF! -> #REF! | B23: =+'2 CONTEXTO E IDENTIFICACIÓN'!#REF! -> #REF! | C23: =+'3 PROBABIL E IMPACTO INHERENTE'!F23 | D23: =+'3 PROBABIL E IMPACTO INHERENTE'!N23 | E23: =+IF(C23=$Q$9,IF(D23=$R$8,$R$9,IF(D23=$S$8,$S$9,IF(D23=$T$8,$T$9,IF(D23=$U$8,$U$9,IF(D23=$V$8,$V$9))))),IF(C23=$Q$10,IF(D23=$R$8,$R$10,IF(D23=$S$8,$S$10,IF(D23=$T$8,$T$10,IF(D23=$U$8,$U$10,IF(D23=$V$8,$V$10))))),IF(C23=$Q$11,IF(D23=$R$8,$R$11,IF(D23=$S$8,$S$11,IF(D23=$T$8,$T$11,IF(D23=$U$8,$U$11,IF(D23=$V$8,$V$11))))),IF(C23=$Q$12,IF(D23=$R$8,$R$12,IF(D23=$S$8,$S$12,IF(D23=$T$8,$T$12,IF(D23=$U$8,$U$12,IF(D23=$V$8,$V$12))))),IF(C23=$Q$13,IF(D23=$R$8,$R$13,IF(D23=$S$8,$S$13,IF(D23=$T$8,$T$13,IF(D23=$U$8,$U$13,IF(D23=$V$8,$V$13))))),"")))))
A24: ='2 CONTEXTO E IDENTIFICACIÓN'!#REF! -> #REF! | B24: =+'2 CONTEXTO E IDENTIFICACIÓN'!#REF! -> #REF! | C24: =+'3 PROBABIL E IMPACTO INHERENTE'!F24 | D24: =+'3 PROBABIL E IMPACTO INHERENTE'!N24 | E24: =+IF(C24=$Q$9,IF(D24=$R$8,$R$9,IF(D24=$S$8,$S$9,IF(D24=$T$8,$T$9,IF(D24=$U$8,$U$9,IF(D24=$V$8,$V$9))))),IF(C24=$Q$10,IF(D24=$R$8,$R$10,IF(D24=$S$8,$S$10,IF(D24=$T$8,$T$10,IF(D24=$U$8,$U$10,IF(D24=$V$8,$V$10))))),IF(C24=$Q$11,IF(D24=$R$8,$R$11,IF(D24=$S$8,$S$11,IF(D24=$T$8,$T$11,IF(D24=$U$8,$U$11,IF(D24=$V$8,$V$11))))),IF(C24=$Q$12,IF(D24=$R$8,$R$12,IF(D24=$S$8,$S$12,IF(D24=$T$8,$T$12,IF(D24=$U$8,$U$12,IF(D24=$V$8,$V$12))))),IF(C24=$Q$13,IF(D24=$R$8,$R$13,IF(D24=$S$8,$S$13,IF(D24=$T$8,$T$13,IF(D24=$U$8,$U$13,IF(D24=$V$8,$V$13))))),"")))))
A25: ='2 CONTEXTO E IDENTIFICACIÓN'!#REF! -> #REF! | B25: =+'2 CONTEXTO E IDENTIFICACIÓN'!#REF! -> #REF! | C25: =+'3 PROBABIL E IMPACTO INHERENTE'!F25 | D25: =+'3 PROBABIL E IMPACTO INHERENTE'!N25 | E25: =+IF(C25=$Q$9,IF(D25=$R$8,$R$9,IF(D25=$S$8,$S$9,IF(D25=$T$8,$T$9,IF(D25=$U$8,$U$9,IF(D25=$V$8,$V$9))))),IF(C25=$Q$10,IF(D25=$R$8,$R$10,IF(D25=$S$8,$S$10,IF(D25=$T$8,$T$10,IF(D25=$U$8,$U$10,IF(D25=$V$8,$V$10))))),IF(C25=$Q$11,IF(D25=$R$8,$R$11,IF(D25=$S$8,$S$11,IF(D25=$T$8,$T$11,IF(D25=$U$8,$U$11,IF(D25=$V$8,$V$11))))),IF(C25=$Q$12,IF(D25=$R$8,$R$12,IF(D25=$S$8,$S$12,IF(D25=$T$8,$T$12,IF(D25=$U$8,$U$12,IF(D25=$V$8,$V$12))))),IF(C25=$Q$13,IF(D25=$R$8,$R$13,IF(D25=$S$8,$S$13,IF(D25=$T$8,$T$13,IF(D25=$U$8,$U$13,IF(D25=$V$8,$V$13))))),"")))))
A26: ='2 CONTEXTO E IDENTIFICACIÓN'!#REF! -> #REF! | B26: =+'2 CONTEXTO E IDENTIFICACIÓN'!#REF! -> #REF! | C26: =+'3 PROBABIL E IMPACTO INHERENTE'!F26 | D26: =+'3 PROBABIL E IMPACTO INHERENTE'!N26 | E26: =+IF(C26=$Q$9,IF(D26=$R$8,$R$9,IF(D26=$S$8,$S$9,IF(D26=$T$8,$T$9,IF(D26=$U$8,$U$9,IF(D26=$V$8,$V$9))))),IF(C26=$Q$10,IF(D26=$R$8,$R$10,IF(D26=$S$8,$S$10,IF(D26=$T$8,$T$10,IF(D26=$U$8,$U$10,IF(D26=$V$8,$V$10))))),IF(C26=$Q$11,IF(D26=$R$8,$R$11,IF(D26=$S$8,$S$11,IF(D26=$T$8,$T$11,IF(D26=$U$8,$U$11,IF(D26=$V$8,$V$11))))),IF(C26=$Q$12,IF(D26=$R$8,$R$12,IF(D26=$S$8,$S$12,IF(D26=$T$8,$T$12,IF(D26=$U$8,$U$12,IF(D26=$V$8,$V$12))))),IF(C26=$Q$13,IF(D26=$R$8,$R$13,IF(D26=$S$8,$S$13,IF(D26=$T$8,$T$13,IF(D26=$U$8,$U$13,IF(D26=$V$8,$V$13))))),"")))))
A27: ='2 CONTEXTO E IDENTIFICACIÓN'!#REF! -> #REF! | B27: =+'2 CONTEXTO E IDENTIFICACIÓN'!#REF! -> #REF! | C27: =+'3 PROBABIL E IMPACTO INHERENTE'!F27 | D27: =+'3 PROBABIL E IMPACTO INHERENTE'!N27 | E27: =+IF(C27=$Q$9,IF(D27=$R$8,$R$9,IF(D27=$S$8,$S$9,IF(D27=$T$8,$T$9,IF(D27=$U$8,$U$9,IF(D27=$V$8,$V$9))))),IF(C27=$Q$10,IF(D27=$R$8,$R$10,IF(D27=$S$8,$S$10,IF(D27=$T$8,$T$10,IF(D27=$U$8,$U$10,IF(D27=$V$8,$V$10))))),IF(C27=$Q$11,IF(D27=$R$8,$R$11,IF(D27=$S$8,$S$11,IF(D27=$T$8,$T$11,IF(D27=$U$8,$U$11,IF(D27=$V$8,$V$11))))),IF(C27=$Q$12,IF(D27=$R$8,$R$12,IF(D27=$S$8,$S$12,IF(D27=$T$8,$T$12,IF(D27=$U$8,$U$12,IF(D27=$V$8,$V$12))))),IF(C27=$Q$13,IF(D27=$R$8,$R$13,IF(D27=$S$8,$S$13,IF(D27=$T$8,$T$13,IF(D27=$U$8,$U$13,IF(D27=$V$8,$V$13))))),"")))))
A28: ='2 CONTEXTO E IDENTIFICACIÓN'!#REF! -> #REF! | B28: =+'2 CONTEXTO E IDENTIFICACIÓN'!#REF! -> #REF! | C28: =+'3 PROBABIL E IMPACTO INHERENTE'!F28 | D28: =+'3 PROBABIL E IMPACTO INHERENTE'!N28 | E28: =+IF(C28=$Q$9,IF(D28=$R$8,$R$9,IF(D28=$S$8,$S$9,IF(D28=$T$8,$T$9,IF(D28=$U$8,$U$9,IF(D28=$V$8,$V$9))))),IF(C28=$Q$10,IF(D28=$R$8,$R$10,IF(D28=$S$8,$S$10,IF(D28=$T$8,$T$10,IF(D28=$U$8,$U$10,IF(D28=$V$8,$V$10))))),IF(C28=$Q$11,IF(D28=$R$8,$R$11,IF(D28=$S$8,$S$11,IF(D28=$T$8,$T$11,IF(D28=$U$8,$U$11,IF(D28=$V$8,$V$11))))),IF(C28=$Q$12,IF(D28=$R$8,$R$12,IF(D28=$S$8,$S$12,IF(D28=$T$8,$T$12,IF(D28=$U$8,$U$12,IF(D28=$V$8,$V$12))))),IF(C28=$Q$13,IF(D28=$R$8,$R$13,IF(D28=$S$8,$S$13,IF(D28=$T$8,$T$13,IF(D28=$U$8,$U$13,IF(D28=$V$8,$V$13))))),"")))))

Sheet 5 VALORACIÓN DEL CONTROL
B1: =+'2 CONTEXTO E IDENTIFICACIÓN'!A1 -> MAPA DE RIESGOS | G1: =+'2 CONTEXTO E IDENTIFICACIÓN'!$I$4 -> Elaboración o Actualización: | H1: ='2 CONTEXTO E IDENTIFICACIÓN'!J4 -> 46003
C2: =+'2 CONTEXTO E IDENTIFICACIÓN'!A2 -> VERSIÓN: | D2: ='2 CONTEXTO E IDENTIFICACIÓN'!B2 -> 0 | G2: =+'2 CONTEXTO E IDENTIFICACIÓN'!$E$5 -> Vigencia: | H2: ='2 CONTEXTO E IDENTIFICACIÓN'!G5 -> 46023 | I2: Al | J2: ='2 CONTEXTO E IDENTIFICACIÓN'!J5 -> 46387
A3: ENTIDAD: | B3: ='2 CONTEXTO E IDENTIFICACIÓN'!B4 -> SUPERSOLIDARIA
A4: PROCESO: | B4: ='2 CONTEXTO E IDENTIFICACIÓN'!F4 -> PLES | F4: VALORACIÓN DEL CONTROL | S4: Peso del Control + Peso de la implementación | T4: % Probabilidad Riesgo Inherente-(% Probabilidad Riesgo Inherente*Valor Total del Control) | U4: % Impacto Riesgo Inherente-(% Impacto Riesgo Inherente*Valor Total del Control) | Y4: NIVEL
J5: Atributos del control | Y5: Nivel | Z5: % MIN | AA5: % MAX
A6: No. Riesgo | B6: Riesgo | C6: % Probabilidad Riesgo Inherente | D6: % Impacto Riesgo Inherente | E6: No. Control | F6: Descripción del Control | J6: Eficiencia | O6: Formalización del control | Y6: Muy Baja | Z6: 0.01 | AA6: 0.2
F7: Responsable (Cargo y/o Aplicativo) | G7: Acción (Inicia con un verbo) | H7: Complemento (Periodicidad - Observaciones o Desviaciones) | I7: Descripción del control | J7: Tipo de control | K7: Peso del Control | L7: Afectación o Desplazamiento en la Matriz | M7: Implementación | N7: Peso de la implementación | O7: Documentación | P7: Frecuencia | Q7: Evidencia (Trazabilidad de la ejecución) | R7: Ejecución | S7: Valor Total del Control | T7: Probabilidad residual | U7: Impacto Residual | V7: Probabilidad residual Final | W7: Impacto Residual Final | Y7: Baja | Z7: 0.21 | AA7: 0.4
A8: ='2 CONTEXTO E IDENTIFICACIÓN'!A9 -> PLES-1 | B8: =+'2 CONTEXTO E IDENTIFICACIÓN'!J9 -> Posibilidad de afectación reputacional porla toma de decisiones de la alta dirección con información de seguimiento inexacta o no validada del Plan Estratégico Institucional y del Plan de Acción, a causa de de la omisión en la verificación técnica de los reportes presentados por las dependencias. | C8: =+'3 PROBABIL E IMPACTO INHERENTE'!E9 -> 0.6 | D8: =+'3 PROBABIL E IMPACTO INHERENTE'!M9 -> 0.6 | E8: 1 | F8: El Profesional Especializado | G8: contrasta los soportes documentales entregados por las dependencias con las cifras reportadas en los instrumentos de seguimiento, verifica la consistencia de la información y la exactitud de los cálculos y, cuando identifica inconsistencias aritméticas o documentales, realiza las observaciones y devoluciones correspondientes, de acuerdo con los procedimientos establecidos para el seguimiento del Plan Estratégico Institucional y del Plan de Acción, previo a la consolidación de la información que será presentada al Comité Institucional de Gestión y Desempeño | H8: Como evidencia, de manera trimestral (al 30 de abril, julio, octubre, enero) deberá conservar la matriz de seguimiento utilizada para la verificación y consolidación de la información, junto con los soportes de las observaciones y recomendaciones y las certificaciones expedidas por la Secretaría Técnica del Comité Institucional de Gestión y Desempeño. | I8: =+CONCATENATE(F8," ",G8," ",H8) -> El Profesional Especializado contrasta los soportes documentales entregados por las dependencias con las cifras reportadas en los instrumentos de seguimiento, verifica la consistencia de la información y la exactitud de los cálculos y, cuando identifica inconsistencias aritméticas o documentales, realiza las observaciones y devoluciones correspondientes, de acuerdo con los procedimientos establecidos para el seguimiento del Plan Estratégico Institucional y del Plan de Acción, previo a la consolidación de la información que será presentada al Comité Institucional de Gestión y Desempeño Como evidencia, de manera trimestral (al 30 de abril, julio, octubre, enero) deberá conservar la matriz de seguimiento utilizada para la verificación y consolidación de la información, junto con los soportes de las observaciones y recomendaciones y las certificaciones expedidas por la Secretaría Técnica del Comité Institucional de Gestión y Desempeño. | J8: Preventivo | K8: =+IFERROR(VLOOKUP($J8,'11 FORMULAS'!$B$51:$C$53,2,0),"") -> 0.25 | L8: =+IFERROR(VLOOKUP($J8,'11 FORMULAS'!$B$51:$D$53,3,0),"") -> Probabilidad | M8: Manual | N8: =+IFERROR(VLOOKUP($M8,'11 FORMULAS'!$B$54:$C$55,2,0),"") -> 0.15 | O8: Procedimientos | P8: Trimestral | Q8: Con registro manual | R8: Interna | S8: =+IFERROR($K8+$N8,"") -> 0.4 | T8: =IF($L8='11 FORMULAS'!$D$51,$C$8-($C$8*$S$8),$C$8) -> 0.36 | U8: =IF(L8='11 FORMULAS'!$D$53,$D8-($D8*$S8),$D8) -> 0.6 | V8: =+IF(T13="","",T13) -> 0.36 | W8: =+IF(U13="","",U13) -> 0.6 | Y8: Media | Z8: 0.41 | AA8: 0.6
E9: 2 | I9: =+CONCATENATE(F9," ",G9," ",H9) | J9: Preventivo | K9: =+IFERROR(VLOOKUP($J9,'11 FORMULAS'!$B$51:$C$53,2,0),"") -> 0.25 | L9: =+IFERROR(VLOOKUP($J9,'11 FORMULAS'!$B$51:$D$53,3,0),"") -> Probabilidad | M9: Automático | N9: =+IFERROR(VLOOKUP($M9,'11 FORMULAS'!$B$54:$C$55,2,0),"") -> 0.25 | O9: Sistemas de información | P9: Mensual | Q9: Con registro manual | R9: Externa | S9: =+IFERROR($K9+$N9,"") -> 0.5 | T9: =IF($L9='11 FORMULAS'!$D$51,$C$8-($C$8*$S$8),$C$8) -> 0.36 | U9: =IF(L9='11 FORMULAS'!$D$53,$D$8-($D$8*$S$8),$D$8) -> 0.6 | Y9: Alta | Z9: 0.61 | AA9: 0.8
E10: 3 | I10: =+CONCATENATE(F10," ",G10," ",H10) | J10: Preventivo | K10: =+IFERROR(VLOOKUP($J10,'11 FORMULAS'!$B$51:$C$53,2,0),"") -> 0.25 | L10: =+IFERROR(VLOOKUP($J10,'11 FORMULAS'!$B$51:$D$53,3,0),"") -> Probabilidad | M10: Automático | N10: =+IFERROR(VLOOKUP($M10,'11 FORMULAS'!$B$54:$C$55,2,0),"") -> 0.25 | O10: Sistemas de información | P10: Mensual | Q10: Con registro manual | R10: Externa | S10: =+IFERROR($K10+$N10,"") -> 0.5 | T10: =IF($L10='11 FORMULAS'!$D$51,$C$8-($C$8*$S$8),$C$8) -> 0.36 | U10: =IF(L10='11 FORMULAS'!$D$53,$D$8-($D$8*$S$8),$D$8) -> 0.6 | Y10: Muy Alta | Z10: 0.81 | AA10: 1
E11: 4 | I11: =+CONCATENATE(F11," ",G11," ",H11) | J11: Preventivo | K11: =+IFERROR(VLOOKUP($J11,'11 FORMULAS'!$B$51:$C$53,2,0),"") -> 0.25 | L11: =+IFERROR(VLOOKUP($J11,'11 FORMULAS'!$B$51:$D$53,3,0),"") -> Probabilidad | M11: Automático | N11: =+IFERROR(VLOOKUP($M11,'11 FORMULAS'!$B$54:$C$55,2,0),"") -> 0.25 | O11: Sistemas de información | P11: Mensual | Q11: Con registro manual | R11: Externa | S11: =+IFERROR($K11+$N11,"") -> 0.5 | T11: =IF($L11='11 FORMULAS'!$D$51,$C$8-($C$8*$S$8),$C$8) -> 0.36 | U11: =IF(L11='11 FORMULAS'!$D$53,$D$8-($D$8*$S$8),$D$8) -> 0.6
E12: 5 | I12: =+CONCATENATE(F12," ",G12," ",H12) | J12: Preventivo | K12: =+IFERROR(VLOOKUP($J12,'11 FORMULAS'!$B$51:$C$53,2,0),"") -> 0.25 | L12: =+IFERROR(VLOOKUP($J12,'11 FORMULAS'!$B$51:$D$53,3,0),"") -> Probabilidad | M12: Automático | N12: =+IFERROR(VLOOKUP($M12,'11 FORMULAS'!$B$54:$C$55,2,0),"") -> 0.25 | O12: Sistemas de información | P12: Mensual | Q12: Con registro manual | R12: Externa | S12: =+IFERROR($K12+$N12,"") -> 0.5 | T12: =IF($L12='11 FORMULAS'!$D$51,$C$8-($C$8*$S$8),$C$8) -> 0.36 | U12: =IF(L12='11 FORMULAS'!$D$53,$D$8-($D$8*$S$8),$D$8) -> 0.6
E13: 6 | I13: =+CONCATENATE(F13," ",G13," ",H13) | J13: Preventivo | K13: =+IFERROR(VLOOKUP($J13,'11 FORMULAS'!$B$51:$C$53,2,0),"") -> 0.25 | L13: =+IFERROR(VLOOKUP($J13,'11 FORMULAS'!$B$51:$D$53,3,0),"") -> Probabilidad | M13: Automático | N13: =+IFERROR(VLOOKUP($M13,'11 FORMULAS'!$B$54:$C$55,2,0),"") -> 0.25 | O13: Sistemas de información | P13: Mensual | Q13: Con registro manual | R13: Externa | S13: =+IFERROR($K13+$N13,"") -> 0.5 | T13: =IF($L13='11 FORMULAS'!$D$51,$C$8-($C$8*$S$8),$C$8) -> 0.36 | U13: =IF(L13='11 FORMULAS'!$D$53,$D$8-($D$8*$S$8),$D$8) -> 0.6
A14: ='2 CONTEXTO E IDENTIFICACIÓN'!A10 -> PLES-2 | B14: =+'2 CONTEXTO E IDENTIFICACIÓN'!J10 -> Posibilidad de afectación reputacional por la desarticulación a causa de la aprobación del Plan de Acción a causa de de no integración de las metas establecidas en el Plan Estratégico Institucional y las actividades de los planes del Decreto 612 de 2018 | C14: =+'3 PROBABIL E IMPACTO INHERENTE'!E10 -> 0.6 | D14: =+'3 PROBABIL E IMPACTO INHERENTE'!M10 -> 0.6 | E14: 1 | F14: El Profesional Especializado | G14: revisa el Plan de Acción formulado por los líderes de proceso y verifica la alineación de las actividades que correspondan con el Plan Estratégico Institucional y la articulación con los planes del Decreto 612 de 2018, así como la identificación de las actividades de gestión que, por su naturaleza, no presentan alineación, de conformidad con lo establecido en los procedimientosde planeación. | H14: Como evidencia, de manera semestral, se deberá archivar el documento de observaciones producto de la revisión, de acuerdo con el cronograma de formulación o modificación del Plan de Acción. | I14: =+CONCATENATE(F14," ",G14," ",H14) -> El Profesional Especializado revisa el Plan de Acción formulado por los líderes de proceso y verifica la alineación de las actividades que correspondan con el Plan Estratégico Institucional y la articulación con los planes del Decreto 612 de 2018, así como la identificación de las actividades de gestión que, por su naturaleza, no presentan alineación, de conformidad con lo establecido en los procedimientosde planeación. Como evidencia, de manera semestral, se deberá archivar el documento de observaciones producto de la revisión, de acuerdo con el cronograma de formulación o modificación del Plan de Acción. | J14: Preventivo | K14: =+IFERROR(VLOOKUP($J14,'11 FORMULAS'!$B$51:$C$53,2,0),"") -> 0.25 | L14: =+IFERROR(VLOOKUP($J14,'11 FORMULAS'!$B$51:$D$53,3,0),"") -> Probabilidad | M14: Manual | N14: =+IFERROR(VLOOKUP($M14,'11 FORMULAS'!$B$54:$C$55,2,0),"") -> 0.15 | O14: Procedimientos | P14: Semestral | Q14: Con registro manual | R14: Interna | S14: =+IFERROR($K14+$N14,"") -> 0.4 | T14: =IF($L14='11 FORMULAS'!$D$51,$C$8-($C$8*$S$8),$C$8) -> 0.36 | U14: =IF(L14='11 FORMULAS'!$D$53,$D$14-($D$14*$S$14),$D$14) -> 0.6 | V14: =+IF(T19="","",T19) -> 0.36 | W14: =+IF(U19="","",U19) -> 0.6
E15: 2 | I15: =+CONCATENATE(F15," ",G15," ",H15) | J15: Preventivo | K15: =+IFERROR(VLOOKUP($J15,'11 FORMULAS'!$B$51:$C$53,2,0),"") -> 0.25 | L15: =+IFERROR(VLOOKUP($J15,'11 FORMULAS'!$B$51:$D$53,3,0),"") -> Probabilidad | M15: Automático | N15: =+IFERROR(VLOOKUP($M15,'11 FORMULAS'!$B$54:$C$55,2,0),"") -> 0.25 | O15: Sistemas de información | P15: Mensual | Q15: Con registro manual | R15: Externa | S15: =+IFERROR($K15+$N15,"") -> 0.5 | T15: =IF($L15='11 FORMULAS'!$D$51,$C$8-($C$8*$S$8),$C$8) -> 0.36 | U15: =IF(L15='11 FORMULAS'!$D$53,$D$14-($D$14*$S$14),$D$14) -> 0.6
E16: 3 | I16: =+CONCATENATE(F16," ",G16," ",H16) | J16: Preventivo | K16: =+IFERROR(VLOOKUP($J16,'11 FORMULAS'!$B$51:$C$53,2,0),"") -> 0.25 | L16: =+IFERROR(VLOOKUP($J16,'11 FORMULAS'!$B$51:$D$53,3,0),"") -> Probabilidad | M16: Automático | N16: =+IFERROR(VLOOKUP($M16,'11 FORMULAS'!$B$54:$C$55,2,0),"") -> 0.25 | O16: Sistemas de información | P16: Mensual | Q16: Con registro manual | R16: Externa | S16: =+IFERROR($K16+$N16,"") -> 0.5 | T16: =IF($L16='11 FORMULAS'!$D$51,$C$8-($C$8*$S$8),$C$8) -> 0.36 | U16: =IF(L16='11 FORMULAS'!$D$53,$D$14-($D$14*$S$14),$D$14) -> 0.6
E17: 4 | I17: =+CONCATENATE(F17," ",G17," ",H17) | J17: Preventivo | K17: =+IFERROR(VLOOKUP($J17,'11 FORMULAS'!$B$51:$C$53,2,0),"") -> 0.25 | L17: =+IFERROR(VLOOKUP($J17,'11 FORMULAS'!$B$51:$D$53,3,0),"") -> Probabilidad | M17: Automático | N17: =+IFERROR(VLOOKUP($M17,'11 FORMULAS'!$B$54:$C$55,2,0),"") -> 0.25 | O17: Sistemas de información | P17: Mensual | Q17: Con registro manual | R17: Externa | S17: =+IFERROR($K17+$N17,"") -> 0.5 | T17: =IF($L17='11 FORMULAS'!$D$51,$C$8-($C$8*$S$8),$C$8) -> 0.36 | U17: =IF(L17='11 FORMULAS'!$D$53,$D$14-($D$14*$S$14),$D$14) -> 0.6
E18: 5 | I18: =+CONCATENATE(F18," ",G18," ",H18) | J18: Preventivo | K18: =+IFERROR(VLOOKUP($J18,'11 FORMULAS'!$B$51:$C$53,2,0),"") -> 0.25 | L18: =+IFERROR(VLOOKUP($J18,'11 FORMULAS'!$B$51:$D$53,3,0),"") -> Probabilidad | M18: Automático | N18: =+IFERROR(VLOOKUP($M18,'11 FORMULAS'!$B$54:$C$55,2,0),"") -> 0.25 | O18: Sistemas de información | P18: Mensual | Q18: Con registro manual | R18: Externa | S18: =+IFERROR($K18+$N18,"") -> 0.5 | T18: =IF($L18='11 FORMULAS'!$D$51,$C$8-($C$8*$S$8),$C$8) -> 0.36 | U18: =IF(L18='11 FORMULAS'!$D$53,$D$14-($D$14*$S$14),$D$14) -> 0.6
E19: 6 | I19: =+CONCATENATE(F19," ",G19," ",H19) | J19: Preventivo | K19: =+IFERROR(VLOOKUP($J19,'11 FORMULAS'!$B$51:$C$53,2,0),"") -> 0.25 | L19: =+IFERROR(VLOOKUP($J19,'11 FORMULAS'!$B$51:$D$53,3,0),"") -> Probabilidad | M19: Automático | N19: =+IFERROR(VLOOKUP($M19,'11 FORMULAS'!$B$54:$C$55,2,0),"") -> 0.25 | O19: Sistemas de información | P19: Mensual | Q19: Con registro manual | R19: Externa | S19: =+IFERROR($K19+$N19,"") -> 0.5 | T19: =IF($L19='11 FORMULAS'!$D$51,$C$8-($C$8*$S$8),$C$8) -> 0.36 | U19: =IF(L19='11 FORMULAS'!$D$53,$D$14-($D$14*$S$14),$D$14) -> 0.6
A20: ='2 CONTEXTO E IDENTIFICACIÓN'!A11 -> PLES-5 | B20: =+'2 CONTEXTO E IDENTIFICACIÓN'!J11 -> Posibilidad de afectación económica y reputacional porel rezago en la ejecución de los proyectos de inversión a causa de el desconocimiento de dichos requisitos por parte del talento humano responsable en la entidad | C20: =+'3 PROBABIL E IMPACTO INHERENTE'!E11 -> 0.6 | D20: =+'3 PROBABIL E IMPACTO INHERENTE'!M11 -> 0.6 | E20: 1 | F20: El Profesional Especializado | G20: realiza el seguimiento a la ejecución física y financiera de los proyectos de inversión, mediante la extracción, consolidación y análisis de la información reportada por las dependencias responsables, contrastando los avances registrados frente a la programación presupuestal y las metas físicas establecidas. Como resultado del seguimiento, identifica situaciones que puedan afectar el cumplimiento de las metas y, cuando corresponde, genera los respectivos alertamientos y recomendaciones, los cuales son comunicados a las dependencias responsables mediante las fichas de seguimiento y correo electrónico, para su conocimiento y gestión. | H20: Como evidencia, de manera mensual, deberá archivar las fichas de seguimiento elaboradas y los correos electrónicos mediante los cuales se comunican los resultados, alertamientos y recomendaciones. | I20: =+CONCATENATE(F20," ",G20," ",H20) -> El Profesional Especializado realiza el seguimiento a la ejecución física y financiera de los proyectos de inversión, mediante la extracción, consolidación y análisis de la información reportada por las dependencias responsables, contrastando los avances registrados frente a la programación presupuestal y las metas físicas establecidas. Como resultado del seguimiento, identifica situaciones que puedan afectar el cumplimiento de las metas y, cuando corresponde, genera los respectivos alertamientos y recomendaciones, los cuales son comunicados a las dependencias responsables mediante las fichas de seguimiento y correo electrónico, para su conocimiento y gestión. Como evidencia, de manera mensual, deberá archivar las fichas de seguimiento elaboradas y los correos electrónicos mediante los cuales se comunican los resultados, alertamientos y recomendaciones. | J20: Preventivo | K20: =+IFERROR(VLOOKUP($J20,'[3]11 FORMULAS'!$B$51:$C$53,2,0),"") -> 0.25 | L20: =+IFERROR(VLOOKUP($J20,'[3]11 FORMULAS'!$B$51:$D$53,3,0),"") -> Probabilidad | M20: Manual | N20: =+IFERROR(VLOOKUP($M20,'[3]11 FORMULAS'!$B$54:$C$55,2,0),"") -> 0.15 | O20: Procedimientos | P20: Mensual | Q20: Con registro electrónico | R20: Interna | S20: =+IFERROR($K20+$N20,"") -> 0.4 | T20: =IF($L20='[3]11 FORMULAS'!$D$51,$C$8-($C$8*$S$8),$C$8) -> 0.36 | U20: =IF(L20='[3]11 FORMULAS'!$D$53,$D$21-($D$21*$S$21),$D$21) -> 0.6 | V20: =+IF(T20="","",T20) -> 0.36 | W20: =+IF(U20="","",U20) -> 0.6
A21: ='2 CONTEXTO E IDENTIFICACIÓN'!A12 -> PLES-4 | B21: =+'2 CONTEXTO E IDENTIFICACIÓN'!J12 -> Posibilidad de afectación reputacional por falta de coordinación y liderazgo interno relacionado con el tema de innovación a causa de la inexistencia de una politica actualizada que se ajuste a las necesidades de la entidad y el sector | C21: =+'3 PROBABIL E IMPACTO INHERENTE'!E11 -> 0.6 | D21: =+'3 PROBABIL E IMPACTO INHERENTE'!M11 -> 0.6 | E21: 1 | F21: La jefa de la Oficina Asesora de Planeación y Sistemas | G21: Verifica la ejecución de los ejes de acción establecidos en la política de gestión del conocimiento y la innovación | H21: de manera trimestral.En caso de desviaciones se emitirán las alertas respectivas al comité de gestión y desempeño. Como evidencia se dejará la matriz de cumplimiento del plan de trabajo | I21: =+CONCATENATE(F21," ",G21," ",H21) -> La jefa de la Oficina Asesora de Planeación y Sistemas Verifica la ejecución de los ejes de acción establecidos en la política de gestión del conocimiento y la innovación de manera trimestral.En caso de desviaciones se emitirán las alertas respectivas al comité de gestión y desempeño. Como evidencia se dejará la matriz de cumplimiento del plan de trabajo | J21: Detectivo | K21: =+IFERROR(VLOOKUP($J21,'11 FORMULAS'!$B$51:$C$53,2,0),"") -> 0.15 | L21: =+IFERROR(VLOOKUP($J21,'11 FORMULAS'!$B$51:$D$53,3,0),"") -> Probabilidad | M21: Manual | N21: =+IFERROR(VLOOKUP($M21,'11 FORMULAS'!$B$54:$C$55,2,0),"") -> 0.15 | O21: Procedimientos | P21: Trimestral | Q21: Con registro electrónico | R21: Interna | S21: =+IFERROR($K21+$N21,"") -> 0.3 | T21: =IF($L21='11 FORMULAS'!$D$51,$C$8-($C$8*$S$8),$C$8) -> 0.36 | U21: =IF(L21='11 FORMULAS'!$D$53,$D$21-($D$21*$S$21),$D$21) -> 0.6 | V21: =+IF(T26="","",T26) -> 0.36 | W21: =+IF(U26="","",U26) -> 0.6
E22: 2 | I22: =+CONCATENATE(F22," ",G22," ",H22) | J22: Preventivo | K22: =+IFERROR(VLOOKUP($J22,'11 FORMULAS'!$B$51:$C$53,2,0),"") -> 0.25 | L22: =+IFERROR(VLOOKUP($J22,'11 FORMULAS'!$B$51:$D$53,3,0),"") -> Probabilidad | M22: Automático | N22: =+IFERROR(VLOOKUP($M22,'11 FORMULAS'!$B$54:$C$55,2,0),"") -> 0.25 | O22: Sistemas de información | P22: Mensual | Q22: Con registro manual | R22: Externa | S22: =+IFERROR($K22+$N22,"") -> 0.5 | T22: =IF($L22='11 FORMULAS'!$D$51,$C$8-($C$8*$S$8),$C$8) -> 0.36 | U22: =IF(L22='11 FORMULAS'!$D$53,$D$21-($D$21*$S$21),$D$21) -> 0.6
E23: 3 | I23: =+CONCATENATE(F23," ",G23," ",H23) | J23: Preventivo | K23: =+IFERROR(VLOOKUP($J23,'11 FORMULAS'!$B$51:$C$53,2,0),"") -> 0.25 | L23: =+IFERROR(VLOOKUP($J23,'11 FORMULAS'!$B$51:$D$53,3,0),"") -> Probabilidad | M23: Automático | N23: =+IFERROR(VLOOKUP($M23,'11 FORMULAS'!$B$54:$C$55,2,0),"") -> 0.25 | O23: Sistemas de información | P23: Mensual | Q23: Con registro manual | R23: Externa | S23: =+IFERROR($K23+$N23,"") -> 0.5 | T23: =IF($L23='11 FORMULAS'!$D$51,$C$8-($C$8*$S$8),$C$8) -> 0.36 | U23: =IF(L23='11 FORMULAS'!$D$53,$D$21-($D$21*$S$21),$D$21) -> 0.6
E24: 4 | I24: =+CONCATENATE(F24," ",G24," ",H24) | J24: Preventivo | K24: =+IFERROR(VLOOKUP($J24,'11 FORMULAS'!$B$51:$C$53,2,0),"") -> 0.25 | L24: =+IFERROR(VLOOKUP($J24,'11 FORMULAS'!$B$51:$D$53,3,0),"") -> Probabilidad | M24: Automático | N24: =+IFERROR(VLOOKUP($M24,'11 FORMULAS'!$B$54:$C$55,2,0),"") -> 0.25 | O24: Sistemas de información | P24: Mensual | Q24: Con registro manual | R24: Externa | S24: =+IFERROR($K24+$N24,"") -> 0.5 | T24: =IF($L24='11 FORMULAS'!$D$51,$C$8-($C$8*$S$8),$C$8) -> 0.36 | U24: =IF(L24='11 FORMULAS'!$D$53,$D$21-($D$21*$S$21),$D$21) -> 0.6
E25: 5 | I25: =+CONCATENATE(F25," ",G25," ",H25) | J25: Preventivo | K25: =+IFERROR(VLOOKUP($J25,'11 FORMULAS'!$B$51:$C$53,2,0),"") -> 0.25 | L25: =+IFERROR(VLOOKUP($J25,'11 FORMULAS'!$B$51:$D$53,3,0),"") -> Probabilidad | M25: Automático | N25: =+IFERROR(VLOOKUP($M25,'11 FORMULAS'!$B$54:$C$55,2,0),"") -> 0.25 | O25: Sistemas de información | P25: Mensual | Q25: Con registro manual | R25: Externa | S25: =+IFERROR($K25+$N25,"") -> 0.5 | T25: =IF($L25='11 FORMULAS'!$D$51,$C$8-($C$8*$S$8),$C$8) -> 0.36 | U25: =IF(L25='11 FORMULAS'!$D$53,$D$21-($D$21*$S$21),$D$21) -> 0.6
E26: 6 | I26: =+CONCATENATE(F26," ",G26," ",H26) | J26: Preventivo | K26: =+IFERROR(VLOOKUP($J26,'11 FORMULAS'!$B$51:$C$53,2,0),"") -> 0.25 | L26: =+IFERROR(VLOOKUP($J26,'11 FORMULAS'!$B$51:$D$53,3,0),"") -> Probabilidad | M26: Automático | N26: =+IFERROR(VLOOKUP($M26,'11 FORMULAS'!$B$54:$C$55,2,0),"") -> 0.25 | O26: Sistemas de información | P26: Mensual | Q26: Con registro manual | R26: Externa | S26: =+IFERROR($K26+$N26,"") -> 0.5 | T26: =IF($L26='11 FORMULAS'!$D$51,$C$8-($C$8*$S$8),$C$8) -> 0.36 | U26: =IF(L26='11 FORMULAS'!$D$53,$D$21-($D$21*$S$21),$D$21) -> 0.6
A39: ='2 CONTEXTO E IDENTIFICACIÓN'!#REF! -> #REF! | B39: =+'2 CONTEXTO E IDENTIFICACIÓN'!#REF! -> #REF! | C39: =+'3 PROBABIL E IMPACTO INHERENTE'!E14 | D39: =+'3 PROBABIL E IMPACTO INHERENTE'!M14 | E39: 1 | I39: =+CONCATENATE(F39," ",G39," ",H39) | J39: Preventivo | K39: =+IFERROR(VLOOKUP($J39,'11 FORMULAS'!$B$51:$C$53,2,0),"") -> 0.25 | L39: =+IFERROR(VLOOKUP($J39,'11 FORMULAS'!$B$51:$D$53,3,0),"") -> Probabilidad | M39: Automático | N39: =+IFERROR(VLOOKUP($M39,'11 FORMULAS'!$B$54:$C$55,2,0),"") -> 0.25 | O39: Sistemas de información | P39: Mensual | Q39: Con registro manual | R39: Externa | S39: =+IFERROR($K39+$N39,"") -> 0.5 | T39: =IF($L39='11 FORMULAS'!$D$51,$C$8-($C$8*$S$8),$C$8) -> 0.36 | U39: =IF($L39='11 FORMULAS'!$D$53,$D$39-($D$39*$S$39),$D$39) | V39: =+IF(T44="","",T44) -> 0.36 | W39: =+IF(U44="","",U44)
E40: 2 | I40: =+CONCATENATE(F40," ",G40," ",H40) | J40: Preventivo | K40: =+IFERROR(VLOOKUP($J40,'11 FORMULAS'!$B$51:$C$53,2,0),"") -> 0.25 | L40: =+IFERROR(VLOOKUP($J40,'11 FORMULAS'!$B$51:$D$53,3,0),"") -> Probabilidad | M40: Automático | N40: =+IFERROR(VLOOKUP($M40,'11 FORMULAS'!$B$54:$C$55,2,0),"") -> 0.25 | O40: Sistemas de información | P40: Mensual | Q40: Con registro manual | R40: Externa | S40: =+IFERROR($K40+$N40,"") -> 0.5 | T40: =IF($L40='11 FORMULAS'!$D$51,$C$8-($C$8*$S$8),$C$8) -> 0.36 | U40: =IF($L40='11 FORMULAS'!$D$53,$D$39-($D$39*$S$39),$D$39)
E41: 3 | I41: =+CONCATENATE(F41," ",G41," ",H41) | J41: Preventivo | K41: =+IFERROR(VLOOKUP($J41,'11 FORMULAS'!$B$51:$C$53,2,0),"") -> 0.25 | L41: =+IFERROR(VLOOKUP($J41,'11 FORMULAS'!$B$51:$D$53,3,0),"") -> Probabilidad | M41: Automático | N41: =+IFERROR(VLOOKUP($M41,'11 FORMULAS'!$B$54:$C$55,2,0),"") -> 0.25 | O41: Sistemas de información | P41: Mensual | Q41: Con registro manual | R41: Externa | S41: =+IFERROR($K41+$N41,"") -> 0.5 | T41: =IF($L41='11 FORMULAS'!$D$51,$C$8-($C$8*$S$8),$C$8) -> 0.36 | U41: =IF($L41='11 FORMULAS'!$D$53,$D$39-($D$39*$S$39),$D$39)
E42: 4 | I42: =+CONCATENATE(F42," ",G42," ",H42) | J42: Preventivo | K42: =+IFERROR(VLOOKUP($J42,'11 FORMULAS'!$B$51:$C$53,2,0),"") -> 0.25 | L42: =+IFERROR(VLOOKUP($J42,'11 FORMULAS'!$B$51:$D$53,3,0),"") -> Probabilidad | M42: Automático | N42: =+IFERROR(VLOOKUP($M42,'11 FORMULAS'!$B$54:$C$55,2,0),"") -> 0.25 | O42: Sistemas de información | P42: Mensual | Q42: Con registro manual | R42: Externa | S42: =+IFERROR($K42+$N42,"") -> 0.5 | T42: =IF($L42='11 FORMULAS'!$D$51,$C$8-($C$8*$S$8),$C$8) -> 0.36 | U42: =IF($L42='11 FORMULAS'!$D$53,$D$39-($D$39*$S$39),$D$39)
E43: 5 | I43: =+CONCATENATE(F43," ",G43," ",H43) | J43: Preventivo | K43: =+IFERROR(VLOOKUP($J43,'11 FORMULAS'!$B$51:$C$53,2,0),"") -> 0.25 | L43: =+IFERROR(VLOOKUP($J43,'11 FORMULAS'!$B$51:$D$53,3,0),"") -> Probabilidad | M43: Automático | N43: =+IFERROR(VLOOKUP($M43,'11 FORMULAS'!$B$54:$C$55,2,0),"") -> 0.25 | O43: Sistemas de información | P43: Mensual | Q43: Con registro manual | R43: Externa | S43: =+IFERROR($K43+$N43,"") -> 0.5 | T43: =IF($L43='11 FORMULAS'!$D$51,$C$8-($C$8*$S$8),$C$8) -> 0.36 | U43: =IF($L43='11 FORMULAS'!$D$53,$D$39-($D$39*$S$39),$D$39)
E44: 6 | I44: =+CONCATENATE(F44," ",G44," ",H44) | J44: Preventivo | K44: =+IFERROR(VLOOKUP($J44,'11 FORMULAS'!$B$51:$C$53,2,0),"") -> 0.25 | L44: =+IFERROR(VLOOKUP($J44,'11 FORMULAS'!$B$51:$D$53,3,0),"") -> Probabilidad | M44: Automático | N44: =+IFERROR(VLOOKUP($M44,'11 FORMULAS'!$B$54:$C$55,2,0),"") -> 0.25 | O44: Sistemas de información | P44: Mensual | Q44: Con registro manual | R44: Externa | S44: =+IFERROR($K44+$N44,"") -> 0.5 | T44: =IF($L44='11 FORMULAS'!$D$51,$C$8-($C$8*$S$8),$C$8) -> 0.36 | U44: =IF($L44='11 FORMULAS'!$D$53,$D$39-($D$39*$S$39),$D$39)
A45: ='2 CONTEXTO E IDENTIFICACIÓN'!#REF! -> #REF! | B45: =+'2 CONTEXTO E IDENTIFICACIÓN'!#REF! -> #REF! | C45: =+'3 PROBABIL E IMPACTO INHERENTE'!E15 | D45: =+'3 PROBABIL E IMPACTO INHERENTE'!M15 | E45: 1 | I45: =+CONCATENATE(F45," ",G45," ",H45) | J45: Preventivo | K45: =+IFERROR(VLOOKUP($J45,'11 FORMULAS'!$B$51:$C$53,2,0),"") -> 0.25 | L45: =+IFERROR(VLOOKUP($J45,'11 FORMULAS'!$B$51:$D$53,3,0),"") -> Probabilidad | M45: Automático | N45: =+IFERROR(VLOOKUP($M45,'11 FORMULAS'!$B$54:$C$55,2,0),"") -> 0.25 | O45: Sistemas de información | P45: Mensual | Q45: Con registro manual | R45: Externa | S45: =+IFERROR($K45+$N45,"") -> 0.5 | T45: =IF($L45='11 FORMULAS'!$D$51,$C$8-($C$8*$S$8),$C$8) -> 0.36 | U45: =IF($L45='11 FORMULAS'!$D$53,$D$45-($D$45*$S$45),$D$45) | V45: =+IF(T50="","",T50) -> 0.36 | W45: =+IF(U50="","",U50)
E46: 2 | I46: =+CONCATENATE(F46," ",G46," ",H46) | J46: Preventivo | K46: =+IFERROR(VLOOKUP($J46,'11 FORMULAS'!$B$51:$C$53,2,0),"") -> 0.25 | L46: =+IFERROR(VLOOKUP($J46,'11 FORMULAS'!$B$51:$D$53,3,0),"") -> Probabilidad | M46: Automático | N46: =+IFERROR(VLOOKUP($M46,'11 FORMULAS'!$B$54:$C$55,2,0),"") -> 0.25 | O46: Sistemas de información | P46: Mensual | Q46: Con registro manual | R46: Externa | S46: =+IFERROR($K46+$N46,"") -> 0.5 | T46: =IF($L46='11 FORMULAS'!$D$51,$C$8-($C$8*$S$8),$C$8) -> 0.36 | U46: =IF($L46='11 FORMULAS'!$D$53,$D$45-($D$45*$S$45),$D$45)
E47: 3 | I47: =+CONCATENATE(F47," ",G47," ",H47) | J47: Preventivo | K47: =+IFERROR(VLOOKUP($J47,'11 FORMULAS'!$B$51:$C$53,2,0),"") -> 0.25 | L47: =+IFERROR(VLOOKUP($J47,'11 FORMULAS'!$B$51:$D$53,3,0),"") -> Probabilidad | M47: Automático | N47: =+IFERROR(VLOOKUP($M47,'11 FORMULAS'!$B$54:$C$55,2,0),"") -> 0.25 | O47: Sistemas de información | P47: Mensual | Q47: Con registro manual | R47: Externa | S47: =+IFERROR($K47+$N47,"") -> 0.5 | T47: =IF($L47='11 FORMULAS'!$D$51,$C$8-($C$8*$S$8),$C$8) -> 0.36 | U47: =IF($L47='11 FORMULAS'!$D$53,$D$45-($D$45*$S$45),$D$45)
E48: 4 | I48: =+CONCATENATE(F48," ",G48," ",H48) | J48: Preventivo | K48: =+IFERROR(VLOOKUP($J48,'11 FORMULAS'!$B$51:$C$53,2,0),"") -> 0.25 | L48: =+IFERROR(VLOOKUP($J48,'11 FORMULAS'!$B$51:$D$53,3,0),"") -> Probabilidad | M48: Automático | N48: =+IFERROR(VLOOKUP($M48,'11 FORMULAS'!$B$54:$C$55,2,0),"") -> 0.25 | O48: Sistemas de información | P48: Mensual | Q48: Con registro manual | R48: Externa | S48: =+IFERROR($K48+$N48,"") -> 0.5 | T48: =IF($L48='11 FORMULAS'!$D$51,$C$8-($C$8*$S$8),$C$8) -> 0.36 | U48: =IF($L48='11 FORMULAS'!$D$53,$D$45-($D$45*$S$45),$D$45)
E49: 5 | I49: =+CONCATENATE(F49," ",G49," ",H49) | J49: Preventivo | K49: =+IFERROR(VLOOKUP($J49,'11 FORMULAS'!$B$51:$C$53,2,0),"") -> 0.25 | L49: =+IFERROR(VLOOKUP($J49,'11 FORMULAS'!$B$51:$D$53,3,0),"") -> Probabilidad | M49: Automático | N49: =+IFERROR(VLOOKUP($M49,'11 FORMULAS'!$B$54:$C$55,2,0),"") -> 0.25 | O49: Sistemas de información | P49: Mensual | Q49: Con registro manual | R49: Externa | S49: =+IFERROR($K49+$N49,"") -> 0.5 | T49: =IF($L49='11 FORMULAS'!$D$51,$C$8-($C$8*$S$8),$C$8) -> 0.36 | U49: =IF($L49='11 FORMULAS'!$D$53,$D$45-($D$45*$S$45),$D$45)
E50: 6 | I50: =+CONCATENATE(F50," ",G50," ",H50) | J50: Preventivo | K50: =+IFERROR(VLOOKUP($J50,'11 FORMULAS'!$B$51:$C$53,2,0),"") -> 0.25 | L50: =+IFERROR(VLOOKUP($J50,'11 FORMULAS'!$B$51:$D$53,3,0),"") -> Probabilidad | M50: Automático | N50: =+IFERROR(VLOOKUP($M50,'11 FORMULAS'!$B$54:$C$55,2,0),"") -> 0.25 | O50: Sistemas de información | P50: Mensual | Q50: Con registro manual | R50: Externa | S50: =+IFERROR($K50+$N50,"") -> 0.5 | T50: =IF($L50='11 FORMULAS'!$D$51,$C$8-($C$8*$S$8),$C$8) -> 0.36 | U50: =IF($L50='11 FORMULAS'!$D$53,$D$45-($D$45*$S$45),$D$45)
A51: ='2 CONTEXTO E IDENTIFICACIÓN'!#REF! -> #REF! | B51: =+'2 CONTEXTO E IDENTIFICACIÓN'!#REF! -> #REF! | C51: =+'3 PROBABIL E IMPACTO INHERENTE'!E16 | D51: =+'3 PROBABIL E IMPACTO INHERENTE'!M16 | E51: 1 | I51: =+CONCATENATE(F51," ",G51," ",H51) | J51: Preventivo | K51: =+IFERROR(VLOOKUP($J51,'11 FORMULAS'!$B$51:$C$53,2,0),"") -> 0.25 | L51: =+IFERROR(VLOOKUP($J51,'11 FORMULAS'!$B$51:$D$53,3,0),"") -> Probabilidad | M51: Automático | N51: =+IFERROR(VLOOKUP($M51,'11 FORMULAS'!$B$54:$C$55,2,0),"") -> 0.25 | O51: Sistemas de información | P51: Mensual | Q51: Con registro manual | R51: Externa | S51: =+IFERROR($K51+$N51,"") -> 0.5 | T51: =IF($L51='11 FORMULAS'!$D$51,$C$8-($C$8*$S$8),$C$8) -> 0.36 | U51: =IF($L51='11 FORMULAS'!$D$53,$D$51-($D$51*$S$51),$D$51) | V51: =+IF(T56="","",T56) -> 0.36 | W51: =+IF(U56="","",U56)
E52: 2 | I52: =+CONCATENATE(F52," ",G52," ",H52) | J52: Preventivo | K52: =+IFERROR(VLOOKUP($J52,'11 FORMULAS'!$B$51:$C$53,2,0),"") -> 0.25 | L52: =+IFERROR(VLOOKUP($J52,'11 FORMULAS'!$B$51:$D$53,3,0),"") -> Probabilidad | M52: Automático | N52: =+IFERROR(VLOOKUP($M52,'11 FORMULAS'!$B$54:$C$55,2,0),"") -> 0.25 | O52: Sistemas de información | P52: Mensual | Q52: Con registro manual | R52: Externa | S52: =+IFERROR($K52+$N52,"") -> 0.5 | T52: =IF($L52='11 FORMULAS'!$D$51,$C$8-($C$8*$S$8),$C$8) -> 0.36 | U52: =IF($L52='11 FORMULAS'!$D$53,$D$51-($D$51*$S$51),$D$51)
E53: 3 | I53: =+CONCATENATE(F53," ",G53," ",H53) | J53: Preventivo | K53: =+IFERROR(VLOOKUP($J53,'11 FORMULAS'!$B$51:$C$53,2,0),"") -> 0.25 | L53: =+IFERROR(VLOOKUP($J53,'11 FORMULAS'!$B$51:$D$53,3,0),"") -> Probabilidad | M53: Automático | N53: =+IFERROR(VLOOKUP($M53,'11 FORMULAS'!$B$54:$C$55,2,0),"") -> 0.25 | O53: Sistemas de información | P53: Mensual | Q53: Con registro manual | R53: Externa | S53: =+IFERROR($K53+$N53,"") -> 0.5 | T53: =IF($L53='11 FORMULAS'!$D$51,$C$8-($C$8*$S$8),$C$8) -> 0.36 | U53: =IF($L53='11 FORMULAS'!$D$53,$D$51-($D$51*$S$51),$D$51)
E54: 4 | I54: =+CONCATENATE(F54," ",G54," ",H54) | J54: Preventivo | K54: =+IFERROR(VLOOKUP($J54,'11 FORMULAS'!$B$51:$C$53,2,0),"") -> 0.25 | L54: =+IFERROR(VLOOKUP($J54,'11 FORMULAS'!$B$51:$D$53,3,0),"") -> Probabilidad | M54: Automático | N54: =+IFERROR(VLOOKUP($M54,'11 FORMULAS'!$B$54:$C$55,2,0),"") -> 0.25 | O54: Sistemas de información | P54: Mensual | Q54: Con registro manual | R54: Externa | S54: =+IFERROR($K54+$N54,"") -> 0.5 | T54: =IF($L54='11 FORMULAS'!$D$51,$C$8-($C$8*$S$8),$C$8) -> 0.36 | U54: =IF($L54='11 FORMULAS'!$D$53,$D$51-($D$51*$S$51),$D$51)
E55: 5 | I55: =+CONCATENATE(F55," ",G55," ",H55) | J55: Preventivo | K55: =+IFERROR(VLOOKUP($J55,'11 FORMULAS'!$B$51:$C$53,2,0),"") -> 0.25 | L55: =+IFERROR(VLOOKUP($J55,'11 FORMULAS'!$B$51:$D$53,3,0),"") -> Probabilidad | M55: Automático | N55: =+IFERROR(VLOOKUP($M55,'11 FORMULAS'!$B$54:$C$55,2,0),"") -> 0.25 | O55: Sistemas de información | P55: Mensual | Q55: Con registro manual | R55: Externa | S55: =+IFERROR($K55+$N55,"") -> 0.5 | T55: =IF($L55='11 FORMULAS'!$D$51,$C$8-($C$8*$S$8),$C$8) -> 0.36 | U55: =IF($L55='11 FORMULAS'!$D$53,$D$51-($D$51*$S$51),$D$51)
E56: 6 | I56: =+CONCATENATE(F56," ",G56," ",H56) | J56: Preventivo | K56: =+IFERROR(VLOOKUP($J56,'11 FORMULAS'!$B$51:$C$53,2,0),"") -> 0.25 | L56: =+IFERROR(VLOOKUP($J56,'11 FORMULAS'!$B$51:$D$53,3,0),"") -> Probabilidad | M56: Automático | N56: =+IFERROR(VLOOKUP($M56,'11 FORMULAS'!$B$54:$C$55,2,0),"") -> 0.25 | O56: Sistemas de información | P56: Mensual | Q56: Con registro manual | R56: Externa | S56: =+IFERROR($K56+$N56,"") -> 0.5 | T56: =IF($L56='11 FORMULAS'!$D$51,$C$8-($C$8*$S$8),$C$8) -> 0.36 | U56: =IF($L56='11 FORMULAS'!$D$53,$D$51-($D$51*$S$51),$D$51)
A57: ='2 CONTEXTO E IDENTIFICACIÓN'!#REF! -> #REF! | B57: =+'2 CONTEXTO E IDENTIFICACIÓN'!#REF! -> #REF! | C57: =+'3 PROBABIL E IMPACTO INHERENTE'!E17 | D57: =+'3 PROBABIL E IMPACTO INHERENTE'!M17 | E57: 1 | I57: =+CONCATENATE(F57," ",G57," ",H57) | J57: Preventivo | K57: =+IFERROR(VLOOKUP($J57,'11 FORMULAS'!$B$51:$C$53,2,0),"") -> 0.25 | L57: =+IFERROR(VLOOKUP($J57,'11 FORMULAS'!$B$51:$D$53,3,0),"") -> Probabilidad | M57: Automático | N57: =+IFERROR(VLOOKUP($M57,'11 FORMULAS'!$B$54:$C$55,2,0),"") -> 0.25 | O57: Sistemas de información | P57: Mensual | Q57: Con registro manual | R57: Externa | S57: =+IFERROR($K57+$N57,"") -> 0.5 | T57: =IF($L57='11 FORMULAS'!$D$51,$C$8-($C$8*$S$8),$C$8) -> 0.36 | U57: =IF($L57='11 FORMULAS'!$D$53,$D$57-($D$57*$S$57),$D$57) | V57: =+IF(T62="","",T62) -> 0.36 | W57: =+IF(U62="","",U62)
E58: 2 | I58: =+CONCATENATE(F58," ",G58," ",H58) | J58: Preventivo | K58: =+IFERROR(VLOOKUP($J58,'11 FORMULAS'!$B$51:$C$53,2,0),"") -> 0.25 | L58: =+IFERROR(VLOOKUP($J58,'11 FORMULAS'!$B$51:$D$53,3,0),"") -> Probabilidad | M58: Automático | N58: =+IFERROR(VLOOKUP($M58,'11 FORMULAS'!$B$54:$C$55,2,0),"") -> 0.25 | O58: Sistemas de información | P58: Mensual | Q58: Con registro manual | R58: Externa | S58: =+IFERROR($K58+$N58,"") -> 0.5 | T58: =IF($L58='11 FORMULAS'!$D$51,$C$8-($C$8*$S$8),$C$8) -> 0.36 | U58: =IF($L58='11 FORMULAS'!$D$53,$D$57-($D$57*$S$57),$D$57)
E59: 3 | I59: =+CONCATENATE(F59," ",G59," ",H59) | J59: Preventivo | K59: =+IFERROR(VLOOKUP($J59,'11 FORMULAS'!$B$51:$C$53,2,0),"") -> 0.25 | L59: =+IFERROR(VLOOKUP($J59,'11 FORMULAS'!$B$51:$D$53,3,0),"") -> Probabilidad | M59: Automático | N59: =+IFERROR(VLOOKUP($M59,'11 FORMULAS'!$B$54:$C$55,2,0),"") -> 0.25 | O59: Sistemas de información | P59: Mensual | Q59: Con registro manual | R59: Externa | S59: =+IFERROR($K59+$N59,"") -> 0.5 | T59: =IF($L59='11 FORMULAS'!$D$51,$C$8-($C$8*$S$8),$C$8) -> 0.36 | U59: =IF($L59='11 FORMULAS'!$D$53,$D$57-($D$57*$S$57),$D$57)
E60: 4 | I60: =+CONCATENATE(F60," ",G60," ",H60) | J60: Preventivo | K60: =+IFERROR(VLOOKUP($J60,'11 FORMULAS'!$B$51:$C$53,2,0),"") -> 0.25 | L60: =+IFERROR(VLOOKUP($J60,'11 FORMULAS'!$B$51:$D$53,3,0),"") -> Probabilidad | M60: Automático | N60: =+IFERROR(VLOOKUP($M60,'11 FORMULAS'!$B$54:$C$55,2,0),"") -> 0.25 | O60: Sistemas de información | P60: Mensual | Q60: Con registro manual | R60: Externa | S60: =+IFERROR($K60+$N60,"") -> 0.5 | T60: =IF($L60='11 FORMULAS'!$D$51,$C$8-($C$8*$S$8),$C$8) -> 0.36 | U60: =IF($L60='11 FORMULAS'!$D$53,$D$57-($D$57*$S$57),$D$57)
E61: 5 | I61: =+CONCATENATE(F61," ",G61," ",H61) | J61: Preventivo | K61: =+IFERROR(VLOOKUP($J61,'11 FORMULAS'!$B$51:$C$53,2,0),"") -> 0.25 | L61: =+IFERROR(VLOOKUP($J61,'11 FORMULAS'!$B$51:$D$53,3,0),"") -> Probabilidad | M61: Automático | N61: =+IFERROR(VLOOKUP($M61,'11 FORMULAS'!$B$54:$C$55,2,0),"") -> 0.25 | O61: Sistemas de información | P61: Mensual | Q61: Con registro manual | R61: Externa | S61: =+IFERROR($K61+$N61,"") -> 0.5 | T61: =IF($L61='11 FORMULAS'!$D$51,$C$8-($C$8*$S$8),$C$8) -> 0.36 | U61: =IF($L61='11 FORMULAS'!$D$53,$D$57-($D$57*$S$57),$D$57)
E62: 6 | I62: =+CONCATENATE(F62," ",G62," ",H62) | J62: Preventivo | K62: =+IFERROR(VLOOKUP($J62,'11 FORMULAS'!$B$51:$C$53,2,0),"") -> 0.25 | L62: =+IFERROR(VLOOKUP($J62,'11 FORMULAS'!$B$51:$D$53,3,0),"") -> Probabilidad | M62: Automático | N62: =+IFERROR(VLOOKUP($M62,'11 FORMULAS'!$B$54:$C$55,2,0),"") -> 0.25 | O62: Sistemas de información | P62: Mensual | Q62: Con registro manual | R62: Externa | S62: =+IFERROR($K62+$N62,"") -> 0.5 | T62: =IF($L62='11 FORMULAS'!$D$51,$C$8-($C$8*$S$8),$C$8) -> 0.36 | U62: =IF($L62='11 FORMULAS'!$D$53,$D$57-($D$57*$S$57),$D$57)
A63: ='2 CONTEXTO E IDENTIFICACIÓN'!#REF! -> #REF! | B63: =+'2 CONTEXTO E IDENTIFICACIÓN'!#REF! -> #REF! | C63: =+'3 PROBABIL E IMPACTO INHERENTE'!E18 | D63: =+'3 PROBABIL E IMPACTO INHERENTE'!M18 | E63: 1 | I63: =+CONCATENATE(F63," ",G63," ",H63) | J63: Preventivo | K63: =+IFERROR(VLOOKUP($J63,'11 FORMULAS'!$B$51:$C$53,2,0),"") -> 0.25 | L63: =+IFERROR(VLOOKUP($J63,'11 FORMULAS'!$B$51:$D$53,3,0),"") -> Probabilidad | M63: Automático | N63: =+IFERROR(VLOOKUP($M63,'11 FORMULAS'!$B$54:$C$55,2,0),"") -> 0.25 | O63: Sistemas de información | P63: Mensual | Q63: Con registro manual | R63: Externa | S63: =+IFERROR($K63+$N63,"") -> 0.5 | T63: =IF($L63='11 FORMULAS'!$D$51,$C$8-($C$8*$S$8),$C$8) -> 0.36 | U63: =IF($L63='11 FORMULAS'!$D$53,$D$63-($D$63*$S$63),$D$63) | V63: =+IF(T68="","",T68) -> 0.36 | W63: =+IF(U68="","",U68)
E64: 2 | I64: =+CONCATENATE(F64," ",G64," ",H64) | J64: Preventivo | K64: =+IFERROR(VLOOKUP($J64,'11 FORMULAS'!$B$51:$C$53,2,0),"") -> 0.25 | L64: =+IFERROR(VLOOKUP($J64,'11 FORMULAS'!$B$51:$D$53,3,0),"") -> Probabilidad | M64: Automático | N64: =+IFERROR(VLOOKUP($M64,'11 FORMULAS'!$B$54:$C$55,2,0),"") -> 0.25 | O64: Sistemas de información | P64: Mensual | Q64: Con registro manual | R64: Externa | S64: =+IFERROR($K64+$N64,"") -> 0.5 | T64: =IF($L64='11 FORMULAS'!$D$51,$C$8-($C$8*$S$8),$C$8) -> 0.36 | U64: =IF($L64='11 FORMULAS'!$D$53,$D$63-($D$63*$S$63),$D$63)
E65: 3 | I65: =+CONCATENATE(F65," ",G65," ",H65) | J65: Preventivo | K65: =+IFERROR(VLOOKUP($J65,'11 FORMULAS'!$B$51:$C$53,2,0),"") -> 0.25 | L65: =+IFERROR(VLOOKUP($J65,'11 FORMULAS'!$B$51:$D$53,3,0),"") -> Probabilidad | M65: Automático | N65: =+IFERROR(VLOOKUP($M65,'11 FORMULAS'!$B$54:$C$55,2,0),"") -> 0.25 | O65: Sistemas de información | P65: Mensual | Q65: Con registro manual | R65: Externa | S65: =+IFERROR($K65+$N65,"") -> 0.5 | T65: =IF($L65='11 FORMULAS'!$D$51,$C$8-($C$8*$S$8),$C$8) -> 0.36 | U65: =IF($L65='11 FORMULAS'!$D$53,$D$63-($D$63*$S$63),$D$63)
E66: 4 | I66: =+CONCATENATE(F66," ",G66," ",H66) | J66: Preventivo | K66: =+IFERROR(VLOOKUP($J66,'11 FORMULAS'!$B$51:$C$53,2,0),"") -> 0.25 | L66: =+IFERROR(VLOOKUP($J66,'11 FORMULAS'!$B$51:$D$53,3,0),"") -> Probabilidad | M66: Automático | N66: =+IFERROR(VLOOKUP($M66,'11 FORMULAS'!$B$54:$C$55,2,0),"") -> 0.25 | O66: Sistemas de información | P66: Mensual | Q66: Con registro manual | R66: Externa | S66: =+IFERROR($K66+$N66,"") -> 0.5 | T66: =IF($L66='11 FORMULAS'!$D$51,$C$8-($C$8*$S$8),$C$8) -> 0.36 | U66: =IF($L66='11 FORMULAS'!$D$53,$D$63-($D$63*$S$63),$D$63)
E67: 5 | I67: =+CONCATENATE(F67," ",G67," ",H67) | J67: Preventivo | K67: =+IFERROR(VLOOKUP($J67,'11 FORMULAS'!$B$51:$C$53,2,0),"") -> 0.25 | L67: =+IFERROR(VLOOKUP($J67,'11 FORMULAS'!$B$51:$D$53,3,0),"") -> Probabilidad | M67: Automático | N67: =+IFERROR(VLOOKUP($M67,'11 FORMULAS'!$B$54:$C$55,2,0),"") -> 0.25 | O67: Sistemas de información | P67: Mensual | Q67: Con registro manual | R67: Externa | S67: =+IFERROR($K67+$N67,"") -> 0.5 | T67: =IF($L67='11 FORMULAS'!$D$51,$C$8-($C$8*$S$8),$C$8) -> 0.36 | U67: =IF($L67='11 FORMULAS'!$D$53,$D$63-($D$63*$S$63),$D$63)
E68: 6 | I68: =+CONCATENATE(F68," ",G68," ",H68) | J68: Preventivo | K68: =+IFERROR(VLOOKUP($J68,'11 FORMULAS'!$B$51:$C$53,2,0),"") -> 0.25 | L68: =+IFERROR(VLOOKUP($J68,'11 FORMULAS'!$B$51:$D$53,3,0),"") -> Probabilidad | M68: Automático | N68: =+IFERROR(VLOOKUP($M68,'11 FORMULAS'!$B$54:$C$55,2,0),"") -> 0.25 | O68: Sistemas de información | P68: Mensual | Q68: Con registro manual | R68: Externa | S68: =+IFERROR($K68+$N68,"") -> 0.5 | T68: =IF($L68='11 FORMULAS'!$D$51,$C$8-($C$8*$S$8),$C$8) -> 0.36 | U68: =IF($L68='11 FORMULAS'!$D$53,$D$63-($D$63*$S$63),$D$63)
A69: ='2 CONTEXTO E IDENTIFICACIÓN'!#REF! -> #REF! | B69: =+'2 CONTEXTO E IDENTIFICACIÓN'!#REF! -> #REF! | C69: =+'3 PROBABIL E IMPACTO INHERENTE'!E19 | D69: =+'3 PROBABIL E IMPACTO INHERENTE'!M19 | E69: 1 | I69: =+CONCATENATE(F69," ",G69," ",H69) | J69: Preventivo | K69: =+IFERROR(VLOOKUP($J69,'11 FORMULAS'!$B$51:$C$53,2,0),"") -> 0.25 | L69: =+IFERROR(VLOOKUP($J69,'11 FORMULAS'!$B$51:$D$53,3,0),"") -> Probabilidad | M69: Automático | N69: =+IFERROR(VLOOKUP($M69,'11 FORMULAS'!$B$54:$C$55,2,0),"") -> 0.25 | O69: Sistemas de información | P69: Mensual | Q69: Con registro manual | R69: Externa | S69: =+IFERROR($K69+$N69,"") -> 0.5 | T69: =IF($L69='11 FORMULAS'!$D$51,$C$8-($C$8*$S$8),$C$8) -> 0.36 | U69: =IF($L69='11 FORMULAS'!$D$53,$D$69-($D$69*$S$69),$D$69) | V69: =+IF(T74="","",T74) -> 0.36 | W69: =+IF(U74="","",U74)
E70: 2 | I70: =+CONCATENATE(F70," ",G70," ",H70) | J70: Preventivo | K70: =+IFERROR(VLOOKUP($J70,'11 FORMULAS'!$B$51:$C$53,2,0),"") -> 0.25 | L70: =+IFERROR(VLOOKUP($J70,'11 FORMULAS'!$B$51:$D$53,3,0),"") -> Probabilidad | M70: Automático | N70: =+IFERROR(VLOOKUP($M70,'11 FORMULAS'!$B$54:$C$55,2,0),"") -> 0.25 | O70: Sistemas de información | P70: Mensual | Q70: Con registro manual | R70: Externa | S70: =+IFERROR($K70+$N70,"") -> 0.5 | T70: =IF($L70='11 FORMULAS'!$D$51,$C$8-($C$8*$S$8),$C$8) -> 0.36 | U70: =IF($L70='11 FORMULAS'!$D$53,$D$69-($D$69*$S$69),$D$69)
E71: 3 | I71: =+CONCATENATE(F71," ",G71," ",H71) | J71: Preventivo | K71: =+IFERROR(VLOOKUP($J71,'11 FORMULAS'!$B$51:$C$53,2,0),"") -> 0.25 | L71: =+IFERROR(VLOOKUP($J71,'11 FORMULAS'!$B$51:$D$53,3,0),"") -> Probabilidad | M71: Automático | N71: =+IFERROR(VLOOKUP($M71,'11 FORMULAS'!$B$54:$C$55,2,0),"") -> 0.25 | O71: Sistemas de información | P71: Mensual | Q71: Con registro manual | R71: Externa | S71: =+IFERROR($K71+$N71,"") -> 0.5 | T71: =IF($L71='11 FORMULAS'!$D$51,$C$8-($C$8*$S$8),$C$8) -> 0.36 | U71: =IF($L71='11 FORMULAS'!$D$53,$D$69-($D$69*$S$69),$D$69)
E72: 4 | I72: =+CONCATENATE(F72," ",G72," ",H72) | J72: Preventivo | K72: =+IFERROR(VLOOKUP($J72,'11 FORMULAS'!$B$51:$C$53,2,0),"") -> 0.25 | L72: =+IFERROR(VLOOKUP($J72,'11 FORMULAS'!$B$51:$D$53,3,0),"") -> Probabilidad | M72: Automático | N72: =+IFERROR(VLOOKUP($M72,'11 FORMULAS'!$B$54:$C$55,2,0),"") -> 0.25 | O72: Sistemas de información | P72: Mensual | Q72: Con registro manual | R72: Externa | S72: =+IFERROR($K72+$N72,"") -> 0.5 | T72: =IF($L72='11 FORMULAS'!$D$51,$C$8-($C$8*$S$8),$C$8) -> 0.36 | U72: =IF($L72='11 FORMULAS'!$D$53,$D$69-($D$69*$S$69),$D$69)
E73: 5 | I73: =+CONCATENATE(F73," ",G73," ",H73) | J73: Preventivo | K73: =+IFERROR(VLOOKUP($J73,'11 FORMULAS'!$B$51:$C$53,2,0),"") -> 0.25 | L73: =+IFERROR(VLOOKUP($J73,'11 FORMULAS'!$B$51:$D$53,3,0),"") -> Probabilidad | M73: Automático | N73: =+IFERROR(VLOOKUP($M73,'11 FORMULAS'!$B$54:$C$55,2,0),"") -> 0.25 | O73: Sistemas de información | P73: Mensual | Q73: Con registro manual | R73: Externa | S73: =+IFERROR($K73+$N73,"") -> 0.5 | T73: =IF($L73='11 FORMULAS'!$D$51,$C$8-($C$8*$S$8),$C$8) -> 0.36 | U73: =IF($L73='11 FORMULAS'!$D$53,$D$69-($D$69*$S$69),$D$69)
E74: 6 | I74: =+CONCATENATE(F74," ",G74," ",H74) | J74: Preventivo | K74: =+IFERROR(VLOOKUP($J74,'11 FORMULAS'!$B$51:$C$53,2,0),"") -> 0.25 | L74: =+IFERROR(VLOOKUP($J74,'11 FORMULAS'!$B$51:$D$53,3,0),"") -> Probabilidad | M74: Automático | N74: =+IFERROR(VLOOKUP($M74,'11 FORMULAS'!$B$54:$C$55,2,0),"") -> 0.25 | O74: Sistemas de información | P74: Mensual | Q74: Con registro manual | R74: Externa | S74: =+IFERROR($K74+$N74,"") -> 0.5 | T74: =IF($L74='11 FORMULAS'!$D$51,$C$8-($C$8*$S$8),$C$8) -> 0.36 | U74: =IF($L74='11 FORMULAS'!$D$53,$D$69-($D$69*$S$69),$D$69)
A75: ='2 CONTEXTO E IDENTIFICACIÓN'!#REF! -> #REF! | B75: =+'2 CONTEXTO E IDENTIFICACIÓN'!#REF! -> #REF! | C75: =+'3 PROBABIL E IMPACTO INHERENTE'!E20 | D75: =+'3 PROBABIL E IMPACTO INHERENTE'!M20 | E75: 1 | I75: =+CONCATENATE(F75," ",G75," ",H75) | J75: Preventivo | K75: =+IFERROR(VLOOKUP($J75,'11 FORMULAS'!$B$51:$C$53,2,0),"") -> 0.25 | L75: =+IFERROR(VLOOKUP($J75,'11 FORMULAS'!$B$51:$D$53,3,0),"") -> Probabilidad | M75: Automático | N75: =+IFERROR(VLOOKUP($M75,'11 FORMULAS'!$B$54:$C$55,2,0),"") -> 0.25 | O75: Sistemas de información | P75: Mensual | Q75: Con registro manual | R75: Externa | S75: =+IFERROR($K75+$N75,"") -> 0.5 | T75: =IF($L75='11 FORMULAS'!$D$51,$C$8-($C$8*$S$8),$C$8) -> 0.36 | U75: =IF($L75='11 FORMULAS'!$D$53,$D$75-($D$75*$S$75),$D$75) | V75: =+IF(T80="","",T80) -> 0.36 | W75: =+IF(U80="","",U80)
E76: 2 | I76: =+CONCATENATE(F76," ",G76," ",H76) | J76: Preventivo | K76: =+IFERROR(VLOOKUP($J76,'11 FORMULAS'!$B$51:$C$53,2,0),"") -> 0.25 | L76: =+IFERROR(VLOOKUP($J76,'11 FORMULAS'!$B$51:$D$53,3,0),"") -> Probabilidad | M76: Automático | N76: =+IFERROR(VLOOKUP($M76,'11 FORMULAS'!$B$54:$C$55,2,0),"") -> 0.25 | O76: Sistemas de información | P76: Mensual | Q76: Con registro manual | R76: Externa | S76: =+IFERROR($K76+$N76,"") -> 0.5 | T76: =IF($L76='11 FORMULAS'!$D$51,$C$8-($C$8*$S$8),$C$8) -> 0.36 | U76: =IF($L76='11 FORMULAS'!$D$53,$D$75-($D$75*$S$75),$D$75)
E77: 3 | I77: =+CONCATENATE(F77," ",G77," ",H77) | J77: Preventivo | K77: =+IFERROR(VLOOKUP($J77,'11 FORMULAS'!$B$51:$C$53,2,0),"") -> 0.25 | L77: =+IFERROR(VLOOKUP($J77,'11 FORMULAS'!$B$51:$D$53,3,0),"") -> Probabilidad | M77: Automático | N77: =+IFERROR(VLOOKUP($M77,'11 FORMULAS'!$B$54:$C$55,2,0),"") -> 0.25 | O77: Sistemas de información | P77: Mensual | Q77: Con registro manual | R77: Externa | S77: =+IFERROR($K77+$N77,"") -> 0.5 | T77: =IF($L77='11 FORMULAS'!$D$51,$C$8-($C$8*$S$8),$C$8) -> 0.36 | U77: =IF($L77='11 FORMULAS'!$D$53,$D$75-($D$75*$S$75),$D$75)
E78: 4 | I78: =+CONCATENATE(F78," ",G78," ",H78) | J78: Preventivo | K78: =+IFERROR(VLOOKUP($J78,'11 FORMULAS'!$B$51:$C$53,2,0),"") -> 0.25 | L78: =+IFERROR(VLOOKUP($J78,'11 FORMULAS'!$B$51:$D$53,3,0),"") -> Probabilidad | M78: Automático | N78: =+IFERROR(VLOOKUP($M78,'11 FORMULAS'!$B$54:$C$55,2,0),"") -> 0.25 | O78: Sistemas de información | P78: Mensual | Q78: Con registro manual | R78: Externa | S78: =+IFERROR($K78+$N78,"") -> 0.5 | T78: =IF($L78='11 FORMULAS'!$D$51,$C$8-($C$8*$S$8),$C$8) -> 0.36 | U78: =IF($L78='11 FORMULAS'!$D$53,$D$75-($D$75*$S$75),$D$75)
E79: 5 | I79: =+CONCATENATE(F79," ",G79," ",H79) | J79: Preventivo | K79: =+IFERROR(VLOOKUP($J79,'11 FORMULAS'!$B$51:$C$53,2,0),"") -> 0.25 | L79: =+IFERROR(VLOOKUP($J79,'11 FORMULAS'!$B$51:$D$53,3,0),"") -> Probabilidad | M79: Automático | N79: =+IFERROR(VLOOKUP($M79,'11 FORMULAS'!$B$54:$C$55,2,0),"") -> 0.25 | O79: Sistemas de información | P79: Mensual | Q79: Con registro manual | R79: Externa | S79: =+IFERROR($K79+$N79,"") -> 0.5 | T79: =IF($L79='11 FORMULAS'!$D$51,$C$8-($C$8*$S$8),$C$8) -> 0.36 | U79: =IF($L79='11 FORMULAS'!$D$53,$D$75-($D$75*$S$75),$D$75)
E80: 6 | I80: =+CONCATENATE(F80," ",G80," ",H80) | J80: Preventivo | K80: =+IFERROR(VLOOKUP($J80,'11 FORMULAS'!$B$51:$C$53,2,0),"") -> 0.25 | L80: =+IFERROR(VLOOKUP($J80,'11 FORMULAS'!$B$51:$D$53,3,0),"") -> Probabilidad | M80: Automático | N80: =+IFERROR(VLOOKUP($M80,'11 FORMULAS'!$B$54:$C$55,2,0),"") -> 0.25 | O80: Sistemas de información | P80: Mensual | Q80: Con registro manual | R80: Externa | S80: =+IFERROR($K80+$N80,"") -> 0.5 | T80: =IF($L80='11 FORMULAS'!$D$51,$C$8-($C$8*$S$8),$C$8) -> 0.36 | U80: =IF($L80='11 FORMULAS'!$D$53,$D$75-($D$75*$S$75),$D$75)
A81: ='2 CONTEXTO E IDENTIFICACIÓN'!#REF! -> #REF! | B81: =+'2 CONTEXTO E IDENTIFICACIÓN'!#REF! -> #REF! | C81: =+'3 PROBABIL E IMPACTO INHERENTE'!E21 | D81: =+'3 PROBABIL E IMPACTO INHERENTE'!M21 | E81: 1 | I81: =+CONCATENATE(F81," ",G81," ",H81) | J81: Preventivo | K81: =+IFERROR(VLOOKUP($J81,'11 FORMULAS'!$B$51:$C$53,2,0),"") -> 0.25 | L81: =+IFERROR(VLOOKUP($J81,'11 FORMULAS'!$B$51:$D$53,3,0),"") -> Probabilidad | M81: Automático | N81: =+IFERROR(VLOOKUP($M81,'11 FORMULAS'!$B$54:$C$55,2,0),"") -> 0.25 | O81: Sistemas de información | P81: Mensual | Q81: Con registro manual | R81: Externa | S81: =+IFERROR($K81+$N81,"") -> 0.5 | T81: =IF($L81='11 FORMULAS'!$D$51,$C$8-($C$8*$S$8),$C$8) -> 0.36 | U81: =IF($L81='11 FORMULAS'!$D$53,$D$81-($D$81*$S$81),$D$81) | V81: =+IF(T86="","",T86) -> 0.36 | W81: =+IF(U86="","",U86)
E82: 2 | I82: =+CONCATENATE(F82," ",G82," ",H82) | J82: Preventivo | K82: =+IFERROR(VLOOKUP($J82,'11 FORMULAS'!$B$51:$C$53,2,0),"") -> 0.25 | L82: =+IFERROR(VLOOKUP($J82,'11 FORMULAS'!$B$51:$D$53,3,0),"") -> Probabilidad | M82: Automático | N82: =+IFERROR(VLOOKUP($M82,'11 FORMULAS'!$B$54:$C$55,2,0),"") -> 0.25 | O82: Sistemas de información | P82: Mensual | Q82: Con registro manual | R82: Externa | S82: =+IFERROR($K82+$N82,"") -> 0.5 | T82: =IF($L82='11 FORMULAS'!$D$51,$C$8-($C$8*$S$8),$C$8) -> 0.36 | U82: =IF($L82='11 FORMULAS'!$D$53,$D$81-($D$81*$S$81),$D$81)
E83: 3 | I83: =+CONCATENATE(F83," ",G83," ",H83) | J83: Preventivo | K83: =+IFERROR(VLOOKUP($J83,'11 FORMULAS'!$B$51:$C$53,2,0),"") -> 0.25 | L83: =+IFERROR(VLOOKUP($J83,'11 FORMULAS'!$B$51:$D$53,3,0),"") -> Probabilidad | M83: Automático | N83: =+IFERROR(VLOOKUP($M83,'11 FORMULAS'!$B$54:$C$55,2,0),"") -> 0.25 | O83: Sistemas de información | P83: Mensual | Q83: Con registro manual | R83: Externa | S83: =+IFERROR($K83+$N83,"") -> 0.5 | T83: =IF($L83='11 FORMULAS'!$D$51,$C$8-($C$8*$S$8),$C$8) -> 0.36 | U83: =IF($L83='11 FORMULAS'!$D$53,$D$81-($D$81*$S$81),$D$81)
E84: 4 | I84: =+CONCATENATE(F84," ",G84," ",H84) | J84: Preventivo | K84: =+IFERROR(VLOOKUP($J84,'11 FORMULAS'!$B$51:$C$53,2,0),"") -> 0.25 | L84: =+IFERROR(VLOOKUP($J84,'11 FORMULAS'!$B$51:$D$53,3,0),"") -> Probabilidad | M84: Automático | N84: =+IFERROR(VLOOKUP($M84,'11 FORMULAS'!$B$54:$C$55,2,0),"") -> 0.25 | O84: Sistemas de información | P84: Mensual | Q84: Con registro manual | R84: Externa | S84: =+IFERROR($K84+$N84,"") -> 0.5 | T84: =IF($L84='11 FORMULAS'!$D$51,$C$8-($C$8*$S$8),$C$8) -> 0.36 | U84: =IF($L84='11 FORMULAS'!$D$53,$D$81-($D$81*$S$81),$D$81)
E85: 5 | I85: =+CONCATENATE(F85," ",G85," ",H85) | J85: Preventivo | K85: =+IFERROR(VLOOKUP($J85,'11 FORMULAS'!$B$51:$C$53,2,0),"") -> 0.25 | L85: =+IFERROR(VLOOKUP($J85,'11 FORMULAS'!$B$51:$D$53,3,0),"") -> Probabilidad | M85: Automático | N85: =+IFERROR(VLOOKUP($M85,'11 FORMULAS'!$B$54:$C$55,2,0),"") -> 0.25 | O85: Sistemas de información | P85: Mensual | Q85: Con registro manual | R85: Externa | S85: =+IFERROR($K85+$N85,"") -> 0.5 | T85: =IF($L85='11 FORMULAS'!$D$51,$C$8-($C$8*$S$8),$C$8) -> 0.36 | U85: =IF($L85='11 FORMULAS'!$D$53,$D$81-($D$81*$S$81),$D$81)
E86: 6 | I86: =+CONCATENATE(F86," ",G86," ",H86) | J86: Preventivo | K86: =+IFERROR(VLOOKUP($J86,'11 FORMULAS'!$B$51:$C$53,2,0),"") -> 0.25 | L86: =+IFERROR(VLOOKUP($J86,'11 FORMULAS'!$B$51:$D$53,3,0),"") -> Probabilidad | M86: Automático | N86: =+IFERROR(VLOOKUP($M86,'11 FORMULAS'!$B$54:$C$55,2,0),"") -> 0.25 | O86: Sistemas de información | P86: Mensual | Q86: Con registro manual | R86: Externa | S86: =+IFERROR($K86+$N86,"") -> 0.5 | T86: =IF($L86='11 FORMULAS'!$D$51,$C$8-($C$8*$S$8),$C$8) -> 0.36 | U86: =IF($L86='11 FORMULAS'!$D$53,$D$81-($D$81*$S$81),$D$81)
A87: ='2 CONTEXTO E IDENTIFICACIÓN'!#REF! -> #REF! | B87: =+'2 CONTEXTO E IDENTIFICACIÓN'!#REF! -> #REF! | C87: =+'3 PROBABIL E IMPACTO INHERENTE'!E22 | D87: =+'3 PROBABIL E IMPACTO INHERENTE'!M22 | E87: 1 | I87: =+CONCATENATE(F87," ",G87," ",H87) | J87: Preventivo | K87: =+IFERROR(VLOOKUP($J87,'11 FORMULAS'!$B$51:$C$53,2,0),"") -> 0.25 | L87: =+IFERROR(VLOOKUP($J87,'11 FORMULAS'!$B$51:$D$53,3,0),"") -> Probabilidad | M87: Automático | N87: =+IFERROR(VLOOKUP($M87,'11 FORMULAS'!$B$54:$C$55,2,0),"") -> 0.25 | O87: Sistemas de información | P87: Mensual | Q87: Con registro manual | R87: Externa | S87: =+IFERROR($K87+$N87,"") -> 0.5 | T87: =IF($L87='11 FORMULAS'!$D$51,$C$8-($C$8*$S$8),$C$8) -> 0.36 | U87: =IF($L87='11 FORMULAS'!$D$53,$D$87-($D$87*$S$87),$D$87) | V87: =+IF(T92="","",T92) -> 0.36 | W87: =+IF(U92="","",U92)
E88: 2 | I88: =+CONCATENATE(F88," ",G88," ",H88) | J88: Preventivo | K88: =+IFERROR(VLOOKUP($J88,'11 FORMULAS'!$B$51:$C$53,2,0),"") -> 0.25 | L88: =+IFERROR(VLOOKUP($J88,'11 FORMULAS'!$B$51:$D$53,3,0),"") -> Probabilidad | M88: Automático | N88: =+IFERROR(VLOOKUP($M88,'11 FORMULAS'!$B$54:$C$55,2,0),"") -> 0.25 | O88: Sistemas de información | P88: Mensual | Q88: Con registro manual | R88: Externa | S88: =+IFERROR($K88+$N88,"") -> 0.5 | T88: =IF($L88='11 FORMULAS'!$D$51,$C$8-($C$8*$S$8),$C$8) -> 0.36 | U88: =IF($L88='11 FORMULAS'!$D$53,$D$87-($D$87*$S$87),$D$87)
E89: 3 | I89: =+CONCATENATE(F89," ",G89," ",H89) | J89: Preventivo | K89: =+IFERROR(VLOOKUP($J89,'11 FORMULAS'!$B$51:$C$53,2,0),"") -> 0.25 | L89: =+IFERROR(VLOOKUP($J89,'11 FORMULAS'!$B$51:$D$53,3,0),"") -> Probabilidad | M89: Manual | N89: =+IFERROR(VLOOKUP($M89,'11 FORMULAS'!$B$54:$C$55,2,0),"") -> 0.15 | O89: Sistemas de información | P89: Trimestral | Q89: Con registro electrónico | R89: Mixta | S89: =+IFERROR($K89+$N89,"") -> 0.4 | T89: =IF($L89='11 FORMULAS'!$D$51,$C$8-($C$8*$S$8),$C$8) -> 0.36 | U89: =IF($L89='11 FORMULAS'!$D$53,$D$87-($D$87*$S$87),$D$87)
E90: 4 | I90: =+CONCATENATE(F90," ",G90," ",H90) | J90: Preventivo | K90: =+IFERROR(VLOOKUP($J90,'11 FORMULAS'!$B$51:$C$53,2,0),"") -> 0.25 | L90: =+IFERROR(VLOOKUP($J90,'11 FORMULAS'!$B$51:$D$53,3,0),"") -> Probabilidad | M90: Automático | N90: =+IFERROR(VLOOKUP($M90,'11 FORMULAS'!$B$54:$C$55,2,0),"") -> 0.25 | O90: Sistemas de información | P90: Mensual | Q90: Con registro manual | R90: Externa | S90: =+IFERROR($K90+$N90,"") -> 0.5 | T90: =IF($L90='11 FORMULAS'!$D$51,$C$8-($C$8*$S$8),$C$8) -> 0.36 | U90: =IF($L90='11 FORMULAS'!$D$53,$D$87-($D$87*$S$87),$D$87)
E91: 5 | I91: =+CONCATENATE(F91," ",G91," ",H91) | J91: Preventivo | K91: =+IFERROR(VLOOKUP($J91,'11 FORMULAS'!$B$51:$C$53,2,0),"") -> 0.25 | L91: =+IFERROR(VLOOKUP($J91,'11 FORMULAS'!$B$51:$D$53,3,0),"") -> Probabilidad | M91: Automático | N91: =+IFERROR(VLOOKUP($M91,'11 FORMULAS'!$B$54:$C$55,2,0),"") -> 0.25 | O91: Sistemas de información | P91: Mensual | Q91: Con registro manual | R91: Externa | S91: =+IFERROR($K91+$N91,"") -> 0.5 | T91: =IF($L91='11 FORMULAS'!$D$51,$C$8-($C$8*$S$8),$C$8) -> 0.36 | U91: =IF($L91='11 FORMULAS'!$D$53,$D$87-($D$87*$S$87),$D$87)
E92: 6 | I92: =+CONCATENATE(F92," ",G92," ",H92) | J92: Preventivo | K92: =+IFERROR(VLOOKUP($J92,'11 FORMULAS'!$B$51:$C$53,2,0),"") -> 0.25 | L92: =+IFERROR(VLOOKUP($J92,'11 FORMULAS'!$B$51:$D$53,3,0),"") -> Probabilidad | M92: Automático | N92: =+IFERROR(VLOOKUP($M92,'11 FORMULAS'!$B$54:$C$55,2,0),"") -> 0.25 | O92: Sistemas de información | P92: Mensual | Q92: Con registro manual | R92: Externa | S92: =+IFERROR($K92+$N92,"") -> 0.5 | T92: =IF($L92='11 FORMULAS'!$D$51,$C$8-($C$8*$S$8),$C$8) -> 0.36 | U92: =IF($L92='11 FORMULAS'!$D$53,$D$87-($D$87*$S$87),$D$87)
A93: ='2 CONTEXTO E IDENTIFICACIÓN'!#REF! -> #REF! | B93: =+'2 CONTEXTO E IDENTIFICACIÓN'!#REF! -> #REF! | C93: =+'3 PROBABIL E IMPACTO INHERENTE'!E23 | D93: =+'3 PROBABIL E IMPACTO INHERENTE'!M23 | E93: 1 | I93: =+CONCATENATE(F93," ",G93," ",H93) | J93: Preventivo | K93: =+IFERROR(VLOOKUP($J93,'11 FORMULAS'!$B$51:$C$53,2,0),"") -> 0.25 | L93: =+IFERROR(VLOOKUP($J93,'11 FORMULAS'!$B$51:$D$53,3,0),"") -> Probabilidad | M93: Automático | N93: =+IFERROR(VLOOKUP($M93,'11 FORMULAS'!$B$54:$C$55,2,0),"") -> 0.25 | O93: Sistemas de información | P93: Mensual | Q93: Con registro manual | R93: Externa | S93: =+IFERROR($K93+$N93,"") -> 0.5 | T93: =IF($L93='11 FORMULAS'!$D$51,$C$8-($C$8*$S$8),$C$8) -> 0.36 | U93: =IF($L93='11 FORMULAS'!$D$53,D93-(D93*S93),D93) | V93: =+IF(T98="","",T98) -> 0.36 | W93: =+IF(U98="","",U98) -> 0
E94: 2 | I94: =+CONCATENATE(F94," ",G94," ",H94) | J94: Preventivo | K94: =+IFERROR(VLOOKUP($J94,'11 FORMULAS'!$B$51:$C$53,2,0),"") -> 0.25 | L94: =+IFERROR(VLOOKUP($J94,'11 FORMULAS'!$B$51:$D$53,3,0),"") -> Probabilidad | M94: Automático | N94: =+IFERROR(VLOOKUP($M94,'11 FORMULAS'!$B$54:$C$55,2,0),"") -> 0.25 | O94: Sistemas de información | P94: Mensual | Q94: Con registro manual | R94: Externa | S94: =+IFERROR($K94+$N94,"") -> 0.5 | T94: =IF($L94='11 FORMULAS'!$D$51,$C$8-($C$8*$S$8),$C$8) -> 0.36 | U94: =IF($L94='11 FORMULAS'!$D$53,D94-(D94*S94),D94) -> 0
E95: 3 | I95: =+CONCATENATE(F95," ",G95," ",H95) | J95: Preventivo | K95: =+IFERROR(VLOOKUP($J95,'11 FORMULAS'!$B$51:$C$53,2,0),"") -> 0.25 | L95: =+IFERROR(VLOOKUP($J95,'11 FORMULAS'!$B$51:$D$53,3,0),"") -> Probabilidad | M95: Automático | N95: =+IFERROR(VLOOKUP($M95,'11 FORMULAS'!$B$54:$C$55,2,0),"") -> 0.25 | O95: Sistemas de información | P95: Mensual | Q95: Con registro manual | R95: Externa | S95: =+IFERROR($K95+$N95,"") -> 0.5 | T95: =IF($L95='11 FORMULAS'!$D$51,$C$8-($C$8*$S$8),$C$8) -> 0.36 | U95: =IF($L95='11 FORMULAS'!$D$53,D95-(D95*S95),D95) -> 0
E96: 4 | I96: =+CONCATENATE(F96," ",G96," ",H96) | J96: Preventivo | K96: =+IFERROR(VLOOKUP($J96,'11 FORMULAS'!$B$51:$C$53,2,0),"") -> 0.25 | L96: =+IFERROR(VLOOKUP($J96,'11 FORMULAS'!$B$51:$D$53,3,0),"") -> Probabilidad | M96: Automático | N96: =+IFERROR(VLOOKUP($M96,'11 FORMULAS'!$B$54:$C$55,2,0),"") -> 0.25 | O96: Sistemas de información | P96: Mensual | Q96: Con registro manual | R96: Externa | S96: =+IFERROR($K96+$N96,"") -> 0.5 | T96: =IF($L96='11 FORMULAS'!$D$51,$C$8-($C$8*$S$8),$C$8) -> 0.36 | U96: =IF($L96='11 FORMULAS'!$D$53,D96-(D96*S96),D96) -> 0
E97: 5 | I97: =+CONCATENATE(F97," ",G97," ",H97) | J97: Preventivo | K97: =+IFERROR(VLOOKUP($J97,'11 FORMULAS'!$B$51:$C$53,2,0),"") -> 0.25 | L97: =+IFERROR(VLOOKUP($J97,'11 FORMULAS'!$B$51:$D$53,3,0),"") -> Probabilidad | M97: Automático | N97: =+IFERROR(VLOOKUP($M97,'11 FORMULAS'!$B$54:$C$55,2,0),"") -> 0.25 | O97: Sistemas de información | P97: Mensual | Q97: Con registro manual | R97: Externa | S97: =+IFERROR($K97+$N97,"") -> 0.5 | T97: =IF($L97='11 FORMULAS'!$D$51,$C$8-($C$8*$S$8),$C$8) -> 0.36 | U97: =IF($L97='11 FORMULAS'!$D$53,D97-(D97*S97),D97) -> 0
E98: 6 | I98: =+CONCATENATE(F98," ",G98," ",H98) | J98: Preventivo | K98: =+IFERROR(VLOOKUP($J98,'11 FORMULAS'!$B$51:$C$53,2,0),"") -> 0.25 | L98: =+IFERROR(VLOOKUP($J98,'11 FORMULAS'!$B$51:$D$53,3,0),"") -> Probabilidad | M98: Automático | N98: =+IFERROR(VLOOKUP($M98,'11 FORMULAS'!$B$54:$C$55,2,0),"") -> 0.25 | O98: Sistemas de información | P98: Mensual | Q98: Con registro manual | R98: Externa | S98: =+IFERROR($K98+$N98,"") -> 0.5 | T98: =IF($L98='11 FORMULAS'!$D$51,$C$8-($C$8*$S$8),$C$8) -> 0.36 | U98: =IF($L98='11 FORMULAS'!$D$53,D98-(D98*S98),D98) -> 0
A99: ='2 CONTEXTO E IDENTIFICACIÓN'!#REF! -> #REF! | B99: =+'2 CONTEXTO E IDENTIFICACIÓN'!#REF! -> #REF! | C99: =+'3 PROBABIL E IMPACTO INHERENTE'!E24 | D99: =+'3 PROBABIL E IMPACTO INHERENTE'!M24 | E99: 1 | I99: =+CONCATENATE(F99," ",G99," ",H99) | J99: Preventivo | K99: =+IFERROR(VLOOKUP($J99,'11 FORMULAS'!$B$51:$C$53,2,0),"") -> 0.25 | L99: =+IFERROR(VLOOKUP($J99,'11 FORMULAS'!$B$51:$D$53,3,0),"") -> Probabilidad | M99: Automático | N99: =+IFERROR(VLOOKUP($M99,'11 FORMULAS'!$B$54:$C$55,2,0),"") -> 0.25 | O99: Sistemas de información | P99: Mensual | Q99: Con registro manual | R99: Externa | S99: =+IFERROR($K99+$N99,"") -> 0.5 | T99: =IF($L99='11 FORMULAS'!$D$51,$C$8-($C$8*$S$8),$C$8) -> 0.36 | U99: =IF($L99='11 FORMULAS'!$D$53,D99-(D99*S99),D99) | V99: =+IF(T104="","",T104) -> 0.36 | W99: =+IF(U104="","",U104) -> 0
E100: 2 | I100: =+CONCATENATE(F100," ",G100," ",H100) | J100: Preventivo | K100: =+IFERROR(VLOOKUP($J100,'11 FORMULAS'!$B$51:$C$53,2,0),"") -> 0.25 | L100: =+IFERROR(VLOOKUP($J100,'11 FORMULAS'!$B$51:$D$53,3,0),"") -> Probabilidad | M100: Automático | N100: =+IFERROR(VLOOKUP($M100,'11 FORMULAS'!$B$54:$C$55,2,0),"") -> 0.25 | O100: Sistemas de información | P100: Mensual | Q100: Con registro manual | R100: Externa | S100: =+IFERROR($K100+$N100,"") -> 0.5 | T100: =IF($L100='11 FORMULAS'!$D$51,$C$8-($C$8*$S$8),$C$8) -> 0.36 | U100: =IF($L100='11 FORMULAS'!$D$53,D100-(D100*S100),D100) -> 0
E101: 3 | I101: =+CONCATENATE(F101," ",G101," ",H101) | J101: Preventivo | K101: =+IFERROR(VLOOKUP($J101,'11 FORMULAS'!$B$51:$C$53,2,0),"") -> 0.25 | L101: =+IFERROR(VLOOKUP($J101,'11 FORMULAS'!$B$51:$D$53,3,0),"") -> Probabilidad | M101: Automático | N101: =+IFERROR(VLOOKUP($M101,'11 FORMULAS'!$B$54:$C$55,2,0),"") -> 0.25 | O101: Sistemas de información | P101: Mensual | Q101: Con registro manual | R101: Externa | S101: =+IFERROR($K101+$N101,"") -> 0.5 | T101: =IF($L101='11 FORMULAS'!$D$51,$C$8-($C$8*$S$8),$C$8) -> 0.36 | U101: =IF($L101='11 FORMULAS'!$D$53,D101-(D101*S101),D101) -> 0
E102: 4 | I102: =+CONCATENATE(F102," ",G102," ",H102) | J102: Preventivo | K102: =+IFERROR(VLOOKUP($J102,'11 FORMULAS'!$B$51:$C$53,2,0),"") -> 0.25 | L102: =+IFERROR(VLOOKUP($J102,'11 FORMULAS'!$B$51:$D$53,3,0),"") -> Probabilidad | M102: Automático | N102: =+IFERROR(VLOOKUP($M102,'11 FORMULAS'!$B$54:$C$55,2,0),"") -> 0.25 | O102: Sistemas de información | P102: Mensual | Q102: Con registro manual | R102: Externa | S102: =+IFERROR($K102+$N102,"") -> 0.5 | T102: =IF($L102='11 FORMULAS'!$D$51,$C$8-($C$8*$S$8),$C$8) -> 0.36 | U102: =IF($L102='11 FORMULAS'!$D$53,D102-(D102*S102),D102) -> 0
E103: 5 | I103: =+CONCATENATE(F103," ",G103," ",H103) | J103: Preventivo | K103: =+IFERROR(VLOOKUP($J103,'11 FORMULAS'!$B$51:$C$53,2,0),"") -> 0.25 | L103: =+IFERROR(VLOOKUP($J103,'11 FORMULAS'!$B$51:$D$53,3,0),"") -> Probabilidad | M103: Automático | N103: =+IFERROR(VLOOKUP($M103,'11 FORMULAS'!$B$54:$C$55,2,0),"") -> 0.25 | O103: Sistemas de información | P103: Mensual | Q103: Con registro manual | R103: Externa | S103: =+IFERROR($K103+$N103,"") -> 0.5 | T103: =IF($L103='11 FORMULAS'!$D$51,$C$8-($C$8*$S$8),$C$8) -> 0.36 | U103: =IF($L103='11 FORMULAS'!$D$53,D103-(D103*S103),D103) -> 0
E104: 6 | I104: =+CONCATENATE(F104," ",G104," ",H104) | J104: Preventivo | K104: =+IFERROR(VLOOKUP($J104,'11 FORMULAS'!$B$51:$C$53,2,0),"") -> 0.25 | L104: =+IFERROR(VLOOKUP($J104,'11 FORMULAS'!$B$51:$D$53,3,0),"") -> Probabilidad | M104: Automático | N104: =+IFERROR(VLOOKUP($M104,'11 FORMULAS'!$B$54:$C$55,2,0),"") -> 0.25 | O104: Sistemas de información | P104: Mensual | Q104: Con registro manual | R104: Externa | S104: =+IFERROR($K104+$N104,"") -> 0.5 | T104: =IF($L104='11 FORMULAS'!$D$51,$C$8-($C$8*$S$8),$C$8) -> 0.36 | U104: =IF($L104='11 FORMULAS'!$D$53,D104-(D104*S104),D104) -> 0
A105: ='2 CONTEXTO E IDENTIFICACIÓN'!#REF! -> #REF! | B105: =+'2 CONTEXTO E IDENTIFICACIÓN'!#REF! -> #REF! | C105: =+'3 PROBABIL E IMPACTO INHERENTE'!E25 | D105: =+'3 PROBABIL E IMPACTO INHERENTE'!M25 | E105: 1 | I105: =+CONCATENATE(F105," ",G105," ",H105) | J105: Preventivo | K105: =+IFERROR(VLOOKUP($J105,'11 FORMULAS'!$B$51:$C$53,2,0),"") -> 0.25 | L105: =+IFERROR(VLOOKUP($J105,'11 FORMULAS'!$B$51:$D$53,3,0),"") -> Probabilidad | M105: Automático | N105: =+IFERROR(VLOOKUP($M105,'11 FORMULAS'!$B$54:$C$55,2,0),"") -> 0.25 | O105: Sistemas de información | P105: Mensual | Q105: Con registro manual | R105: Externa | S105: =+IFERROR($K105+$N105,"") -> 0.5 | T105: =IF($L105='11 FORMULAS'!$D$51,$C$8-($C$8*$S$8),$C$8) -> 0.36 | U105: =IF($L105='11 FORMULAS'!$D$53,D105-(D105*S105),D105) | V105: =+IF(T110="","",T110) -> 0.36 | W105: =+IF(U110="","",U110) -> 0
E106: 2 | I106: =+CONCATENATE(F106," ",G106," ",H106) | J106: Preventivo | K106: =+IFERROR(VLOOKUP($J106,'11 FORMULAS'!$B$51:$C$53,2,0),"") -> 0.25 | L106: =+IFERROR(VLOOKUP($J106,'11 FORMULAS'!$B$51:$D$53,3,0),"") -> Probabilidad | M106: Automático | N106: =+IFERROR(VLOOKUP($M106,'11 FORMULAS'!$B$54:$C$55,2,0),"") -> 0.25 | O106: Sistemas de información | P106: Mensual | Q106: Con registro manual | R106: Externa | S106: =+IFERROR($K106+$N106,"") -> 0.5 | T106: =IF($L106='11 FORMULAS'!$D$51,$C$8-($C$8*$S$8),$C$8) -> 0.36 | U106: =IF($L106='11 FORMULAS'!$D$53,D106-(D106*S106),D106) -> 0
E107: 3 | I107: =+CONCATENATE(F107," ",G107," ",H107) | J107: Preventivo | K107: =+IFERROR(VLOOKUP($J107,'11 FORMULAS'!$B$51:$C$53,2,0),"") -> 0.25 | L107: =+IFERROR(VLOOKUP($J107,'11 FORMULAS'!$B$51:$D$53,3,0),"") -> Probabilidad | M107: Automático | N107: =+IFERROR(VLOOKUP($M107,'11 FORMULAS'!$B$54:$C$55,2,0),"") -> 0.25 | O107: Sistemas de información | P107: Mensual | Q107: Con registro manual | R107: Externa | S107: =+IFERROR($K107+$N107,"") -> 0.5 | T107: =IF($L107='11 FORMULAS'!$D$51,$C$8-($C$8*$S$8),$C$8) -> 0.36 | U107: =IF($L107='11 FORMULAS'!$D$53,D107-(D107*S107),D107) -> 0
E108: 4 | I108: =+CONCATENATE(F108," ",G108," ",H108) | J108: Preventivo | K108: =+IFERROR(VLOOKUP($J108,'11 FORMULAS'!$B$51:$C$53,2,0),"") -> 0.25 | L108: =+IFERROR(VLOOKUP($J108,'11 FORMULAS'!$B$51:$D$53,3,0),"") -> Probabilidad | M108: Automático | N108: =+IFERROR(VLOOKUP($M108,'11 FORMULAS'!$B$54:$C$55,2,0),"") -> 0.25 | O108: Sistemas de información | P108: Mensual | Q108: Con registro manual | R108: Externa | S108: =+IFERROR($K108+$N108,"") -> 0.5 | T108: =IF($L108='11 FORMULAS'!$D$51,$C$8-($C$8*$S$8),$C$8) -> 0.36 | U108: =IF($L108='11 FORMULAS'!$D$53,D108-(D108*S108),D108) -> 0
E109: 5 | I109: =+CONCATENATE(F109," ",G109," ",H109) | J109: Preventivo | K109: =+IFERROR(VLOOKUP($J109,'11 FORMULAS'!$B$51:$C$53,2,0),"") -> 0.25 | L109: =+IFERROR(VLOOKUP($J109,'11 FORMULAS'!$B$51:$D$53,3,0),"") -> Probabilidad | M109: Automático | N109: =+IFERROR(VLOOKUP($M109,'11 FORMULAS'!$B$54:$C$55,2,0),"") -> 0.25 | O109: Sistemas de información | P109: Mensual | Q109: Con registro manual | R109: Externa | S109: =+IFERROR($K109+$N109,"") -> 0.5 | T109: =IF($L109='11 FORMULAS'!$D$51,$C$8-($C$8*$S$8),$C$8) -> 0.36 | U109: =IF($L109='11 FORMULAS'!$D$53,D109-(D109*S109),D109) -> 0
E110: 6 | I110: =+CONCATENATE(F110," ",G110," ",H110) | J110: Preventivo | K110: =+IFERROR(VLOOKUP($J110,'11 FORMULAS'!$B$51:$C$53,2,0),"") -> 0.25 | L110: =+IFERROR(VLOOKUP($J110,'11 FORMULAS'!$B$51:$D$53,3,0),"") -> Probabilidad | M110: Automático | N110: =+IFERROR(VLOOKUP($M110,'11 FORMULAS'!$B$54:$C$55,2,0),"") -> 0.25 | O110: Sistemas de información | P110: Mensual | Q110: Con registro manual | R110: Externa | S110: =+IFERROR($K110+$N110,"") -> 0.5 | T110: =IF($L110='11 FORMULAS'!$D$51,$C$8-($C$8*$S$8),$C$8) -> 0.36 | U110: =IF($L110='11 FORMULAS'!$D$53,D110-(D110*S110),D110) -> 0
A111: ='2 CONTEXTO E IDENTIFICACIÓN'!#REF! -> #REF! | B111: =+'2 CONTEXTO E IDENTIFICACIÓN'!#REF! -> #REF! | C111: =+'3 PROBABIL E IMPACTO INHERENTE'!E26 | D111: =+'3 PROBABIL E IMPACTO INHERENTE'!M26 | E111: 1 | I111: =+CONCATENATE(F111," ",G111," ",H111) | J111: Preventivo | K111: =+IFERROR(VLOOKUP($J111,'11 FORMULAS'!$B$51:$C$53,2,0),"") -> 0.25 | L111: =+IFERROR(VLOOKUP($J111,'11 FORMULAS'!$B$51:$D$53,3,0),"") -> Probabilidad | M111: Automático | N111: =+IFERROR(VLOOKUP($M111,'11 FORMULAS'!$B$54:$C$55,2,0),"") -> 0.25 | O111: Sistemas de información | P111: Mensual | Q111: Con registro manual | R111: Externa | S111: =+IFERROR($K111+$N111,"") -> 0.5 | T111: =IF($L111='11 FORMULAS'!$D$51,$C$8-($C$8*$S$8),$C$8) -> 0.36 | U111: =IF($L111='11 FORMULAS'!$D$53,D111-(D111*S111),D111) | V111: =+IF(T116="","",T116) -> 0.36 | W111: =+IF(U116="","",U116) -> 0
E112: 2 | I112: =+CONCATENATE(F112," ",G112," ",H112) | J112: Preventivo | K112: =+IFERROR(VLOOKUP($J112,'11 FORMULAS'!$B$51:$C$53,2,0),"") -> 0.25 | L112: =+IFERROR(VLOOKUP($J112,'11 FORMULAS'!$B$51:$D$53,3,0),"") -> Probabilidad | M112: Automático | N112: =+IFERROR(VLOOKUP($M112,'11 FORMULAS'!$B$54:$C$55,2,0),"") -> 0.25 | O112: Sistemas de información | P112: Mensual | Q112: Con registro manual | R112: Externa | S112: =+IFERROR($K112+$N112,"") -> 0.5 | T112: =IF($L112='11 FORMULAS'!$D$51,$C$8-($C$8*$S$8),$C$8) -> 0.36 | U112: =IF($L112='11 FORMULAS'!$D$53,D112-(D112*S112),D112) -> 0
...

Sheet 6 MAPA CALOR RESIDUAL
B1: =+'2 CONTEXTO E IDENTIFICACIÓN'!A1 -> MAPA DE RIESGOS | G1: =+'2 CONTEXTO E IDENTIFICACIÓN'!$I$4 -> Elaboración o Actualización: | H1: ='2 CONTEXTO E IDENTIFICACIÓN'!J4 -> 46003
C2: =+'2 CONTEXTO E IDENTIFICACIÓN'!A2 -> VERSIÓN: | D2: ='2 CONTEXTO E IDENTIFICACIÓN'!B2 -> 0 | G2: =+'2 CONTEXTO E IDENTIFICACIÓN'!$E$5 -> Vigencia: | H2: ='2 CONTEXTO E IDENTIFICACIÓN'!G5 -> 46023 | I2: Al | J2: ='2 CONTEXTO E IDENTIFICACIÓN'!J5 -> 46387
A4: ENTIDAD: | B4: ='2 CONTEXTO E IDENTIFICACIÓN'!B4 -> SUPERSOLIDARIA
A5: PROCESO: | B5: ='2 CONTEXTO E IDENTIFICACIÓN'!F4 -> PLES
I6: MAPA DE CALOR RIESGO RESIDUAL | T6: Impacto
E7: CALIFICACIÓN RIESGO RESIDUAL | K7: Impacto | T7: 0.2 | U7: 0.4 | V7: 0.6 | W7: 0.8 | X7: 1
A8: No. Riesgo | B8: RIESGO | C8: Probabilidad Residual | D8: Probabilidad Residual | E8: Probabilidad | F8: Impacto | G8: Severidad (Nivel de Riesgo) | K8: Leve | L8: Menor | M8: Moderado | N8: Mayor | O8: Catastrófico | T8: Leve | U8: Menor | V8: Moderado | W8: Mayor | X8: Catastrófico
A9: ='2 CONTEXTO E IDENTIFICACIÓN'!A9 -> PLES-1 | B9: =+'2 CONTEXTO E IDENTIFICACIÓN'!J9 -> Posibilidad de afectación reputacional porla toma de decisiones de la alta dirección con información de seguimiento inexacta o no validada del Plan Estratégico Institucional y del Plan de Acción, a causa de de la omisión en la verificación técnica de los reportes presentados por las dependencias. | C9: =+'5 VALORACIÓN DEL CONTROL'!T13 -> 0.36 | D9: =+'5 VALORACIÓN DEL CONTROL'!U13 -> 0.6 | E9: =+IF(C9=0,"",IF(C9<=$R$13,$S$13,IF(C9<=$R$12,$S$12,IF(C9<=$R$11,$S$11,IF(C9<=$R$10,$S$10,IF(C9<=$R$9,$S$9,"")))))) -> Baja | F9: =+IF(D9=0,"",IF(D9<=$T$7,$T$8,IF(D9<=$U$7,$U$8,IF(D9<=$V$7,$V$8,IF(D9<=$W$7,$W$8,IF(D9<=$X$7,$X$8,"")))))) -> Moderado | G9: =+IF(E9=$S$9,IF(F9=$T$8,$T$9,IF(F9=$U$8,$U$9,IF(F9=$V$8,$V$9,IF(F9=$W$8,$W$9,IF(F9=$X$8,$X$9))))),IF(E9=$S$10,IF(F9=$T$8,$T$10,IF(F9=$U$8,$U$10,IF(F9=$V$8,$V$10,IF(F9=$W$8,$W$10,IF(F9=$X$8,$X$10))))),IF(E9=$S$11,IF(F9=$T$8,$T$11,IF(F9=$U$8,$U$11,IF(F9=$V$8,$V$11,IF(F9=$W$8,$W$11,IF(F9=$X$8,$X$11))))),IF(E9=$S$12,IF(F9=$T$8,$T$12,IF(F9=$U$8,$U$12,IF(F9=$V$8,$V$12,IF(F9=$W$8,$W$12,IF(F9=$X$8,$X$12))))),IF(E9=$S$13,IF(F9=$T$8,$T$13,IF(F9=$U$8,$U$13,IF(F9=$V$8,$V$13,IF(F9=$W$8,$W$13,IF(F9=$X$8,$X$13))))),""))))) -> Moderado | I9: Probabilidad | J9: Muy Alta | K9: =+IF(AND(E9=$S$9,F9=$T$8),A9,"")&" "&IF(AND(E10=$S$9,F10=$T$8),A10,"")&" "&IF(AND(E11=$S$9,F11=$T$8),A11,"")&" "&IF(AND(E12=$S$9,F12=$T$8),A12,"")&" "&IF(AND(E13=$S$9,F13=$T$8),A13,"")&" "&IF(AND(E14=$S$9,F14=$T$8),A14,"")&" "&IF(AND(E15=$S$9,F15=$T$8),A15,"")&" "&IF(AND(E16=$S$9,F16=$T$8),A16,"")&" "&IF(AND(E17=$S$9,F17=$T$8),A17,"")&" "&IF(AND(E18=$S$9,F18=$T$8),A18,"")&" "&IF(AND(E19=$S$9,F19=$T$8),A19,"")&" "&IF(AND(E20=$S$9,F20=$T$8),A20,"")&" "&IF(AND(E21=$S$9,F21=$T$8),A21,"")&" "&IF(AND(E22=$S$9,F22=$T$8),A22,"")&" "&IF(AND(E23=$S$9,F23=$T$8),A23,"")&" "&IF(AND(E24=$S$9,F24=$T$8),A24,"")&" "&IF(AND(E25=$S$9,F25=$T$8),A25,"")&" "&IF(AND(E26=$S$9,F26=$T$8),A26,"")&" "&IF(AND(E27=$S$9,F27=$T$8),A27,"")&" "&IF(AND(E28=$S$9,F28=$T$8),A28,"") | L9: =+IF(AND(E9=$S$9,F9=$U$8),A9,"")&" "&IF(AND(E10=$S$9,F10=$U$8),A10,"")&" "&IF(AND(E11=$S$9,F11=$U$8),A11,"")&" "&IF(AND(E12=$S$9,F12=$U$8),A12,"")&" "&IF(AND(E13=$S$9,F13=$U$8),A13,"")&" "&IF(AND(E14=$S$9,F14=$U$8),A14,"")&" "&IF(AND(E15=$S$9,F15=$U$8),A15,"")&" "&IF(AND(E16=$S$9,F16=$U$8),A16,"")&" "&IF(AND(E17=$S$9,F17=$U$8),A17,"")&" "&IF(AND(E18=$S$9,F18=$U$8),A18,"")&" "&IF(AND(E19=$S$9,F19=$U$8),A19,"")&" "&IF(AND(E20=$S$9,F20=$U$8),A20,"")&" "&IF(AND(E21=$S$9,F21=$U$8),A21,"")&" "&IF(AND(E22=$S$9,F22=$U$8),A22,"")&" "&IF(AND(E23=$S$9,F23=$U$8),A23,"")&" "&IF(AND(E24=$S$9,F24=$U$8),A24,"")&" "&IF(AND(E25=$S$9,F25=$U$8),A25,"")&" "&IF(AND(E26=$S$9,F26=$U$8),A26,"")&" "&IF(AND(E27=$S$9,F27=$U$8),A27,"")&" "&IF(AND(E28=$S$9,F28=$U$8),A28,"") | M9: =+IF(AND(E9=$S$9,F9=$V$8),A9,"")&" "&IF(AND(E10=$S$9,F10=$V$8),A10,"")&" "&IF(AND(E11=$S$9,F11=$V$8),A11,"")&" "&IF(AND(E12=$S$9,F12=$V$8),A12,"")&" "&IF(AND(E13=$S$9,F13=$V$8),A13,"")&" "&IF(AND(E14=$S$9,F14=$V$8),A14,"")&" "&IF(AND(E15=$S$9,F15=$V$8),A15,"")&" "&IF(AND(E16=$S$9,F16=$V$8),A16,"")&" "&IF(AND(E17=$S$9,F17=$V$8),A17,"")&" "&IF(AND(E18=$S$9,F18=$V$8),A18,"")&" "&IF(AND(E19=$S$9,F19=$V$8),A19,"")&" "&IF(AND(E20=$S$9,F20=$V$8),A20,"")&" "&IF(AND(E21=$S$9,F21=$V$8),A21,"")&" "&IF(AND(E22=$S$9,F22=$V$8),A22,"")&" "&IF(AND(E23=$S$9,F23=$V$8),A23,"")&" "&IF(AND(E24=$S$9,F24=$V$8),A24,"")&" "&IF(AND(E25=$S$9,F25=$V$8),A25,"")&" "&IF(AND(E26=$S$9,F26=$V$8),A26,"")&" "&IF(AND(E27=$S$9,F27=$V$8),A27,"")&" "&IF(AND(E28=$S$9,F28=$V$8),A28,"") | N9: =+IF(AND(E9=$S$9,F9=$W$8),A9,"")&" "&IF(AND(E10=$S$9,F10=$W$8),A10,"")&" "&IF(AND(E11=$S$9,F11=$W$8),A11,"")&" "&IF(AND(E12=$S$9,F12=$W$8),A12,"")&" "&IF(AND(E13=$S$9,F13=$W$8),A13,"")&" "&IF(AND(E14=$S$9,F14=$W$8),A14,"")&" "&IF(AND(E15=$S$9,F15=$W$8),A15,"")&" "&IF(AND(E16=$S$9,F16=$W$8),A16,"")&" "&IF(AND(E17=$S$9,F17=$W$8),A17,"")&" "&IF(AND(E18=$S$9,F18=$W$8),A18,"")&" "&IF(AND(E19=$S$9,F19=$W$8),A19,"")&" "&IF(AND(E20=$S$9,F20=$W$8),A20,"")&" "&IF(AND(E21=$S$9,F21=$W$8),A21,"")&" "&IF(AND(E22=$S$9,F22=$W$8),A22,"")&" "&IF(AND(E23=$S$9,F23=$W$8),A23,"")&" "&IF(AND(E24=$S$9,F24=$W$8),A24,"")&" "&IF(AND(E25=$S$9,F25=$W$8),A25,"")&" "&IF(AND(E26=$S$9,F26=$W$8),A26,"")&" "&IF(AND(E27=$S$9,F27=$W$8),A27,"")&" "&IF(AND(E28=$S$9,F28=$W$8),A28,"") | O9: =+IF(AND(E9=$S$9,F9=$X$8),A9,"")&" "&IF(AND(E10=$S$9,F10=$X$8),A10,"")&" "&IF(AND(E11=$S$9,F11=$X$8),A11,"")&" "&IF(AND(E12=$S$9,F12=$X$8),A12,"")&" "&IF(AND(E13=$S$9,F13=$X$8),A13,"")&" "&IF(AND(E14=$S$9,F14=$X$8),A14,"")&" "&IF(AND(E15=$S$9,F15=$X$8),A15,"")&" "&IF(AND(E16=$S$9,F16=$X$8),A16,"")&" "&IF(AND(E17=$S$9,F17=$X$8),A17,"")&" "&IF(AND(E18=$S$9,F18=$X$8),A18,"")&" "&IF(AND(E19=$S$9,F19=$X$8),A19,"")&" "&IF(AND(E20=$S$9,F20=$X$8),A20,"")&" "&IF(AND(E21=$S$9,F21=$X$8),A21,"")&" "&IF(AND(E22=$S$9,F22=$X$8),A22,"")&" "&IF(AND(E23=$S$9,F23=$X$8),A23,"")&" "&IF(AND(E24=$S$9,F24=$X$8),A24,"")&" "&IF(AND(E25=$S$9,F25=$X$8),A25,"")&" "&IF(AND(E26=$S$9,F26=$X$8),A26,"")&" "&IF(AND(E27=$S$9,F27=$X$8),A27,"")&" "&IF(AND(E28=$S$9,F28=$X$8),A28,"") | Q9: Probabilidad | R9: 1 | S9: Muy Alta | T9: Alto | U9: Alto | V9: Alto | W9: Alto | X9: Extremo
A10: ='2 CONTEXTO E IDENTIFICACIÓN'!A10 -> PLES-2 | B10: =+'2 CONTEXTO E IDENTIFICACIÓN'!J10 -> Posibilidad de afectación reputacional por la desarticulación a causa de la aprobación del Plan de Acción a causa de de no integración de las metas establecidas en el Plan Estratégico Institucional y las actividades de los planes del Decreto 612 de 2018 | C10: =+'5 VALORACIÓN DEL CONTROL'!T19 -> 0.36 | D10: =+'5 VALORACIÓN DEL CONTROL'!U19 -> 0.6 | E10: =+IF(C10=0,"",IF(C10<=$R$13,$S$13,IF(C10<=$R$12,$S$12,IF(C10<=$R$11,$S$11,IF(C10<=$R$10,$S$10,IF(C10<=$R$9,$S$9,"")))))) -> Baja | F10: =+IF(D10=0,"",IF(D10<=$T$7,$T$8,IF(D10<=$U$7,$U$8,IF(D10<=$V$7,$V$8,IF(D10<=$W$7,$W$8,IF(D10<=$X$7,$X$8,"")))))) -> Moderado | G10: =+IF(E10=$S$9,IF(F10=$T$8,$T$9,IF(F10=$U$8,$U$9,IF(F10=$V$8,$V$9,IF(F10=$W$8,$W$9,IF(F10=$X$8,$X$9))))),IF(E10=$S$10,IF(F10=$T$8,$T$10,IF(F10=$U$8,$U$10,IF(F10=$V$8,$V$10,IF(F10=$W$8,$W$10,IF(F10=$X$8,$X$10))))),IF(E10=$S$11,IF(F10=$T$8,$T$11,IF(F10=$U$8,$U$11,IF(F10=$V$8,$V$11,IF(F10=$W$8,$W$11,IF(F10=$X$8,$X$11))))),IF(E10=$S$12,IF(F10=$T$8,$T$12,IF(F10=$U$8,$U$12,IF(F10=$V$8,$V$12,IF(F10=$W$8,$W$12,IF(F10=$X$8,$X$12))))),IF(E10=$S$13,IF(F10=$T$8,$T$13,IF(F10=$U$8,$U$13,IF(F10=$V$8,$V$13,IF(F10=$W$8,$W$13,IF(F10=$X$8,$X$13))))),""))))) -> Moderado | J10: Alta | K10: =+IF(AND(E9=$S$10,F9=$T$8),A9,"")&" "&IF(AND(E10=$S$10,F10=$T$8),A10,"")&" "&IF(AND(E11=$S$10,F11=$T$8),A11,"")&" "&IF(AND(E12=$S$10,F12=$T$8),A12,"")&" "&IF(AND(E13=$S$10,F13=$T$8),A13,"")&" "&IF(AND(E14=$S$10,F14=$T$8),A14,"")&" "&IF(AND(E15=$S$10,F15=$T$8),A15,"")&" "&IF(AND(E16=$S$10,F16=$T$8),A16,"")&" "&IF(AND(E17=$S$10,F17=$T$8),A17,"")&" "&IF(AND(E18=$S$10,F18=$T$8),A18,"")&" "&IF(AND(E19=$S$10,F19=$T$8),A19,"")&" "&IF(AND(E20=$S$10,F20=$T$8),A20,"")&" "&IF(AND(E21=$S$10,F21=$T$8),A21,"")&" "&IF(AND(E22=$S$10,F22=$T$8),A22,"")&" "&IF(AND(E23=$S$10,F23=$T$8),A23,"")&" "&IF(AND(E24=$S$10,F24=$T$8),A24,"")&" "&IF(AND(E25=$S$10,F25=$T$8),A25,"")&" "&IF(AND(E26=$S$10,F26=$T$8),A26,"")&" "&IF(AND(E27=$S$10,F27=$T$8),A27,"")&" "&IF(AND(E28=$S$10,F28=$T$8),A28,"") | L10: =+IF(AND(E9=$S$10,F9=$U$8),A9,"")&" "&IF(AND(E10=$S$10,F10=$U$8),A10,"")&" "&IF(AND(E11=$S$10,F11=$U$8),A11,"")&" "&IF(AND(E12=$S$10,F12=$U$8),A12,"")&" "&IF(AND(E13=$S$10,F13=$U$8),A13,"")&" "&IF(AND(E14=$S$10,F14=$U$8),A14,"")&" "&IF(AND(E15=$S$10,F15=$U$8),A15,"")&" "&IF(AND(E16=$S$10,F16=$U$8),A16,"")&" "&IF(AND(E17=$S$10,F17=$U$8),A17,"")&" "&IF(AND(E18=$S$10,F18=$U$8),A18,"")&" "&IF(AND(E19=$S$10,F19=$U$8),A19,"")&" "&IF(AND(E20=$S$10,F20=$U$8),A20,"")&" "&IF(AND(E21=$S$10,F21=$U$8),A21,"")&" "&IF(AND(E22=$S$10,F22=$U$8),A22,"")&" "&IF(AND(E23=$S$10,F23=$U$8),A23,"")&" "&IF(AND(E24=$S$10,F24=$U$8),A24,"")&" "&IF(AND(E25=$S$10,F25=$U$8),A25,"")&" "&IF(AND(E26=$S$10,F26=$U$8),A26,"")&" "&IF(AND(E27=$S$10,F27=$U$8),A27,"")&" "&IF(AND(E28=$S$10,F28=$U$8),A28,"") | M10: =+IF(AND(E9=$S$10,F9=$V$8),A9,"")&" "&IF(AND(E10=$S$10,F10=$V$8),A10,"")&" "&IF(AND(E11=$S$10,F11=$V$8),A11,"")&" "&IF(AND(E12=$S$10,F12=$V$8),A12,"")&" "&IF(AND(E13=$S$10,F13=$V$8),A13,"")&" "&IF(AND(E14=$S$10,F14=$V$8),A14,"")&" "&IF(AND(E15=$S$10,F15=$V$8),A15,"")&" "&IF(AND(E16=$S$10,F16=$V$8),A16,"")&" "&IF(AND(E17=$S$10,F17=$V$8),A17,"")&" "&IF(AND(E18=$S$10,F18=$V$8),A18,"")&" "&IF(AND(E19=$S$10,F19=$V$8),A19,"")&" "&IF(AND(E20=$S$10,F20=$V$8),A20,"")&" "&IF(AND(E21=$S$10,F21=$V$8),A21,"")&" "&IF(AND(E22=$S$10,F22=$V$8),A22,"")&" "&IF(AND(E23=$S$10,F23=$V$8),A23,"")&" "&IF(AND(E24=$S$10,F24=$V$8),A24,"")&" "&IF(AND(E25=$S$10,F25=$V$8),A25,"")&" "&IF(AND(E26=$S$10,F26=$V$8),A26,"")&" "&IF(AND(E27=$S$10,F27=$V$8),A27,"")&" "&IF(AND(E28=$S$10,F28=$V$8),A28,"") | N10: =+IF(AND(E9=$S$10,F9=$W$8),A9,"")&" "&IF(AND(E10=$S$10,F10=$W$8),A10,"")&" "&IF(AND(E11=$S$10,F11=$W$8),A11,"")&" "&IF(AND(E12=$S$10,F12=$W$8),A12,"")&" "&IF(AND(E13=$S$10,F13=$W$8),A13,"")&" "&IF(AND(E14=$S$10,F14=$W$8),A14,"")&" "&IF(AND(E15=$S$10,F15=$W$8),A15,"")&" "&IF(AND(E16=$S$10,F16=$W$8),A16,"")&" "&IF(AND(E17=$S$10,F17=$W$8),A17,"")&" "&IF(AND(E18=$S$10,F18=$W$8),A18,"")&" "&IF(AND(E19=$S$10,F19=$W$8),A19,"")&" "&IF(AND(E20=$S$10,F20=$W$8),A20,"")&" "&IF(AND(E21=$S$10,F21=$W$8),A21,"")&" "&IF(AND(E22=$S$10,F22=$W$8),A22,"")&" "&IF(AND(E23=$S$10,F23=$W$8),A23,"")&" "&IF(AND(E24=$S$10,F24=$W$8),A24,"")&" "&IF(AND(E25=$S$10,F25=$W$8),A25,"")&" "&IF(AND(E26=$S$10,F26=$W$8),A26,"")&" "&IF(AND(E27=$S$10,F27=$W$8),A27,"")&" "&IF(AND(E28=$S$10,F28=$W$8),A28,"") | O10: =+IF(AND(E9=$S$10,F9=$X$8),A9,"")&" "&IF(AND(E10=$S$10,F10=$X$8),A10,"")&" "&IF(AND(E11=$S$10,F11=$X$8),A11,"")&" "&IF(AND(E12=$S$10,F12=$X$8),A12,"")&" "&IF(AND(E13=$S$10,F13=$X$8),A13,"")&" "&IF(AND(E14=$S$10,F14=$X$8),A14,"")&" "&IF(AND(E15=$S$10,F15=$X$8),A15,"")&" "&IF(AND(E16=$S$10,F16=$X$8),A16,"")&" "&IF(AND(E17=$S$10,F17=$X$8),A17,"")&" "&IF(AND(E18=$S$10,F18=$X$8),A18,"")&" "&IF(AND(E19=$S$10,F19=$X$8),A19,"")&" "&IF(AND(E20=$S$10,F20=$X$8),A20,"")&" "&IF(AND(E21=$S$10,F21=$X$8),A21,"")&" "&IF(AND(E22=$S$10,F22=$X$8),A22,"")&" "&IF(AND(E23=$S$10,F23=$X$8),A23,"")&" "&IF(AND(E24=$S$10,F24=$X$8),A24,"")&" "&IF(AND(E25=$S$10,F25=$X$8),A25,"")&" "&IF(AND(E26=$S$10,F26=$X$8),A26,"")&" "&IF(AND(E27=$S$10,F27=$X$8),A27,"")&" "&IF(AND(E28=$S$10,F28=$X$8),A28,"") | R10: 0.8 | S10: Alta | T10: Moderado | U10: Moderado | V10: Alto | W10: Alto | X10: Extremo
A11: ='2 CONTEXTO E IDENTIFICACIÓN'!A12 -> PLES-4 | B11: =+'2 CONTEXTO E IDENTIFICACIÓN'!J12 -> Posibilidad de afectación reputacional por falta de coordinación y liderazgo interno relacionado con el tema de innovación a causa de la inexistencia de una politica actualizada que se ajuste a las necesidades de la entidad y el sector | C11: =+'5 VALORACIÓN DEL CONTROL'!T26 -> 0.36 | D11: =+'5 VALORACIÓN DEL CONTROL'!U26 -> 0.6 | E11: =+IF(C11=0,"",IF(C11<=$R$13,$S$13,IF(C11<=$R$12,$S$12,IF(C11<=$R$11,$S$11,IF(C11<=$R$10,$S$10,IF(C11<=$R$9,$S$9,"")))))) -> Baja | F11: =+IF(D11=0,"",IF(D11<=$T$7,$T$8,IF(D11<=$U$7,$U$8,IF(D11<=$V$7,$V$8,IF(D11<=$W$7,$W$8,IF(D11<=$X$7,$X$8,"")))))) -> Moderado | G11: =+IF(E11=$S$9,IF(F11=$T$8,$T$9,IF(F11=$U$8,$U$9,IF(F11=$V$8,$V$9,IF(F11=$W$8,$W$9,IF(F11=$X$8,$X$9))))),IF(E11=$S$10,IF(F11=$T$8,$T$10,IF(F11=$U$8,$U$10,IF(F11=$V$8,$V$10,IF(F11=$W$8,$W$10,IF(F11=$X$8,$X$10))))),IF(E11=$S$11,IF(F11=$T$8,$T$11,IF(F11=$U$8,$U$11,IF(F11=$V$8,$V$11,IF(F11=$W$8,$W$11,IF(F11=$X$8,$X$11))))),IF(E11=$S$12,IF(F11=$T$8,$T$12,IF(F11=$U$8,$U$12,IF(F11=$V$8,$V$12,IF(F11=$W$8,$W$12,IF(F11=$X$8,$X$12))))),IF(E11=$S$13,IF(F11=$T$8,$T$13,IF(F11=$U$8,$U$13,IF(F11=$V$8,$V$13,IF(F11=$W$8,$W$13,IF(F11=$X$8,$X$13))))),""))))) -> Moderado | J11: Media | K11: =+IF(AND(E9=$S$11,F9=$T$8),A9,"")&" "&IF(AND(E10=$S$11,F10=$T$8),A10,"")&" "&IF(AND(E11=$S$11,F11=$T$8),A11,"")&" "&IF(AND(E12=$S$11,F12=$T$8),A12,"")&" "&IF(AND(E13=$S$11,F13=$T$8),A13,"")&" "&IF(AND(E14=$S$11,F14=$T$8),A14,"")&" "&IF(AND(E15=$S$11,F15=$T$8),A15,"")&" "&IF(AND(E16=$S$11,F16=$T$8),A16,"")&" "&IF(AND(E17=$S$11,F17=$T$8),A17,"")&" "&IF(AND(E18=$S$11,F18=$T$8),A18,"")&" "&IF(AND(E19=$S$11,F19=$T$8),A19,"")&" "&IF(AND(E20=$S$11,F20=$T$8),A20,"")&" "&IF(AND(E21=$S$11,F21=$T$8),A21,"")&" "&IF(AND(E22=$S$11,F22=$T$8),A22,"")&" "&IF(AND(E23=$S$11,F23=$T$8),A23,"")&" "&IF(AND(E24=$S$11,F24=$T$8),A24,"")&" "&IF(AND(E25=$S$11,F25=$T$8),A25,"")&" "&IF(AND(E26=$S$11,F26=$T$8),A26,"")&" "&IF(AND(E27=$S$11,F27=$T$8),A27,"")&" "&IF(AND(E28=$S$11,F28=$T$8),A28,"") | L11: =+IF(AND(E9=$S$11,F9=$U$8),A9,"")&" "&IF(AND(E10=$S$11,F10=$U$8),A10,"")&" "&IF(AND(E11=$S$11,F11=$U$8),A11,"")&" "&IF(AND(E12=$S$11,F12=$U$8),A12,"")&" "&IF(AND(E13=$S$11,F13=$U$8),A13,"")&" "&IF(AND(E14=$S$11,F14=$U$8),A14,"")&" "&IF(AND(E15=$S$11,F15=$U$8),A15,"")&" "&IF(AND(E16=$S$11,F16=$U$8),A16,"")&" "&IF(AND(E17=$S$11,F17=$U$8),A17,"")&" "&IF(AND(E18=$S$11,F18=$U$8),A18,"")&" "&IF(AND(E19=$S$11,F19=$U$8),A19,"")&" "&IF(AND(E20=$S$11,F20=$U$8),A20,"")&" "&IF(AND(E21=$S$11,F21=$U$8),A21,"")&" "&IF(AND(E22=$S$11,F22=$U$8),A22,"")&" "&IF(AND(E23=$S$11,F23=$U$8),A23,"")&" "&IF(AND(E24=$S$11,F24=$U$8),A24,"")&" "&IF(AND(E25=$S$11,F25=$U$8),A25,"")&" "&IF(AND(E26=$S$11,F26=$U$8),A26,"")&" "&IF(AND(E27=$S$11,F27=$U$8),A27,"")&" "&IF(AND(E28=$S$11,F28=$U$8),A28,"") | M11: =+IF(AND(E9=$S$11,F9=$V$8),A9,"")&" "&IF(AND(E10=$S$11,F10=$V$8),A10,"")&" "&IF(AND(E11=$S$11,F11=$V$8),A11,"")&" "&IF(AND(E12=$S$11,F12=$V$8),A12,"")&" "&IF(AND(E13=$S$11,F13=$V$8),A13,"")&" "&IF(AND(E14=$S$11,F14=$V$8),A14,"")&" "&IF(AND(E15=$S$11,F15=$V$8),A15,"")&" "&IF(AND(E16=$S$11,F16=$V$8),A16,"")&" "&IF(AND(E17=$S$11,F17=$V$8),A17,"")&" "&IF(AND(E18=$S$11,F18=$V$8),A18,"")&" "&IF(AND(E19=$S$11,F19=$V$8),A19,"")&" "&IF(AND(E20=$S$11,F20=$V$8),A20,"")&" "&IF(AND(E21=$S$11,F21=$V$8),A21,"")&" "&IF(AND(E22=$S$11,F22=$V$8),A22,"")&" "&IF(AND(E23=$S$11,F23=$V$8),A23,"")&" "&IF(AND(E24=$S$11,F24=$V$8),A24,"")&" "&IF(AND(E25=$S$11,F25=$V$8),A25,"")&" "&IF(AND(E26=$S$11,F26=$V$8),A26,"")&" "&IF(AND(E27=$S$11,F27=$V$8),A27,"")&" "&IF(AND(E28=$S$11,F28=$V$8),A28,"") | N11: =+IF(AND(E9=$S$11,F9=$W$8),A9,"")&" "&IF(AND(E10=$S$11,F10=$W$8),A10,"")&" "&IF(AND(E11=$S$11,F11=$W$8),A11,"")&" "&IF(AND(E12=$S$11,F12=$W$8),A12,"")&" "&IF(AND(E13=$S$11,F13=$W$8),A13,"")&" "&IF(AND(E14=$S$11,F14=$W$8),A14,"")&" "&IF(AND(E15=$S$11,F15=$W$8),A15,"")&" "&IF(AND(E16=$S$11,F16=$W$8),A16,"")&" "&IF(AND(E17=$S$11,F17=$W$8),A17,"")&" "&IF(AND(E18=$S$11,F18=$W$8),A18,"")&" "&IF(AND(E19=$S$11,F19=$W$8),A19,"")&" "&IF(AND(E20=$S$11,F20=$W$8),A20,"")&" "&IF(AND(E21=$S$11,F21=$W$8),A21,"")&" "&IF(AND(E22=$S$11,F22=$W$8),A22,"")&" "&IF(AND(E23=$S$11,F23=$W$8),A23,"")&" "&IF(AND(E24=$S$11,F24=$W$8),A24,"")&" "&IF(AND(E25=$S$11,F25=$W$8),A25,"")&" "&IF(AND(E26=$S$11,F26=$W$8),A26,"")&" "&IF(AND(E27=$S$11,F27=$W$8),A27,"")&" "&IF(AND(E28=$S$11,F28=$W$8),A28,"") | O11: =+IF(AND(E9=$S$11,F9=$X$8),A9,"")&" "&IF(AND(E10=$S$11,F10=$X$8),A10,"")&" "&IF(AND(E11=$S$11,F11=$X$8),A11,"")&" "&IF(AND(E12=$S$11,F12=$X$8),A12,"")&" "&IF(AND(E13=$S$11,F13=$X$8),A13,"")&" "&IF(AND(E14=$S$11,F14=$X$8),A14,"")&" "&IF(AND(E15=$S$11,F15=$X$8),A15,"")&" "&IF(AND(E16=$S$11,F16=$X$8),A16,"")&" "&IF(AND(E17=$S$11,F17=$X$8),A17,"")&" "&IF(AND(E18=$S$11,F18=$X$8),A18,"")&" "&IF(AND(E19=$S$11,F19=$X$8),A19,"")&" "&IF(AND(E20=$S$11,F20=$X$8),A20,"")&" "&IF(AND(E21=$S$11,F21=$X$8),A21,"")&" "&IF(AND(E22=$S$11,F22=$X$8),A22,"")&" "&IF(AND(E23=$S$11,F23=$X$8),A23,"")&" "&IF(AND(E24=$S$11,F24=$X$8),A24,"")&" "&IF(AND(E25=$S$11,F25=$X$8),A25,"")&" "&IF(AND(E26=$S$11,F26=$X$8),A26,"")&" "&IF(AND(E27=$S$11,F27=$X$8),A27,"")&" "&IF(AND(E28=$S$11,F28=$X$8),A28,"") | R11: 0.6 | S11: Media | T11: Moderado | U11: Moderado | V11: Moderado | W11: Alto | X11: Extremo
A12: ='2 CONTEXTO E IDENTIFICACIÓN'!#REF! -> #REF! | B12: =+'2 CONTEXTO E IDENTIFICACIÓN'!#REF! -> #REF! | C12: =+'5 VALORACIÓN DEL CONTROL'!T32 -> 0 | D12: =+'5 VALORACIÓN DEL CONTROL'!U32 -> 0 | E12: =+IF(C12=0,"",IF(C12<=$R$13,$S$13,IF(C12<=$R$12,$S$12,IF(C12<=$R$11,$S$11,IF(C12<=$R$10,$S$10,IF(C12<=$R$9,$S$9,"")))))) | F12: =+IF(D12=0,"",IF(D12<=$T$7,$T$8,IF(D12<=$U$7,$U$8,IF(D12<=$V$7,$V$8,IF(D12<=$W$7,$W$8,IF(D12<=$X$7,$X$8,"")))))) | G12: =+IF(E12=$S$9,IF(F12=$T$8,$T$9,IF(F12=$U$8,$U$9,IF(F12=$V$8,$V$9,IF(F12=$W$8,$W$9,IF(F12=$X$8,$X$9))))),IF(E12=$S$10,IF(F12=$T$8,$T$10,IF(F12=$U$8,$U$10,IF(F12=$V$8,$V$10,IF(F12=$W$8,$W$10,IF(F12=$X$8,$X$10))))),IF(E12=$S$11,IF(F12=$T$8,$T$11,IF(F12=$U$8,$U$11,IF(F12=$V$8,$V$11,IF(F12=$W$8,$W$11,IF(F12=$X$8,$X$11))))),IF(E12=$S$12,IF(F12=$T$8,$T$12,IF(F12=$U$8,$U$12,IF(F12=$V$8,$V$12,IF(F12=$W$8,$W$12,IF(F12=$X$8,$X$12))))),IF(E12=$S$13,IF(F12=$T$8,$T$13,IF(F12=$U$8,$U$13,IF(F12=$V$8,$V$13,IF(F12=$W$8,$W$13,IF(F12=$X$8,$X$13))))),""))))) | J12: Baja | K12: =+IF(AND(E9=$S$12,F9=$T$8),A9,"")&" "&IF(AND(E10=$S$12,F10=$T$8),A10,"")&" "&IF(AND(E11=$S$12,F11=$T$8),A11,"")&" "&IF(AND(E12=$S$12,F12=$T$8),A12,"")&" "&IF(AND(E13=$S$12,F13=$T$8),A13,"")&" "&IF(AND(E14=$S$12,F14=$T$8),A14,"")&" "&IF(AND(E15=$S$12,F15=$T$8),A15,"")&" "&IF(AND(E16=$S$12,F16=$T$8),A16,"")&" "&IF(AND(E17=$S$12,F17=$T$8),A17,"")&" "&IF(AND(E18=$S$12,F18=$T$8),A18,"")&" "&IF(AND(E19=$S$12,F19=$T$8),A19,"")&" "&IF(AND(E20=$S$12,F20=$T$8),A20,"")&" "&IF(AND(E21=$S$12,F21=$T$8),A21,"")&" "&IF(AND(E22=$S$12,F22=$T$8),A22,"")&" "&IF(AND(E23=$S$12,F23=$T$8),A23,"")&" "&IF(AND(E24=$S$12,F24=$T$8),A24,"")&" "&IF(AND(E25=$S$12,F25=$T$8),A25,"")&" "&IF(AND(E26=$S$12,F26=$T$8),A26,"")&" "&IF(AND(E27=$S$12,F27=$T$8),A27,"")&" "&IF(AND(E28=$S$12,F28=$T$8),A28,"") | L12: =+IF(AND(E9=$S$12,F9=$U$8),A9,"")&" "&IF(AND(E10=$S$12,F10=$U$8),A10,"")&" "&IF(AND(E11=$S$12,F11=$U$8),A11,"")&" "&IF(AND(E12=$S$12,F12=$U$8),A12,"")&" "&IF(AND(E13=$S$12,F13=$U$8),A13,"")&" "&IF(AND(E14=$S$12,F14=$U$8),A14,"")&" "&IF(AND(E15=$S$12,F15=$U$8),A15,"")&" "&IF(AND(E16=$S$12,F16=$U$8),A16,"")&" "&IF(AND(E17=$S$12,F17=$U$8),A17,"")&" "&IF(AND(E18=$S$12,F18=$U$8),A18,"")&" "&IF(AND(E19=$S$12,F19=$U$8),A19,"")&" "&IF(AND(E20=$S$12,F20=$U$8),A20,"")&" "&IF(AND(E21=$S$12,F21=$U$8),A21,"")&" "&IF(AND(E22=$S$12,F22=$U$8),A22,"")&" "&IF(AND(E23=$S$12,F23=$U$8),A23,"")&" "&IF(AND(E24=$S$12,F24=$U$8),A24,"")&" "&IF(AND(E25=$S$12,F25=$U$8),A25,"")&" "&IF(AND(E26=$S$12,F26=$U$8),A26,"")&" "&IF(AND(E27=$S$12,F27=$U$8),A27,"")&" "&IF(AND(E28=$S$12,F28=$U$8),A28,"") | M12: =+IF(AND(E9=$S$12,F9=$V$8),A9,"")&" "&IF(AND(E10=$S$12,F10=$V$8),A10,"")&" "&IF(AND(E11=$S$12,F11=$V$8),A11,"")&" "&IF(AND(E12=$S$12,F12=$V$8),A12,"")&" "&IF(AND(E13=$S$12,F13=$V$8),A13,"")&" "&IF(AND(E14=$S$12,F14=$V$8),A14,"")&" "&IF(AND(E15=$S$12,F15=$V$8),A15,"")&" "&IF(AND(E16=$S$12,F16=$V$8),A16,"")&" "&IF(AND(E17=$S$12,F17=$V$8),A17,"")&" "&IF(AND(E18=$S$12,F18=$V$8),A18,"")&" "&IF(AND(E19=$S$12,F19=$V$8),A19,"")&" "&IF(AND(E20=$S$12,F20=$V$8),A20,"")&" "&IF(AND(E21=$S$12,F21=$V$8),A21,"")&" "&IF(AND(E22=$S$12,F22=$V$8),A22,"")&" "&IF(AND(E23=$S$12,F23=$V$8),A23,"")&" "&IF(AND(E24=$S$12,F24=$V$8),A24,"")&" "&IF(AND(E25=$S$12,F25=$V$8),A25,"")&" "&IF(AND(E26=$S$12,F26=$V$8),A26,"")&" "&IF(AND(E27=$S$12,F27=$V$8),A27,"")&" "&IF(AND(E28=$S$12,F28=$V$8),A28,"") -> PLES-1 PLES-2 PLES-4 | N12: =+IF(AND(E9=$S$12,F9=$W$8),A9,"")&" "&IF(AND(E10=$S$12,F10=$W$8),A10,"")&" "&IF(AND(E11=$S$12,F11=$W$8),A11,"")&" "&IF(AND(E12=$S$12,F12=$W$8),A12,"")&" "&IF(AND(E13=$S$12,F13=$W$8),A13,"")&" "&IF(AND(E14=$S$12,F14=$W$8),A14,"")&" "&IF(AND(E15=$S$12,F15=$W$8),A15,"")&" "&IF(AND(E16=$S$12,F16=$W$8),A16,"")&" "&IF(AND(E17=$S$12,F17=$W$8),A17,"")&" "&IF(AND(E18=$S$12,F18=$W$8),A18,"")&" "&IF(AND(E19=$S$12,F19=$W$8),A19,"")&" "&IF(AND(E20=$S$12,F20=$W$8),A20,"")&" "&IF(AND(E21=$S$12,F21=$W$8),A21,"")&" "&IF(AND(E22=$S$12,F22=$W$8),A22,"")&" "&IF(AND(E23=$S$12,F23=$W$8),A23,"")&" "&IF(AND(E24=$S$12,F24=$W$8),A24,"")&" "&IF(AND(E25=$S$12,F25=$W$8),A25,"")&" "&IF(AND(E26=$S$12,F26=$W$8),A26,"")&" "&IF(AND(E27=$S$12,F27=$W$8),A27,"")&" "&IF(AND(E28=$S$12,F28=$W$8),A28,"") | O12: =+IF(AND(E9=$S$12,F9=$X$8),A9,"")&" "&IF(AND(E10=$S$12,F10=$X$8),A10,"")&" "&IF(AND(E11=$S$12,F11=$X$8),A11,"")&" "&IF(AND(E12=$S$12,F12=$X$8),A12,"")&" "&IF(AND(E13=$S$12,F13=$X$8),A13,"")&" "&IF(AND(E14=$S$12,F14=$X$8),A14,"")&" "&IF(AND(E15=$S$12,F15=$X$8),A15,"")&" "&IF(AND(E16=$S$12,F16=$X$8),A16,"")&" "&IF(AND(E17=$S$12,F17=$X$8),A17,"")&" "&IF(AND(E18=$S$12,F18=$X$8),A18,"")&" "&IF(AND(E19=$S$12,F19=$X$8),A19,"")&" "&IF(AND(E20=$S$12,F20=$X$8),A20,"")&" "&IF(AND(E21=$S$12,F21=$X$8),A21,"")&" "&IF(AND(E22=$S$12,F22=$X$8),A22,"")&" "&IF(AND(E23=$S$12,F23=$X$8),A23,"")&" "&IF(AND(E24=$S$12,F24=$X$8),A24,"")&" "&IF(AND(E25=$S$12,F25=$X$8),A25,"")&" "&IF(AND(E26=$S$12,F26=$X$8),A26,"")&" "&IF(AND(E27=$S$12,F27=$X$8),A27,"")&" "&IF(AND(E28=$S$12,F28=$X$8),A28,"") | R12: 0.4 | S12: Baja | T12: Bajo | U12: Moderado | V12: Moderado | W12: Alto | X12: Extremo
A13: ='2 CONTEXTO E IDENTIFICACIÓN'!#REF! -> #REF! | B13: =+'2 CONTEXTO E IDENTIFICACIÓN'!#REF! -> #REF! | C13: =+'5 VALORACIÓN DEL CONTROL'!T38 -> 0 | D13: =+'5 VALORACIÓN DEL CONTROL'!U38 -> 0 | E13: =+IF(C13=0,"",IF(C13<=$R$13,$S$13,IF(C13<=$R$12,$S$12,IF(C13<=$R$11,$S$11,IF(C13<=$R$10,$S$10,IF(C13<=$R$9,$S$9,"")))))) | F13: =+IF(D13=0,"",IF(D13<=$T$7,$T$8,IF(D13<=$U$7,$U$8,IF(D13<=$V$7,$V$8,IF(D13<=$W$7,$W$8,IF(D13<=$X$7,$X$8,"")))))) | G13: =+IF(E13=$S$9,IF(F13=$T$8,$T$9,IF(F13=$U$8,$U$9,IF(F13=$V$8,$V$9,IF(F13=$W$8,$W$9,IF(F13=$X$8,$X$9))))),IF(E13=$S$10,IF(F13=$T$8,$T$10,IF(F13=$U$8,$U$10,IF(F13=$V$8,$V$10,IF(F13=$W$8,$W$10,IF(F13=$X$8,$X$10))))),IF(E13=$S$11,IF(F13=$T$8,$T$11,IF(F13=$U$8,$U$11,IF(F13=$V$8,$V$11,IF(F13=$W$8,$W$11,IF(F13=$X$8,$X$11))))),IF(E13=$S$12,IF(F13=$T$8,$T$12,IF(F13=$U$8,$U$12,IF(F13=$V$8,$V$12,IF(F13=$W$8,$W$12,IF(F13=$X$8,$X$12))))),IF(E13=$S$13,IF(F13=$T$8,$T$13,IF(F13=$U$8,$U$13,IF(F13=$V$8,$V$13,IF(F13=$W$8,$W$13,IF(F13=$X$8,$X$13))))),""))))) | J13: Muy Baja | K13: =+IF(AND(E9=$S$13,F9=$T$8),A9,"")&" "&IF(AND(E10=$S$13,F10=$T$8),A10,"")&" "&IF(AND(E11=$S$13,F11=$T$8),A11,"")&" "&IF(AND(E12=$S$13,F12=$T$8),A12,"")&" "&IF(AND(E13=$S$13,F13=$T$8),A13,"")&" "&IF(AND(E14=$S$13,F14=$T$8),A14,"")&" "&IF(AND(E15=$S$13,F15=$T$8),A15,"")&" "&IF(AND(E16=$S$13,F16=$T$8),A16,"")&" "&IF(AND(E17=$S$13,F17=$T$8),A17,"")&" "&IF(AND(E18=$S$13,F18=$T$8),A18,"")&" "&IF(AND(E19=$S$13,F19=$T$8),A19,"")&" "&IF(AND(E20=$S$13,F20=$T$8),A20,"")&" "&IF(AND(E21=$S$13,F21=$T$8),A21,"")&" "&IF(AND(E22=$S$13,F22=$T$8),A22,"")&" "&IF(AND(E23=$S$13,F23=$T$8),A23,"")&" "&IF(AND(E24=$S$13,F24=$T$8),A24,"")&" "&IF(AND(E25=$S$13,F25=$T$8),A25,"")&" "&IF(AND(E26=$S$13,F26=$T$8),A26,"")&" "&IF(AND(E27=$S$13,F27=$T$8),A27,"")&" "&IF(AND(E28=$S$13,F28=$T$8),A28,"") | L13: =+IF(AND(E9=$S$13,F9=$U$8),A9,"")&" "&IF(AND(E10=$S$13,F10=$U$8),A10,"")&" "&IF(AND(E11=$S$13,F11=$U$8),A11,"")&" "&IF(AND(E12=$S$13,F12=$U$8),A12,"")&" "&IF(AND(E13=$S$13,F13=$U$8),A13,"")&" "&IF(AND(E14=$S$13,F14=$U$8),A14,"")&" "&IF(AND(E15=$S$13,F15=$U$8),A15,"")&" "&IF(AND(E16=$S$13,F16=$U$8),A16,"")&" "&IF(AND(E17=$S$13,F17=$U$8),A17,"")&" "&IF(AND(E18=$S$13,F18=$U$8),A18,"")&" "&IF(AND(E19=$S$13,F19=$U$8),A19,"")&" "&IF(AND(E20=$S$13,F20=$U$8),A20,"")&" "&IF(AND(E21=$S$13,F21=$U$8),A21,"")&" "&IF(AND(E22=$S$13,F22=$U$8),A22,"")&" "&IF(AND(E23=$S$13,F23=$U$8),A23,"")&" "&IF(AND(E24=$S$13,F24=$U$8),A24,"")&" "&IF(AND(E25=$S$13,F25=$U$8),A25,"")&" "&IF(AND(E26=$S$13,F26=$U$8),A26,"")&" "&IF(AND(E27=$S$13,F27=$U$8),A27,"")&" "&IF(AND(E28=$S$13,F28=$U$8),A28,"") | M13: =+IF(AND(E9=$S$13,F9=$V$8),A9,"")&" "&IF(AND(E10=$S$13,F10=$V$8),A10,"")&" "&IF(AND(E11=$S$13,F11=$V$8),A11,"")&" "&IF(AND(E12=$S$13,F12=$V$8),A12,"")&" "&IF(AND(E13=$S$13,F13=$V$8),A13,"")&" "&IF(AND(E14=$S$13,F14=$V$8),A14,"")&" "&IF(AND(E15=$S$13,F15=$V$8),A15,"")&" "&IF(AND(E16=$S$13,F16=$V$8),A16,"")&" "&IF(AND(E17=$S$13,F17=$V$8),A17,"")&" "&IF(AND(E18=$S$13,F18=$V$8),A18,"")&" "&IF(AND(E19=$S$13,F19=$V$8),A19,"")&" "&IF(AND(E20=$S$13,F20=$V$8),A20,"")&" "&IF(AND(E21=$S$13,F21=$V$8),A21,"")&" "&IF(AND(E22=$S$13,F22=$V$8),A22,"")&" "&IF(AND(E23=$S$13,F23=$V$8),A23,"")&" "&IF(AND(E24=$S$13,F24=$V$8),A24,"")&" "&IF(AND(E25=$S$13,F25=$V$8),A25,"")&" "&IF(AND(E26=$S$13,F26=$V$8),A26,"")&" "&IF(AND(E27=$S$13,F27=$V$8),A27,"")&" "&IF(AND(E28=$S$13,F28=$V$8),A28,"") | N13: =+IF(AND(E9=$S$13,F9=$W$8),A9,"")&" "&IF(AND(E10=$S$13,F10=$W$8),A10,"")&" "&IF(AND(E11=$S$13,F11=$W$8),A11,"")&" "&IF(AND(E12=$S$13,F12=$W$8),A12,"")&" "&IF(AND(E13=$S$13,F13=$W$8),A13,"")&" "&IF(AND(E14=$S$13,F14=$W$8),A14,"")&" "&IF(AND(E15=$S$13,F15=$W$8),A15,"")&" "&IF(AND(E16=$S$13,F16=$W$8),A16,"")&" "&IF(AND(E17=$S$13,F17=$W$8),A17,"")&" "&IF(AND(E18=$S$13,F18=$W$8),A18,"")&" "&IF(AND(E19=$S$13,F19=$W$8),A19,"")&" "&IF(AND(E20=$S$13,F20=$W$8),A20,"")&" "&IF(AND(E21=$S$13,F21=$W$8),A21,"")&" "&IF(AND(E22=$S$13,F22=$W$8),A22,"")&" "&IF(AND(E23=$S$13,F23=$W$8),A23,"")&" "&IF(AND(E24=$S$13,F24=$W$8),A24,"")&" "&IF(AND(E25=$S$13,F25=$W$8),A25,"")&" "&IF(AND(E26=$S$13,F26=$W$8),A26,"")&" "&IF(AND(E27=$S$13,F27=$W$8),A27,"")&" "&IF(AND(E28=$S$13,F28=$W$8),A28,"") | O13: =+IF(AND(E9=$S$13,F9=$X$8),A9,"")&" "&IF(AND(E10=$S$13,F10=$X$8),A10,"")&" "&IF(AND(E11=$S$13,F11=$X$8),A11,"")&" "&IF(AND(E12=$S$13,F12=$X$8),A12,"")&" "&IF(AND(E13=$S$13,F13=$X$8),A13,"")&" "&IF(AND(E14=$S$13,F14=$X$8),A14,"")&" "&IF(AND(E15=$S$13,F15=$X$8),A15,"")&" "&IF(AND(E16=$S$13,F16=$X$8),A16,"")&" "&IF(AND(E17=$S$13,F17=$X$8),A17,"")&" "&IF(AND(E18=$S$13,F18=$X$8),A18,"")&" "&IF(AND(E19=$S$13,F19=$X$8),A19,"")&" "&IF(AND(E20=$S$13,F20=$X$8),A20,"")&" "&IF(AND(E21=$S$13,F21=$X$8),A21,"")&" "&IF(AND(E22=$S$13,F22=$X$8),A22,"")&" "&IF(AND(E23=$S$13,F23=$X$8),A23,"")&" "&IF(AND(E24=$S$13,F24=$X$8),A24,"")&" "&IF(AND(E25=$S$13,F25=$X$8),A25,"")&" "&IF(AND(E26=$S$13,F26=$X$8),A26,"")&" "&IF(AND(E27=$S$13,F27=$X$8),A27,"")&" "&IF(AND(E28=$S$13,F28=$X$8),A28,"") | R13: 0.2 | S13: Muy Baja | T13: Bajo | U13: Bajo | V13: Moderado | W13: Alto | X13: Extremo
A14: ='2 CONTEXTO E IDENTIFICACIÓN'!#REF! -> #REF! | B14: =+'2 CONTEXTO E IDENTIFICACIÓN'!#REF! -> #REF! | C14: =+'5 VALORACIÓN DEL CONTROL'!T44 -> 0.36 | D14: =+'5 VALORACIÓN DEL CONTROL'!U44 | E14: =+IF(C14=0,"",IF(C14<=$R$13,$S$13,IF(C14<=$R$12,$S$12,IF(C14<=$R$11,$S$11,IF(C14<=$R$10,$S$10,IF(C14<=$R$9,$S$9,"")))))) -> Baja | F14: =+IF(D14=0,"",IF(D14<=$T$7,$T$8,IF(D14<=$U$7,$U$8,IF(D14<=$V$7,$V$8,IF(D14<=$W$7,$W$8,IF(D14<=$X$7,$X$8,"")))))) | G14: =+IF(E14=$S$9,IF(F14=$T$8,$T$9,IF(F14=$U$8,$U$9,IF(F14=$V$8,$V$9,IF(F14=$W$8,$W$9,IF(F14=$X$8,$X$9))))),IF(E14=$S$10,IF(F14=$T$8,$T$10,IF(F14=$U$8,$U$10,IF(F14=$V$8,$V$10,IF(F14=$W$8,$W$10,IF(F14=$X$8,$X$10))))),IF(E14=$S$11,IF(F14=$T$8,$T$11,IF(F14=$U$8,$U$11,IF(F14=$V$8,$V$11,IF(F14=$W$8,$W$11,IF(F14=$X$8,$X$11))))),IF(E14=$S$12,IF(F14=$T$8,$T$12,IF(F14=$U$8,$U$12,IF(F14=$V$8,$V$12,IF(F14=$W$8,$W$12,IF(F14=$X$8,$X$12))))),IF(E14=$S$13,IF(F14=$T$8,$T$13,IF(F14=$U$8,$U$13,IF(F14=$V$8,$V$13,IF(F14=$W$8,$W$13,IF(F14=$X$8,$X$13))))),""))))) -> FALSE
A15: ='2 CONTEXTO E IDENTIFICACIÓN'!#REF! -> #REF! | B15: =+'2 CONTEXTO E IDENTIFICACIÓN'!#REF! -> #REF! | C15: =+'5 VALORACIÓN DEL CONTROL'!T50 -> 0.36 | D15: =+'5 VALORACIÓN DEL CONTROL'!U50 | E15: =+IF(C15=0,"",IF(C15<=$R$13,$S$13,IF(C15<=$R$12,$S$12,IF(C15<=$R$11,$S$11,IF(C15<=$R$10,$S$10,IF(C15<=$R$9,$S$9,"")))))) -> Baja | F15: =+IF(D15=0,"",IF(D15<=$T$7,$T$8,IF(D15<=$U$7,$U$8,IF(D15<=$V$7,$V$8,IF(D15<=$W$7,$W$8,IF(D15<=$X$7,$X$8,"")))))) | G15: =+IF(E15=$S$9,IF(F15=$T$8,$T$9,IF(F15=$U$8,$U$9,IF(F15=$V$8,$V$9,IF(F15=$W$8,$W$9,IF(F15=$X$8,$X$9))))),IF(E15=$S$10,IF(F15=$T$8,$T$10,IF(F15=$U$8,$U$10,IF(F15=$V$8,$V$10,IF(F15=$W$8,$W$10,IF(F15=$X$8,$X$10))))),IF(E15=$S$11,IF(F15=$T$8,$T$11,IF(F15=$U$8,$U$11,IF(F15=$V$8,$V$11,IF(F15=$W$8,$W$11,IF(F15=$X$8,$X$11))))),IF(E15=$S$12,IF(F15=$T$8,$T$12,IF(F15=$U$8,$U$12,IF(F15=$V$8,$V$12,IF(F15=$W$8,$W$12,IF(F15=$X$8,$X$12))))),IF(E15=$S$13,IF(F15=$T$8,$T$13,IF(F15=$U$8,$U$13,IF(F15=$V$8,$V$13,IF(F15=$W$8,$W$13,IF(F15=$X$8,$X$13))))),""))))) -> FALSE | T15: NIVELES DE RIESGO
A16: ='2 CONTEXTO E IDENTIFICACIÓN'!#REF! -> #REF! | B16: =+'2 CONTEXTO E IDENTIFICACIÓN'!#REF! -> #REF! | C16: =+'5 VALORACIÓN DEL CONTROL'!T56 -> 0.36 | D16: =+'5 VALORACIÓN DEL CONTROL'!U56 | E16: =+IF(C16=0,"",IF(C16<=$R$13,$S$13,IF(C16<=$R$12,$S$12,IF(C16<=$R$11,$S$11,IF(C16<=$R$10,$S$10,IF(C16<=$R$9,$S$9,"")))))) -> Baja | F16: =+IF(D16=0,"",IF(D16<=$T$7,$T$8,IF(D16<=$U$7,$U$8,IF(D16<=$V$7,$V$8,IF(D16<=$W$7,$W$8,IF(D16<=$X$7,$X$8,"")))))) | G16: =+IF(E16=$S$9,IF(F16=$T$8,$T$9,IF(F16=$U$8,$U$9,IF(F16=$V$8,$V$9,IF(F16=$W$8,$W$9,IF(F16=$X$8,$X$9))))),IF(E16=$S$10,IF(F16=$T$8,$T$10,IF(F16=$U$8,$U$10,IF(F16=$V$8,$V$10,IF(F16=$W$8,$W$10,IF(F16=$X$8,$X$10))))),IF(E16=$S$11,IF(F16=$T$8,$T$11,IF(F16=$U$8,$U$11,IF(F16=$V$8,$V$11,IF(F16=$W$8,$W$11,IF(F16=$X$8,$X$11))))),IF(E16=$S$12,IF(F16=$T$8,$T$12,IF(F16=$U$8,$U$12,IF(F16=$V$8,$V$12,IF(F16=$W$8,$W$12,IF(F16=$X$8,$X$12))))),IF(E16=$S$13,IF(F16=$T$8,$T$13,IF(F16=$U$8,$U$13,IF(F16=$V$8,$V$13,IF(F16=$W$8,$W$13,IF(F16=$X$8,$X$13))))),""))))) -> FALSE | T16: Extremo
A17: ='2 CONTEXTO E IDENTIFICACIÓN'!#REF! -> #REF! | B17: =+'2 CONTEXTO E IDENTIFICACIÓN'!#REF! -> #REF! | C17: =+'5 VALORACIÓN DEL CONTROL'!T62 -> 0.36 | D17: =+'5 VALORACIÓN DEL CONTROL'!U62 | E17: =+IF(C17=0,"",IF(C17<=$R$13,$S$13,IF(C17<=$R$12,$S$12,IF(C17<=$R$11,$S$11,IF(C17<=$R$10,$S$10,IF(C17<=$R$9,$S$9,"")))))) -> Baja | F17: =+IF(D17=0,"",IF(D17<=$T$7,$T$8,IF(D17<=$U$7,$U$8,IF(D17<=$V$7,$V$8,IF(D17<=$W$7,$W$8,IF(D17<=$X$7,$X$8,"")))))) | G17: =+IF(E17=$S$9,IF(F17=$T$8,$T$9,IF(F17=$U$8,$U$9,IF(F17=$V$8,$V$9,IF(F17=$W$8,$W$9,IF(F17=$X$8,$X$9))))),IF(E17=$S$10,IF(F17=$T$8,$T$10,IF(F17=$U$8,$U$10,IF(F17=$V$8,$V$10,IF(F17=$W$8,$W$10,IF(F17=$X$8,$X$10))))),IF(E17=$S$11,IF(F17=$T$8,$T$11,IF(F17=$U$8,$U$11,IF(F17=$V$8,$V$11,IF(F17=$W$8,$W$11,IF(F17=$X$8,$X$11))))),IF(E17=$S$12,IF(F17=$T$8,$T$12,IF(F17=$U$8,$U$12,IF(F17=$V$8,$V$12,IF(F17=$W$8,$W$12,IF(F17=$X$8,$X$12))))),IF(E17=$S$13,IF(F17=$T$8,$T$13,IF(F17=$U$8,$U$13,IF(F17=$V$8,$V$13,IF(F17=$W$8,$W$13,IF(F17=$X$8,$X$13))))),""))))) -> FALSE | T17: Alto
A18: ='2 CONTEXTO E IDENTIFICACIÓN'!#REF! -> #REF! | B18: =+'2 CONTEXTO E IDENTIFICACIÓN'!#REF! -> #REF! | C18: =+'5 VALORACIÓN DEL CONTROL'!T68 -> 0.36 | D18: =+'5 VALORACIÓN DEL CONTROL'!U68 | E18: =+IF(C18=0,"",IF(C18<=$R$13,$S$13,IF(C18<=$R$12,$S$12,IF(C18<=$R$11,$S$11,IF(C18<=$R$10,$S$10,IF(C18<=$R$9,$S$9,"")))))) -> Baja | F18: =+IF(D18=0,"",IF(D18<=$T$7,$T$8,IF(D18<=$U$7,$U$8,IF(D18<=$V$7,$V$8,IF(D18<=$W$7,$W$8,IF(D18<=$X$7,$X$8,"")))))) | G18: =+IF(E18=$S$9,IF(F18=$T$8,$T$9,IF(F18=$U$8,$U$9,IF(F18=$V$8,$V$9,IF(F18=$W$8,$W$9,IF(F18=$X$8,$X$9))))),IF(E18=$S$10,IF(F18=$T$8,$T$10,IF(F18=$U$8,$U$10,IF(F18=$V$8,$V$10,IF(F18=$W$8,$W$10,IF(F18=$X$8,$X$10))))),IF(E18=$S$11,IF(F18=$T$8,$T$11,IF(F18=$U$8,$U$11,IF(F18=$V$8,$V$11,IF(F18=$W$8,$W$11,IF(F18=$X$8,$X$11))))),IF(E18=$S$12,IF(F18=$T$8,$T$12,IF(F18=$U$8,$U$12,IF(F18=$V$8,$V$12,IF(F18=$W$8,$W$12,IF(F18=$X$8,$X$12))))),IF(E18=$S$13,IF(F18=$T$8,$T$13,IF(F18=$U$8,$U$13,IF(F18=$V$8,$V$13,IF(F18=$W$8,$W$13,IF(F18=$X$8,$X$13))))),""))))) -> FALSE | T18: Moderado
A19: ='2 CONTEXTO E IDENTIFICACIÓN'!#REF! -> #REF! | B19: =+'2 CONTEXTO E IDENTIFICACIÓN'!#REF! -> #REF! | C19: =+'5 VALORACIÓN DEL CONTROL'!T74 -> 0.36 | D19: =+'5 VALORACIÓN DEL CONTROL'!U74 | E19: =+IF(C19=0,"",IF(C19<=$R$13,$S$13,IF(C19<=$R$12,$S$12,IF(C19<=$R$11,$S$11,IF(C19<=$R$10,$S$10,IF(C19<=$R$9,$S$9,"")))))) -> Baja | F19: =+IF(D19=0,"",IF(D19<=$T$7,$T$8,IF(D19<=$U$7,$U$8,IF(D19<=$V$7,$V$8,IF(D19<=$W$7,$W$8,IF(D19<=$X$7,$X$8,"")))))) | G19: =+IF(E19=$S$9,IF(F19=$T$8,$T$9,IF(F19=$U$8,$U$9,IF(F19=$V$8,$V$9,IF(F19=$W$8,$W$9,IF(F19=$X$8,$X$9))))),IF(E19=$S$10,IF(F19=$T$8,$T$10,IF(F19=$U$8,$U$10,IF(F19=$V$8,$V$10,IF(F19=$W$8,$W$10,IF(F19=$X$8,$X$10))))),IF(E19=$S$11,IF(F19=$T$8,$T$11,IF(F19=$U$8,$U$11,IF(F19=$V$8,$V$11,IF(F19=$W$8,$W$11,IF(F19=$X$8,$X$11))))),IF(E19=$S$12,IF(F19=$T$8,$T$12,IF(F19=$U$8,$U$12,IF(F19=$V$8,$V$12,IF(F19=$W$8,$W$12,IF(F19=$X$8,$X$12))))),IF(E19=$S$13,IF(F19=$T$8,$T$13,IF(F19=$U$8,$U$13,IF(F19=$V$8,$V$13,IF(F19=$W$8,$W$13,IF(F19=$X$8,$X$13))))),""))))) -> FALSE | T19: Bajo
A20: ='2 CONTEXTO E IDENTIFICACIÓN'!#REF! -> #REF! | B20: =+'2 CONTEXTO E IDENTIFICACIÓN'!#REF! -> #REF! | C20: =+'5 VALORACIÓN DEL CONTROL'!T80 -> 0.36 | D20: =+'5 VALORACIÓN DEL CONTROL'!U80 | E20: =+IF(C20=0,"",IF(C20<=$R$13,$S$13,IF(C20<=$R$12,$S$12,IF(C20<=$R$11,$S$11,IF(C20<=$R$10,$S$10,IF(C20<=$R$9,$S$9,"")))))) -> Baja | F20: =+IF(D20=0,"",IF(D20<=$T$7,$T$8,IF(D20<=$U$7,$U$8,IF(D20<=$V$7,$V$8,IF(D20<=$W$7,$W$8,IF(D20<=$X$7,$X$8,"")))))) | G20: =+IF(E20=$S$9,IF(F20=$T$8,$T$9,IF(F20=$U$8,$U$9,IF(F20=$V$8,$V$9,IF(F20=$W$8,$W$9,IF(F20=$X$8,$X$9))))),IF(E20=$S$10,IF(F20=$T$8,$T$10,IF(F20=$U$8,$U$10,IF(F20=$V$8,$V$10,IF(F20=$W$8,$W$10,IF(F20=$X$8,$X$10))))),IF(E20=$S$11,IF(F20=$T$8,$T$11,IF(F20=$U$8,$U$11,IF(F20=$V$8,$V$11,IF(F20=$W$8,$W$11,IF(F20=$X$8,$X$11))))),IF(E20=$S$12,IF(F20=$T$8,$T$12,IF(F20=$U$8,$U$12,IF(F20=$V$8,$V$12,IF(F20=$W$8,$W$12,IF(F20=$X$8,$X$12))))),IF(E20=$S$13,IF(F20=$T$8,$T$13,IF(F20=$U$8,$U$13,IF(F20=$V$8,$V$13,IF(F20=$W$8,$W$13,IF(F20=$X$8,$X$13))))),""))))) -> FALSE
